Workbook

Sheet JANV.
A1: NOM / Prénom : | C1: AIELLO | F1: Secteur | M1: JANVIER | Q1: 2019
F2: IDNZZ80SGE
D5: Temps de travail | E5: 7.4 | K5: Formule de calcul | N5: minutes | O5: centièmes
K6: 15 | L6: =K6/60*100 -> 25 | N6: 15 | O6: =N6/60*100 -> 25
K7: Formule pour traduire les minutes en centièmes : (nbre de minutes / 60) * 100 | N7: 30 | O7: 50 | AR7: 5 | AS7: 7 | AT7: TOTAL
N8: 45 | O8: =N8/60*100 -> 75 | V8: Code : Faire ressortir seulement les codes utilisés dans le mois AF/PR/AC : trouver formule somme si | AR8: 2 | AS8: 3.5 | AT8: Matin
AR9: 3 | AS9: 3.5 | AT9: Après-midi
R10: report 2018 | Y10: =IF(MOD(SUM(Z13:Z49),7.4)>0,"erreur de "&MOD(SUM(Z13:Z49),7.4)&" h") -> 0 | AS10: 0
D11: Action matin | E11: Action après-midi | F11: Lieu matin | G11: Lieu après-midi | H11: Secteu matin | I11: Secteur après-midi | J11: Objet | K11: AF matin | L11: PR matin | M11: AC matin | N11: AF après-midi | O11: PR après-midi | P11: AC après-midi | Q11: Total journée | S11: RTT | T11: Congés | V11: Récapitulatif par code
V12: Code | W12: AF | X12: PR | Y12: AC | Z12: Total | AA12: Secteurs | AB12: Fin.1 | AC12: Action1 | AD12: Code 1 | AE12: Secteurs | AF12: Fin.1 | AG12: Action1 | AH12: Code 2 | AI12: AF matin | AJ12: AF après-midi | AK12: PR matin | AL12: PR après-midi | AM12: AC matin | AN12: AC après-midi | AO12: Total | AT12: CP | AU12: RTT Matin | AV12: RTT Après-midi | AW12: Total RTT | AX12: TM Matin | AY12: TM | AZ12: Total TM | BA12: Impact TM s/RTT
A13: 1 | B13: Lundi | C13: {=IF(MONTH(DATE(y,1,1))<>MONTH(DATE(y,1,1)-(WEEKDAY(DATE(y,1,1),3)-1)+{1;2;3;4;5;6;7}+{0,1,2,3,4,5}-2),"",DATE(y,1,1)-(WEEKDAY(DATE(y,1,1),3)-1)+{1;2;3;4;5;6;7}+{0,1,2,3,4,5}-2)} | S13: =IF(C13="","",IF(D13="","",AW13)) | T13: =IF(C13="","",IF(D13="","",AT13)) | V13: =IFERROR(INDIRECT("'action sal 2018'!B"&SMALL('action sal 2018'!C:C,ROW()-12),1),"") -> ARLZZ41SGE | W13: =IF($V13="","",SUM(SUMIFS(AI$13:AI$49,AD$13:AD$49,$V13),SUMIFS(AJ$13:AJ$49,AH$13:AH$49,$V13))) -> 0 | X13: =IF($V13="","",SUM(SUMIFS(AK$13:AK$49,AD$13:AD$49,$V13),SUMIFS(AL$13:AL$49,AH$13:AH$49,$V13))) -> 0 | Y13: =IF($V13="","",SUM(SUMIFS(AM$13:AM$49,AD$13:AD$49,$V13),SUMIFS(AN$13:AN$49,AH$13:AH$49,$V13))) -> 0 | Z13: =IF($V13="","",W13+X13+Y13) -> 0 | AA13: =IF(H13="",LEFT($F$2,3),H13) -> IDN | AB13: =IF(AC13="","",INDIRECT("'liste action'!C"&MATCH(AC13,'liste action'!$D:$D,0),1)) | AC13: =IF(OR(D13="JF",D13=""),"",INDIRECT("'liste action'!D"&MATCH(D13,'liste action'!$E:$E,0),1)) | AD13: =CONCATENATE(AA13,AB13,AC13) -> IDN | AE13: =IF(I13="",LEFT($F$2,3),I13) -> IDN | AF13: =IF(AG13="","",INDIRECT("'liste action'!C"&MATCH(AG13,'liste action'!$D:$D,0),1)) | AG13: =IF(OR(E13="JF",E13=""),"",INDIRECT("'liste action'!D"&MATCH(E13,'liste action'!$E:$E,0),1)) | AH13: =CONCATENATE(AE13,AF13,AG13) -> IDN | AI13: =K13 -> 0 | AJ13: =N13 -> 0 | AK13: =L13 -> 0 | AL13: =O13 -> 0 | AM13: =M13 -> 0 | AN13: =P13 -> 0 | AO13: =SUM(AI13:AN13) -> 0 | AP13: =IF(OR(D13="T",D13="TF"),2,0) -> 0 | AQ13: =IF(OR(E13="T",E13="TF"),3,0) -> 0 | AR13: =AP13+AQ13 -> 0 | AS13: =IF(AR13=5,$AS$7,IF(AR13=2,$AS$8,IF(AR13=3,$AS$9,IF(AR13=0,$AS$10)))) -> 0 | AT13: =SUM(IF(D13="CP",0.5,0),IF(E13="CP",0.5,0)) -> 0 | AU13: =IF(D13="RTT",0.5,0) -> 0 | AV13: =IF(E13="RTT",0.5,0) -> 0 | AW13: =SUM(AU13:AV13) -> 0 | AX13: =IF(D13="TM",0.5,0) -> 0 | AY13: =IF(E13="TM",0.5,0) -> 0 | AZ13: =SUM(AX13:AY13) -> 0 | BA13: =AZ13/1547*17 -> 0
B14: Mardi | C14: 43466 | D14: JF | E14: JF | S14: =IF(C14="","",IF(D14="","",AW14)) -> 0 | T14: =IF(C14="","",IF(D14="","",AT14)) -> 0 | V14: =IFERROR(INDIRECT("'action sal 2018'!B"&SMALL('action sal 2018'!C:C,ROW()-12),1),"") -> ZC4DC41EA1 | W14: =IF($V14="","",SUM(SUMIFS(AI$13:AI$49,AD$13:AD$49,$V14),SUMIFS(AJ$13:AJ$49,AH$13:AH$49,$V14))) -> 0 | X14: =IF($V14="","",SUM(SUMIFS(AK$13:AK$49,AD$13:AD$49,$V14),SUMIFS(AL$13:AL$49,AH$13:AH$49,$V14))) -> 0 | Y14: =IF($V14="","",SUM(SUMIFS(AM$13:AM$49,AD$13:AD$49,$V14),SUMIFS(AN$13:AN$49,AH$13:AH$49,$V14))) -> 0 | Z14: =IF($V14="","",W14+X14+Y14) -> 0 | AA14: =IF(H14="",LEFT($F$2,3),H14) -> IDN | AB14: =IF(AC14="","",INDIRECT("'liste action'!C"&MATCH(AC14,'liste action'!D:D,0),1)) | AC14: =IF(OR(D14="JF",D14=""),"",INDIRECT("'liste action'!D"&MATCH(D14,'liste action'!E:E,0),1)) | AD14: =CONCATENATE(AA14,AB14,AC14) -> IDN | AE14: =IF(I14="",LEFT($F$2,3),I14) -> IDN | AF14: =IF(AG14="","",INDIRECT("'liste action'!C"&MATCH(AG14,'liste action'!$D:$D,0),1)) | AG14: =IF(OR(E14="JF",E14=""),"",INDIRECT("'liste action'!D"&MATCH(E14,'liste action'!$E:$E,0),1)) | AH14: =CONCATENATE(AE14,AF14,AG14) -> IDN | AI14: =K14 -> 0 | AJ14: =N14 -> 0 | AK14: =L14 -> 0 | AL14: =O14 -> 0 | AM14: =M14 -> 0 | AN14: =P14 -> 0 | AO14: =SUM(AI14:AN14) -> 0 | AP14: =IF(OR(D14="T",D14="TF"),2,0) -> 0 | AQ14: =IF(OR(E14="T",E14="TF"),3,0) -> 0 | AR14: =AP14+AQ14 -> 0 | AS14: =IF(AR14=5,$AS$7,IF(AR14=2,$AS$8,IF(AR14=3,$AS$9,IF(AR14=0,$AS$10)))) -> 0 | AT14: =SUM(IF(D14="CP",0.5,0),IF(E14="CP",0.5,0)) -> 0 | AU14: =IF(D14="RTT",0.5,0) -> 0 | AV14: =IF(E14="RTT",0.5,0) -> 0 | AW14: =SUM(AU14:AV14) -> 0 | AX14: =IF(D14="TM",0.5,0) -> 0 | AY14: =IF(E14="TM",0.5,0) -> 0 | AZ14: =SUM(AX14:AY14) -> 0 | BA14: =AZ14/1547*17 -> 0
B15: Mercredi | C15: 43467 | D15: VAE PRE CONSEIL | E15: VEF FC DDP | K15: 3 | L15: 0.7 | M15: 0 | N15: 3 | O15: 0 | P15: 0.7 | Q15: =SUM(K15:P15) -> 7.4 | S15: =IF(C15="","",IF(D15="","",AW15)) -> 0 | T15: =IF(C15="","",IF(D15="","",AT15)) -> 0 | V15: =IFERROR(INDIRECT("'action sal 2018'!B"&SMALL('action sal 2018'!C:C,ROW()-12),1),"") | W15: =IF($V15="","",SUM(SUMIFS(AI$13:AI$49,AD$13:AD$49,$V15),SUMIFS(AJ$13:AJ$49,AH$13:AH$49,$V15))) | X15: =IF($V15="","",SUM(SUMIFS(AK$13:AK$49,AD$13:AD$49,$V15),SUMIFS(AL$13:AL$49,AH$13:AH$49,$V15))) | Y15: =IF($V15="","",SUM(SUMIFS(AM$13:AM$49,AD$13:AD$49,$V15),SUMIFS(AN$13:AN$49,AH$13:AH$49,$V15))) | Z15: =IF($V15="","",W15+X15+Y15) | AA15: =IF(H15="",LEFT($F$2,3),H15) -> IDN | AB15: =IF(AC15="","",INDIRECT("'liste action'!C"&MATCH(AC15,'liste action'!D:D,0),1)) -> CR10 | AC15: =IF(OR(D15="JF",D15=""),"",INDIRECT("'liste action'!D"&MATCH(D15,'liste action'!E:E,0),1)) -> V31 | AD15: =CONCATENATE(AA15,AB15,AC15) -> IDNCR10V31 | AE15: =IF(I15="",LEFT($F$2,3),I15) -> IDN | AF15: =IF(AG15="","",INDIRECT("'liste action'!C"&MATCH(AG15,'liste action'!$D:$D,0),1)) -> OF03 | AG15: =IF(OR(E15="JF",E15=""),"",INDIRECT("'liste action'!D"&MATCH(E15,'liste action'!$E:$E,0),1)) -> V11 | AH15: =CONCATENATE(AE15,AF15,AG15) -> IDNOF03V11 | AI15: =K15 -> 3 | AJ15: =N15 -> 3 | AK15: =L15 -> 0.7 | AL15: =O15 -> 0 | AM15: =M15 -> 0 | AN15: =P15 -> 0.7 | AO15: =SUM(AI15:AN15) -> 7.4 | AP15: =IF(OR(D15="T",D15="TF"),2,0) -> 0 | AQ15: =IF(OR(E15="T",E15="TF"),3,0) -> 0 | AR15: =AP15+AQ15 -> 0 | AS15: =IF(AR15=5,$AS$7,IF(AR15=2,$AS$8,IF(AR15=3,$AS$9,IF(AR15=0,$AS$10)))) -> 0 | AT15: =SUM(IF(D15="CP",0.5,0),IF(E15="CP",0.5,0)) -> 0 | AU15: =IF(D15="RTT",0.5,0) -> 0 | AV15: =IF(E15="RTT",0.5,0) -> 0 | AW15: =SUM(AU15:AV15) -> 0 | AX15: =IF(D15="TM",0.5,0) -> 0 | AY15: =IF(E15="TM",0.5,0) -> 0 | AZ15: =SUM(AX15:AY15) -> 0 | BA15: =AZ15/1547*17 -> 0
B16: Jeudi | C16: 43468 | D16: VEF FC DDP | E16: FLE | K16: 0 | L16: 0 | M16: 3.7 | N16: 0 | O16: 0 | P16: 3.7 | Q16: =SUM(K16:P16) -> 7.4 | S16: =IF(C16="","",IF(D16="","",AW16)) -> 0 | T16: =IF(C16="","",IF(D16="","",AT16)) -> 0 | V16: =IFERROR(INDIRECT("'action sal 2018'!B"&SMALL('action sal 2018'!C:C,ROW()-12),1),"") | W16: =IF($V16="","",SUM(SUMIFS(AI$13:AI$49,AD$13:AD$49,$V16),SUMIFS(AJ$13:AJ$49,AH$13:AH$49,$V16))) | X16: =IF($V16="","",SUM(SUMIFS(AK$13:AK$49,AD$13:AD$49,$V16),SUMIFS(AL$13:AL$49,AH$13:AH$49,$V16))) | Y16: =IF($V16="","",SUM(SUMIFS(AM$13:AM$49,AD$13:AD$49,$V16),SUMIFS(AN$13:AN$49,AH$13:AH$49,$V16))) | Z16: =IF($V16="","",W16+X16+Y16) | AA16: =IF(H16="",LEFT($F$2,3),H16) -> IDN | AB16: =IF(AC16="","",INDIRECT("'liste action'!C"&MATCH(AC16,'liste action'!D:D,0),1)) -> OF03 | AC16: =IF(OR(D16="JF",D16=""),"",INDIRECT("'liste action'!D"&MATCH(D16,'liste action'!E:E,0),1)) -> V11 | AD16: =CONCATENATE(AA16,AB16,AC16) -> IDNOF03V11 | AE16: =IF(I16="",LEFT($F$2,3),I16) -> IDN | AF16: =IF(AG16="","",INDIRECT("'liste action'!C"&MATCH(AG16,'liste action'!$D:$D,0),1)) -> OF04 | AG16: =IF(OR(E16="JF",E16=""),"",INDIRECT("'liste action'!D"&MATCH(E16,'liste action'!$E:$E,0),1)) -> F11 | AH16: =CONCATENATE(AE16,AF16,AG16) -> IDNOF04F11 | AI16: =K16 -> 0 | AJ16: =N16 -> 0 | AK16: =L16 -> 0 | AL16: =O16 -> 0 | AM16: =M16 -> 3.7 | AN16: =P16 -> 3.7 | AO16: =SUM(AI16:AN16) -> 7.4 | AP16: =IF(OR(D16="T",D16="TF"),2,0) -> 0 | AQ16: =IF(OR(E16="T",E16="TF"),3,0) -> 0 | AR16: =AP16+AQ16 -> 0 | AS16: =IF(AR16=5,$AS$7,IF(AR16=2,$AS$8,IF(AR16=3,$AS$9,IF(AR16=0,$AS$10)))) -> 0 | AT16: =SUM(IF(D16="CP",0.5,0),IF(E16="CP",0.5,0)) -> 0 | AU16: =IF(D16="RTT",0.5,0) -> 0 | AV16: =IF(E16="RTT",0.5,0) -> 0 | AW16: =SUM(AU16:AV16) -> 0 | AX16: =IF(D16="TM",0.5,0) -> 0 | AY16: =IF(E16="TM",0.5,0) -> 0 | AZ16: =SUM(AX16:AY16) -> 0 | BA16: =AZ16/1547*17 -> 0
B17: Vendredi | C17: 43469 | D17: CP | E17: CP | K17: 0 | L17: 0 | M17: 3.7 | N17: 0 | O17: 0 | P17: 3.7 | Q17: =SUM(K17:P17) -> 7.4 | S17: =IF(C17="","",IF(D17="","",AW17)) -> 0 | T17: =IF(C17="","",IF(D17="","",AT17)) -> 1 | V17: =IFERROR(INDIRECT("'action sal 2018'!B"&SMALL('action sal 2018'!C:C,ROW()-12),1),"") | W17: =IF($V17="","",SUM(SUMIFS(AI$13:AI$49,AD$13:AD$49,$V17),SUMIFS(AJ$13:AJ$49,AH$13:AH$49,$V17))) | X17: =IF($V17="","",SUM(SUMIFS(AK$13:AK$49,AD$13:AD$49,$V17),SUMIFS(AL$13:AL$49,AH$13:AH$49,$V17))) | Y17: =IF($V17="","",SUM(SUMIFS(AM$13:AM$49,AD$13:AD$49,$V17),SUMIFS(AN$13:AN$49,AH$13:AH$49,$V17))) | Z17: =IF($V17="","",W17+X17+Y17) | AA17: =IF(H17="",LEFT($F$2,3),H17) -> IDN | AB17: =IF(AC17="","",INDIRECT("'liste action'!C"&MATCH(AC17,'liste action'!D:D,0),1)) -> ZZ80 | AC17: =IF(OR(D17="JF",D17=""),"",INDIRECT("'liste action'!D"&MATCH(D17,'liste action'!E:E,0),1)) -> SGE | AD17: =CONCATENATE(AA17,AB17,AC17) -> IDNZZ80SGE | AE17: =IF(I17="",LEFT($F$2,3),I17) -> IDN | AF17: =IF(AG17="","",INDIRECT("'liste action'!C"&MATCH(AG17,'liste action'!$D:$D,0),1)) -> ZZ80 | AG17: =IF(OR(E17="JF",E17=""),"",INDIRECT("'liste action'!D"&MATCH(E17,'liste action'!$E:$E,0),1)) -> SGE | AH17: =CONCATENATE(AE17,AF17,AG17) -> IDNZZ80SGE | AI17: =K17 -> 0 | AJ17: =N17 -> 0 | AK17: =L17 -> 0 | AL17: =O17 -> 0 | AM17: =M17 -> 3.7 | AN17: =P17 -> 3.7 | AO17: =SUM(AI17:AN17) -> 7.4 | AP17: =IF(OR(D17="T",D17="TF"),2,0) -> 0 | AQ17: =IF(OR(E17="T",E17="TF"),3,0) -> 0 | AR17: =AP17+AQ17 -> 0 | AS17: =IF(AR17=5,$AS$7,IF(AR17=2,$AS$8,IF(AR17=3,$AS$9,IF(AR17=0,$AS$10)))) -> 0 | AT17: =SUM(IF(D17="CP",0.5,0),IF(E17="CP",0.5,0)) -> 1 | AU17: =IF(D17="RTT",0.5,0) -> 0 | AV17: =IF(E17="RTT",0.5,0) -> 0 | AW17: =SUM(AU17:AV17) -> 0 | AX17: =IF(D17="TM",0.5,0) -> 0 | AY17: =IF(E17="TM",0.5,0) -> 0 | AZ17: =SUM(AX17:AY17) -> 0 | BA17: =AZ17/1547*17 -> 0
B18: Samedi | C18: 43470 | S18: =IF(C18="","",IF(D18="","",AW18)) | T18: =IF(C18="","",IF(D18="","",AT18)) | V18: =IFERROR(INDIRECT("'action sal 2018'!B"&SMALL('action sal 2018'!C:C,ROW()-12),1),"") | W18: =IF($V18="","",SUM(SUMIFS(AI$13:AI$49,AD$13:AD$49,$V18),SUMIFS(AJ$13:AJ$49,AH$13:AH$49,$V18))) | X18: =IF($V18="","",SUM(SUMIFS(AK$13:AK$49,AD$13:AD$49,$V18),SUMIFS(AL$13:AL$49,AH$13:AH$49,$V18))) | Y18: =IF($V18="","",SUM(SUMIFS(AM$13:AM$49,AD$13:AD$49,$V18),SUMIFS(AN$13:AN$49,AH$13:AH$49,$V18))) | Z18: =IF($V18="","",W18+X18+Y18) | AA18: =IF(H18="",LEFT($F$2,3),H18) -> IDN | AB18: =IF(AC18="","",INDIRECT("'liste action'!C"&MATCH(AC18,'liste action'!D:D,0),1)) | AC18: =IF(OR(D18="JF",D18=""),"",INDIRECT("'liste action'!D"&MATCH(D18,'liste action'!E:E,0),1)) | AD18: =CONCATENATE(AA18,AB18,AC18) -> IDN | AE18: =IF(I18="",LEFT($F$2,3),I18) -> IDN | AF18: =IF(AG18="","",INDIRECT("'liste action'!C"&MATCH(AG18,'liste action'!$D:$D,0),1)) | AG18: =IF(OR(E18="JF",E18=""),"",INDIRECT("'liste action'!D"&MATCH(E18,'liste action'!$E:$E,0),1)) | AH18: =CONCATENATE(AE18,AF18,AG18) -> IDN | AI18: =K18 -> 0 | AJ18: =N18 -> 0 | AK18: =L18 -> 0 | AL18: =O18 -> 0 | AM18: =M18 -> 0 | AN18: =P18 -> 0 | AO18: =SUM(AI18:AN18) -> 0 | AP18: =IF(OR(D18="T",D18="TF"),2,0) -> 0 | AQ18: =IF(OR(E18="T",E18="TF"),3,0) -> 0 | AR18: =AP18+AQ18 -> 0 | AS18: =IF(AR18=5,$AS$7,IF(AR18=2,$AS$8,IF(AR18=3,$AS$9,IF(AR18=0,$AS$10)))) -> 0 | AT18: =SUM(IF(D18="CP",0.5,0),IF(E18="CP",0.5,0)) -> 0 | AU18: =IF(D18="RTT",0.5,0) -> 0 | AV18: =IF(E18="RTT",0.5,0) -> 0 | AW18: =SUM(AU18:AV18) -> 0 | AX18: =IF(D18="TM",0.5,0) -> 0 | AY18: =IF(E18="TM",0.5,0) -> 0 | AZ18: =SUM(AX18:AY18) -> 0 | BA18: =AZ18/1547*17 -> 0
B19: Dimanche | C19: 43471 | S19: =IF(C19="","",IF(D19="","",AW19)) | T19: =IF(C19="","",IF(D19="","",AT19)) | V19: =IFERROR(INDIRECT("'action sal 2018'!B"&SMALL('action sal 2018'!C:C,ROW()-12),1),"") | W19: =IF($V19="","",SUM(SUMIFS(AI$13:AI$49,AD$13:AD$49,$V19),SUMIFS(AJ$13:AJ$49,AH$13:AH$49,$V19))) | X19: =IF($V19="","",SUM(SUMIFS(AK$13:AK$49,AD$13:AD$49,$V19),SUMIFS(AL$13:AL$49,AH$13:AH$49,$V19))) | Y19: =IF($V19="","",SUM(SUMIFS(AM$13:AM$49,AD$13:AD$49,$V19),SUMIFS(AN$13:AN$49,AH$13:AH$49,$V19))) | Z19: =IF($V19="","",W19+X19+Y19) | AA19: =IF(H19="",LEFT($F$2,3),H19) -> IDN | AB19: =IF(AC19="","",INDIRECT("'liste action'!C"&MATCH(AC19,'liste action'!D:D,0),1)) | AC19: =IF(OR(D19="JF",D19=""),"",INDIRECT("'liste action'!D"&MATCH(D19,'liste action'!E:E,0),1)) | AD19: =CONCATENATE(AA19,AB19,AC19) -> IDN | AE19: =IF(I19="",LEFT($F$2,3),I19) -> IDN | AF19: =IF(AG19="","",INDIRECT("'liste action'!C"&MATCH(AG19,'liste action'!$D:$D,0),1)) | AG19: =IF(OR(E19="JF",E19=""),"",INDIRECT("'liste action'!D"&MATCH(E19,'liste action'!$E:$E,0),1)) | AH19: =CONCATENATE(AE19,AF19,AG19) -> IDN | AI19: =K19 -> 0 | AJ19: =N19 -> 0 | AK19: =L19 -> 0 | AL19: =O19 -> 0 | AM19: =M19 -> 0 | AN19: =P19 -> 0 | AO19: =SUM(AI19:AN19) -> 0 | AP19: =IF(OR(D19="T",D19="TF"),2,0) -> 0 | AQ19: =IF(OR(E19="T",E19="TF"),3,0) -> 0 | AR19: =AP19+AQ19 -> 0 | AS19: =IF(AR19=5,$AS$7,IF(AR19=2,$AS$8,IF(AR19=3,$AS$9,IF(AR19=0,$AS$10)))) -> 0 | AT19: =SUM(IF(D19="CP",0.5,0),IF(E19="CP",0.5,0)) -> 0 | AU19: =IF(D19="RTT",0.5,0) -> 0 | AV19: =IF(E19="RTT",0.5,0) -> 0 | AW19: =SUM(AU19:AV19) -> 0 | AX19: =IF(D19="TM",0.5,0) -> 0 | AY19: =IF(E19="TM",0.5,0) -> 0 | AZ19: =SUM(AX19:AY19) -> 0 | BA19: =AZ19/1547*17 -> 0
A20: 2 | B20: Lundi | C20: =IF(OR(C19="",C19=DATE(y,1,31)),"",C19+1) -> 43472 | D20: ASI | E20: ASI | L20: 0.4 | N20: 2 | O20: 4 | P20: 1 | Q20: =SUM(K20:P20) -> 7.4 | S20: =IF(C20="","",IF(D20="","",AW20)) -> 0 | T20: =IF(C20="","",IF(D20="","",AT20)) -> 0 | V20: =IFERROR(INDIRECT("'action sal 2018'!B"&SMALL('action sal 2018'!C:C,ROW()-12),1),"") | W20: =IF($V20="","",SUM(SUMIFS(AI$13:AI$49,AD$13:AD$49,$V20),SUMIFS(AJ$13:AJ$49,AH$13:AH$49,$V20))) | X20: =IF($V20="","",SUM(SUMIFS(AK$13:AK$49,AD$13:AD$49,$V20),SUMIFS(AL$13:AL$49,AH$13:AH$49,$V20))) | Y20: =IF($V20="","",SUM(SUMIFS(AM$13:AM$49,AD$13:AD$49,$V20),SUMIFS(AN$13:AN$49,AH$13:AH$49,$V20))) | Z20: =IF($V20="","",W20+X20+Y20) | AA20: =IF(H20="",LEFT($F$2,3),H20) -> IDN | AB20: =IF(AC20="","",INDIRECT("'liste action'!C"&MATCH(AC20,'liste action'!D:D,0),1)) -> CG14 | AC20: =IF(OR(D20="JF",D20=""),"",INDIRECT("'liste action'!D"&MATCH(D20,'liste action'!E:E,0),1)) -> A61 | AD20: =CONCATENATE(AA20,AB20,AC20) -> IDNCG14A61 | AE20: =IF(I20="",LEFT($F$2,3),I20) -> IDN | AF20: =IF(AG20="","",INDIRECT("'liste action'!C"&MATCH(AG20,'liste action'!$D:$D,0),1)) -> CG14 | AG20: =IF(OR(E20="JF",E20=""),"",INDIRECT("'liste action'!D"&MATCH(E20,'liste action'!$E:$E,0),1)) -> A61 | AH20: =CONCATENATE(AE20,AF20,AG20) -> IDNCG14A61 | AI20: =K20 -> 0 | AJ20: =N20 -> 2 | AK20: =L20 -> 0.4 | AL20: =O20 -> 4 | AM20: =M20 -> 0 | AN20: =P20 -> 1 | AO20: =SUM(AI20:AN20) -> 7.4 | AP20: =IF(OR(D20="T",D20="TF"),2,0) -> 0 | AQ20: =IF(OR(E20="T",E20="TF"),3,0) -> 0 | AR20: =AP20+AQ20 -> 0 | AS20: =IF(AR20=5,$AS$7,IF(AR20=2,$AS$8,IF(AR20=3,$AS$9,IF(AR20=0,$AS$10)))) -> 0 | AT20: =SUM(IF(D20="CP",0.5,0),IF(E20="CP",0.5,0)) -> 0 | AU20: =IF(D20="RTT",0.5,0) -> 0 | AV20: =IF(E20="RTT",0.5,0) -> 0 | AW20: =SUM(AU20:AV20) -> 0 | AX20: =IF(D20="TM",0.5,0) -> 0 | AY20: =IF(E20="TM",0.5,0) -> 0 | AZ20: =SUM(AX20:AY20) -> 0 | BA20: =AZ20/1547*17 -> 0
B21: Mardi | C21: =IF(OR(C20="",C20=DATE(y,1,31)),"",C20+1) -> 43473 | D21: ENGAGEMENT 1ERE CHANCE | E21: EDUCATION A L'ENVIRONNEMENT | K21: 3 | M21: 1 | N21: 2 | O21: 0.4 | P21: 1 | Q21: =SUM(K21:P21) -> 7.4 | S21: =IF(C21="","",IF(D21="","",AW21)) -> 0 | T21: =IF(C21="","",IF(D21="","",AT21)) -> 0 | V21: =IFERROR(INDIRECT("'action sal 2018'!B"&SMALL('action sal 2018'!C:C,ROW()-12),1),"") | W21: =IF($V21="","",SUM(SUMIFS(AI$13:AI$49,AD$13:AD$49,$V21),SUMIFS(AJ$13:AJ$49,AH$13:AH$49,$V21))) | X21: =IF($V21="","",SUM(SUMIFS(AK$13:AK$49,AD$13:AD$49,$V21),SUMIFS(AL$13:AL$49,AH$13:AH$49,$V21))) | Y21: =IF($V21="","",SUM(SUMIFS(AM$13:AM$49,AD$13:AD$49,$V21),SUMIFS(AN$13:AN$49,AH$13:AH$49,$V21))) | Z21: =IF($V21="","",W21+X21+Y21) | AA21: =IF(H21="",LEFT($F$2,3),H21) -> IDN | AB21: =IF(AC21="","",INDIRECT("'liste action'!C"&MATCH(AC21,'liste action'!D:D,0),1)) -> CR01 | AC21: =IF(OR(D21="JF",D21=""),"",INDIRECT("'liste action'!D"&MATCH(D21,'liste action'!E:E,0),1)) -> E41 | AD21: =CONCATENATE(AA21,AB21,AC21) -> IDNCR01E41 | AE21: =IF(I21="",LEFT($F$2,3),I21) -> IDN | AF21: =IF(AG21="","",INDIRECT("'liste action'!C"&MATCH(AG21,'liste action'!$D:$D,0),1)) -> FM91 | AG21: =IF(OR(E21="JF",E21=""),"",INDIRECT("'liste action'!D"&MATCH(E21,'liste action'!$E:$E,0),1)) -> EDE | AH21: =CONCATENATE(AE21,AF21,AG21) -> IDNFM91EDE | AI21: =K21 -> 3 | AJ21: =N21 -> 2 | AK21: =L21 -> 0 | AL21: =O21 -> 0.4 | AM21: =M21 -> 1 | AN21: =P21 -> 1 | AO21: =SUM(AI21:AN21) -> 7.4 | AP21: =IF(OR(D21="T",D21="TF"),2,0) -> 0 | AQ21: =IF(OR(E21="T",E21="TF"),3,0) -> 0 | AR21: =AP21+AQ21 -> 0 | AS21: =IF(AR21=5,$AS$7,IF(AR21=2,$AS$8,IF(AR21=3,$AS$9,IF(AR21=0,$AS$10)))) -> 0 | AT21: =SUM(IF(D21="CP",0.5,0),IF(E21="CP",0.5,0)) -> 0 | AU21: =IF(D21="RTT",0.5,0) -> 0 | AV21: =IF(E21="RTT",0.5,0) -> 0 | AW21: =SUM(AU21:AV21) -> 0 | AX21: =IF(D21="TM",0.5,0) -> 0 | AY21: =IF(E21="TM",0.5,0) -> 0 | AZ21: =SUM(AX21:AY21) -> 0 | BA21: =AZ21/1547*17 -> 0
B22: Mercredi | C22: =IF(OR(C21="",C21=DATE(y,1,31)),"",C21+1) -> 43474 | D22: AREDE ADPP | E22: AREDE ADPP | F22: Châtellerault | G22: Poitiers | H22: IVC | K22: 3 | M22: 0.4 | N22: 3 | O22: 1 | Q22: =SUM(K22:P22) -> 7.4 | S22: =IF(C22="","",IF(D22="","",AW22)) -> 0 | T22: =IF(C22="","",IF(D22="","",AT22)) -> 0 | V22: =IFERROR(INDIRECT("'action sal 2018'!B"&SMALL('action sal 2018'!C:C,ROW()-12),1),"") | W22: =IF($V22="","",SUM(SUMIFS(AI$13:AI$49,AD$13:AD$49,$V22),SUMIFS(AJ$13:AJ$49,AH$13:AH$49,$V22))) | X22: =IF($V22="","",SUM(SUMIFS(AK$13:AK$49,AD$13:AD$49,$V22),SUMIFS(AL$13:AL$49,AH$13:AH$49,$V22))) | Y22: =IF($V22="","",SUM(SUMIFS(AM$13:AM$49,AD$13:AD$49,$V22),SUMIFS(AN$13:AN$49,AH$13:AH$49,$V22))) | Z22: =IF($V22="","",W22+X22+Y22) | AA22: =IF(H22="",LEFT($F$2,3),H22) -> IVC | AB22: =IF(AC22="","",INDIRECT("'liste action'!C"&MATCH(AC22,'liste action'!D:D,0),1)) -> CG14 | AC22: =IF(OR(D22="JF",D22=""),"",INDIRECT("'liste action'!D"&MATCH(D22,'liste action'!E:E,0),1)) -> A42 | AD22: =CONCATENATE(AA22,AB22,AC22) -> IVCCG14A42 | AE22: =IF(I22="",LEFT($F$2,3),I22) -> IDN | AF22: =IF(AG22="","",INDIRECT("'liste action'!C"&MATCH(AG22,'liste action'!$D:$D,0),1)) -> CG14 | AG22: =IF(OR(E22="JF",E22=""),"",INDIRECT("'liste action'!D"&MATCH(E22,'liste action'!$E:$E,0),1)) -> A42 | AH22: =CONCATENATE(AE22,AF22,AG22) -> IDNCG14A42 | AI22: =K22 -> 3 | AJ22: =N22 -> 3 | AK22: =L22 -> 0 | AL22: =O22 -> 1 | AM22: =M22 -> 0.4 | AN22: =P22 -> 0 | AO22: =SUM(AI22:AN22) -> 7.4 | AP22: =IF(OR(D22="T",D22="TF"),2,0) -> 0 | AQ22: =IF(OR(E22="T",E22="TF"),3,0) -> 0 | AR22: =AP22+AQ22 -> 0 | AS22: =IF(AR22=5,$AS$7,IF(AR22=2,$AS$8,IF(AR22=3,$AS$9,IF(AR22=0,$AS$10)))) -> 0 | AT22: =SUM(IF(D22="CP",0.5,0),IF(E22="CP",0.5,0)) -> 0 | AU22: =IF(D22="RTT",0.5,0) -> 0 | AV22: =IF(E22="RTT",0.5,0) -> 0 | AW22: =SUM(AU22:AV22) -> 0 | AX22: =IF(D22="TM",0.5,0) -> 0 | AY22: =IF(E22="TM",0.5,0) -> 0 | AZ22: =SUM(AX22:AY22) -> 0 | BA22: =AZ22/1547*17 -> 0
B23: Jeudi | C23: =IF(OR(C22="",C22=DATE(y,1,31)),"",C22+1) -> 43475 | D23: CP | E23: RTT | Q23: =SUM(K23:P23) -> 0 | S23: =IF(C23="","",IF(D23="","",AW23)) -> 0.5 | T23: =IF(C23="","",IF(D23="","",AT23)) -> 0.5 | V23: =IFERROR(INDIRECT("'action sal 2018'!B"&SMALL('action sal 2018'!C:C,ROW()-12),1),"") | W23: =IF($V23="","",SUM(SUMIFS(AI$13:AI$49,AD$13:AD$49,$V23),SUMIFS(AJ$13:AJ$49,AH$13:AH$49,$V23))) | X23: =IF($V23="","",SUM(SUMIFS(AK$13:AK$49,AD$13:AD$49,$V23),SUMIFS(AL$13:AL$49,AH$13:AH$49,$V23))) | Y23: =IF($V23="","",SUM(SUMIFS(AM$13:AM$49,AD$13:AD$49,$V23),SUMIFS(AN$13:AN$49,AH$13:AH$49,$V23))) | Z23: =IF($V23="","",W23+X23+Y23) | AA23: =IF(H23="",LEFT($F$2,3),H23) -> IDN | AB23: =IF(AC23="","",INDIRECT("'liste action'!C"&MATCH(AC23,'liste action'!D:D,0),1)) -> ZZ80 | AC23: =IF(OR(D23="JF",D23=""),"",INDIRECT("'liste action'!D"&MATCH(D23,'liste action'!E:E,0),1)) -> SGE | AD23: =CONCATENATE(AA23,AB23,AC23) -> IDNZZ80SGE | AE23: =IF(I23="",LEFT($F$2,3),I23) -> IDN | AF23: =IF(AG23="","",INDIRECT("'liste action'!C"&MATCH(AG23,'liste action'!$D:$D,0),1)) -> ZZ80 | AG23: =IF(OR(E23="JF",E23=""),"",INDIRECT("'liste action'!D"&MATCH(E23,'liste action'!$E:$E,0),1)) -> SGE | AH23: =CONCATENATE(AE23,AF23,AG23) -> IDNZZ80SGE | AI23: =K23 -> 0 | AJ23: =N23 -> 0 | AK23: =L23 -> 0 | AL23: =O23 -> 0 | AM23: =M23 -> 0 | AN23: =P23 -> 0 | AO23: =SUM(AI23:AN23) -> 0 | AP23: =IF(OR(D23="T",D23="TF"),2,0) -> 0 | AQ23: =IF(OR(E23="T",E23="TF"),3,0) -> 0 | AR23: =AP23+AQ23 -> 0 | AS23: =IF(AR23=5,$AS$7,IF(AR23=2,$AS$8,IF(AR23=3,$AS$9,IF(AR23=0,$AS$10)))) -> 0 | AT23: =SUM(IF(D23="CP",0.5,0),IF(E23="CP",0.5,0)) -> 0.5 | AU23: =IF(D23="RTT",0.5,0) -> 0 | AV23: =IF(E23="RTT",0.5,0) -> 0.5 | AW23: =SUM(AU23:AV23) -> 0.5 | AX23: =IF(D23="TM",0.5,0) -> 0 | AY23: =IF(E23="TM",0.5,0) -> 0 | AZ23: =SUM(AX23:AY23) -> 0 | BA23: =AZ23/1547*17 -> 0
B24: Vendredi | C24: =IF(OR(C23="",C23=DATE(y,1,31)),"",C23+1) -> 43476 | D24: ENFANT MALADE | E24: ENFANT MALADE | Q24: =SUM(K24:P24) -> 0 | S24: =IF(C24="","",IF(D24="","",AW24)) -> 0 | T24: =IF(C24="","",IF(D24="","",AT24)) -> 0 | V24: =IFERROR(INDIRECT("'action sal 2018'!B"&SMALL('action sal 2018'!C:C,ROW()-12),1),"") | W24: =IF($V24="","",SUM(SUMIFS(AI$13:AI$49,AD$13:AD$49,$V24),SUMIFS(AJ$13:AJ$49,AH$13:AH$49,$V24))) | X24: =IF($V24="","",SUM(SUMIFS(AK$13:AK$49,AD$13:AD$49,$V24),SUMIFS(AL$13:AL$49,AH$13:AH$49,$V24))) | Y24: =IF($V24="","",SUM(SUMIFS(AM$13:AM$49,AD$13:AD$49,$V24),SUMIFS(AN$13:AN$49,AH$13:AH$49,$V24))) | Z24: =IF($V24="","",W24+X24+Y24) | AA24: =IF(H24="",LEFT($F$2,3),H24) -> IDN | AB24: =IF(AC24="","",INDIRECT("'liste action'!C"&MATCH(AC24,'liste action'!D:D,0),1)) -> ZZ80 | AC24: =IF(OR(D24="JF",D24=""),"",INDIRECT("'liste action'!D"&MATCH(D24,'liste action'!E:E,0),1)) -> SGE | AD24: =CONCATENATE(AA24,AB24,AC24) -> IDNZZ80SGE | AE24: =IF(I24="",LEFT($F$2,3),I24) -> IDN | AF24: =IF(AG24="","",INDIRECT("'liste action'!C"&MATCH(AG24,'liste action'!$D:$D,0),1)) -> ZZ80 | AG24: =IF(OR(E24="JF",E24=""),"",INDIRECT("'liste action'!D"&MATCH(E24,'liste action'!$E:$E,0),1)) -> SGE | AH24: =CONCATENATE(AE24,AF24,AG24) -> IDNZZ80SGE | AI24: =K24 -> 0 | AJ24: =N24 -> 0 | AK24: =L24 -> 0 | AL24: =O24 -> 0 | AM24: =M24 -> 0 | AN24: =P24 -> 0 | AO24: =SUM(AI24:AN24) -> 0 | AP24: =IF(OR(D24="T",D24="TF"),2,0) -> 0 | AQ24: =IF(OR(E24="T",E24="TF"),3,0) -> 0 | AR24: =AP24+AQ24 -> 0 | AS24: =IF(AR24=5,$AS$7,IF(AR24=2,$AS$8,IF(AR24=3,$AS$9,IF(AR24=0,$AS$10)))) -> 0 | AT24: =SUM(IF(D24="CP",0.5,0),IF(E24="CP",0.5,0)) -> 0 | AU24: =IF(D24="RTT",0.5,0) -> 0 | AV24: =IF(E24="RTT",0.5,0) -> 0 | AW24: =SUM(AU24:AV24) -> 0 | AX24: =IF(D24="TM",0.5,0) -> 0 | AY24: =IF(E24="TM",0.5,0) -> 0 | AZ24: =SUM(AX24:AY24) -> 0 | BA24: =AZ24/1547*17 -> 0
B25: Samedi | C25: =IF(OR(C24="",C24=DATE(y,1,31)),"",C24+1) -> 43477 | S25: =IF(C25="","",IF(D25="","",AW25)) | T25: =IF(C25="","",IF(D25="","",AT25)) | V25: =IFERROR(INDIRECT("'action sal 2018'!B"&SMALL('action sal 2018'!C:C,ROW()-12),1),"") | W25: =IF($V25="","",SUM(SUMIFS(AI$13:AI$49,AD$13:AD$49,$V25),SUMIFS(AJ$13:AJ$49,AH$13:AH$49,$V25))) | X25: =IF($V25="","",SUM(SUMIFS(AK$13:AK$49,AD$13:AD$49,$V25),SUMIFS(AL$13:AL$49,AH$13:AH$49,$V25))) | Y25: =IF($V25="","",SUM(SUMIFS(AM$13:AM$49,AD$13:AD$49,$V25),SUMIFS(AN$13:AN$49,AH$13:AH$49,$V25))) | Z25: =IF($V25="","",W25+X25+Y25) | AA25: =IF(H25="",LEFT($F$2,3),H25) -> IDN | AB25: =IF(AC25="","",INDIRECT("'liste action'!C"&MATCH(AC25,'liste action'!D:D,0),1)) | AC25: =IF(OR(D25="JF",D25=""),"",INDIRECT("'liste action'!D"&MATCH(D25,'liste action'!E:E,0),1)) | AD25: =CONCATENATE(AA25,AB25,AC25) -> IDN | AE25: =IF(I25="",LEFT($F$2,3),I25) -> IDN | AF25: =IF(AG25="","",INDIRECT("'liste action'!C"&MATCH(AG25,'liste action'!$D:$D,0),1)) | AG25: =IF(OR(E25="JF",E25=""),"",INDIRECT("'liste action'!D"&MATCH(E25,'liste action'!$E:$E,0),1)) | AH25: =CONCATENATE(AE25,AF25,AG25) -> IDN | AI25: =K25 -> 0 | AJ25: =N25 -> 0 | AK25: =L25 -> 0 | AL25: =O25 -> 0 | AM25: =M25 -> 0 | AN25: =P25 -> 0 | AO25: =SUM(AI25:AN25) -> 0 | AP25: =IF(OR(D25="T",D25="TF"),2,0) -> 0 | AQ25: =IF(OR(E25="T",E25="TF"),3,0) -> 0 | AR25: =AP25+AQ25 -> 0 | AS25: =IF(AR25=5,$AS$7,IF(AR25=2,$AS$8,IF(AR25=3,$AS$9,IF(AR25=0,$AS$10)))) -> 0 | AT25: =SUM(IF(D25="CP",0.5,0),IF(E25="CP",0.5,0)) -> 0 | AU25: =IF(D25="RTT",0.5,0) -> 0 | AV25: =IF(E25="RTT",0.5,0) -> 0 | AW25: =SUM(AU25:AV25) -> 0 | AX25: =IF(D25="TM",0.5,0) -> 0 | AY25: =IF(E25="TM",0.5,0) -> 0 | AZ25: =SUM(AX25:AY25) -> 0 | BA25: =AZ25/1547*17 -> 0
B26: Dimanche | C26: =IF(OR(C25="",C25=DATE(y,1,31)),"",C25+1) -> 43478 | S26: =IF(C26="","",IF(D26="","",AW26)) | T26: =IF(C26="","",IF(D26="","",AT26)) | V26: =IFERROR(INDIRECT("'action sal 2018'!B"&SMALL('action sal 2018'!C:C,ROW()-12),1),"") | W26: =IF($V26="","",SUM(SUMIFS(AI$13:AI$49,AD$13:AD$49,$V26),SUMIFS(AJ$13:AJ$49,AH$13:AH$49,$V26))) | X26: =IF($V26="","",SUM(SUMIFS(AK$13:AK$49,AD$13:AD$49,$V26),SUMIFS(AL$13:AL$49,AH$13:AH$49,$V26))) | Y26: =IF($V26="","",SUM(SUMIFS(AM$13:AM$49,AD$13:AD$49,$V26),SUMIFS(AN$13:AN$49,AH$13:AH$49,$V26))) | Z26: =IF($V26="","",W26+X26+Y26) | AA26: =IF(H26="",LEFT($F$2,3),H26) -> IDN | AB26: =IF(AC26="","",INDIRECT("'liste action'!C"&MATCH(AC26,'liste action'!D:D,0),1)) | AC26: =IF(OR(D26="JF",D26=""),"",INDIRECT("'liste action'!D"&MATCH(D26,'liste action'!E:E,0),1)) | AD26: =CONCATENATE(AA26,AB26,AC26) -> IDN | AE26: =IF(I26="",LEFT($F$2,3),I26) -> IDN | AF26: =IF(AG26="","",INDIRECT("'liste action'!C"&MATCH(AG26,'liste action'!$D:$D,0),1)) | AG26: =IF(OR(E26="JF",E26=""),"",INDIRECT("'liste action'!D"&MATCH(E26,'liste action'!$E:$E,0),1)) | AH26: =CONCATENATE(AE26,AF26,AG26) -> IDN | AI26: =K26 -> 0 | AJ26: =N26 -> 0 | AK26: =L26 -> 0 | AL26: =O26 -> 0 | AM26: =M26 -> 0 | AN26: =P26 -> 0 | AO26: =SUM(AI26:AN26) -> 0 | AP26: =IF(OR(D26="T",D26="TF"),2,0) -> 0 | AQ26: =IF(OR(E26="T",E26="TF"),3,0) -> 0 | AR26: =AP26+AQ26 -> 0 | AS26: =IF(AR26=5,$AS$7,IF(AR26=2,$AS$8,IF(AR26=3,$AS$9,IF(AR26=0,$AS$10)))) -> 0 | AT26: =SUM(IF(D26="CP",0.5,0),IF(E26="CP",0.5,0)) -> 0 | AU26: =IF(D26="RTT",0.5,0) -> 0 | AV26: =IF(E26="RTT",0.5,0) -> 0 | AW26: =SUM(AU26:AV26) -> 0 | AX26: =IF(D26="TM",0.5,0) -> 0 | AY26: =IF(E26="TM",0.5,0) -> 0 | AZ26: =SUM(AX26:AY26) -> 0 | BA26: =AZ26/1547*17 -> 0
A27: 3 | B27: Lundi | C27: =IF(OR(C26="",C26=DATE(y,1,31)),"",C26+1) -> 43479 | Q27: =SUM(K27:P27) -> 0 | S27: =IF(C27="","",IF(D27="","",AW27)) | T27: =IF(C27="","",IF(D27="","",AT27)) | V27: =IFERROR(INDIRECT("'action sal 2018'!B"&SMALL('action sal 2018'!C:C,ROW()-12),1),"") | W27: =IF($V27="","",SUM(SUMIFS(AI$13:AI$49,AD$13:AD$49,$V27),SUMIFS(AJ$13:AJ$49,AH$13:AH$49,$V27))) | X27: =IF($V27="","",SUM(SUMIFS(AK$13:AK$49,AD$13:AD$49,$V27),SUMIFS(AL$13:AL$49,AH$13:AH$49,$V27))) | Y27: =IF($V27="","",SUM(SUMIFS(AM$13:AM$49,AD$13:AD$49,$V27),SUMIFS(AN$13:AN$49,AH$13:AH$49,$V27))) | Z27: =IF($V27="","",W27+X27+Y27) | AA27: =IF(H27="",LEFT($F$2,3),H27) -> IDN | AB27: =IF(AC27="","",INDIRECT("'liste action'!C"&MATCH(AC27,'liste action'!D:D,0),1)) | AC27: =IF(OR(D27="JF",D27=""),"",INDIRECT("'liste action'!D"&MATCH(D27,'liste action'!E:E,0),1)) | AD27: =CONCATENATE(AA27,AB27,AC27) -> IDN | AE27: =IF(I27="",LEFT($F$2,3),I27) -> IDN | AF27: =IF(AG27="","",INDIRECT("'liste action'!C"&MATCH(AG27,'liste action'!$D:$D,0),1)) | AG27: =IF(OR(E27="JF",E27=""),"",INDIRECT("'liste action'!D"&MATCH(E27,'liste action'!$E:$E,0),1)) | AH27: =CONCATENATE(AE27,AF27,AG27) -> IDN | AI27: =K27 -> 0 | AJ27: =N27 -> 0 | AK27: =L27 -> 0 | AL27: =O27 -> 0 | AM27: =M27 -> 0 | AN27: =P27 -> 0 | AO27: =SUM(AI27:AN27) -> 0 | AP27: =IF(OR(D27="T",D27="TF"),2,0) -> 0 | AQ27: =IF(OR(E27="T",E27="TF"),3,0) -> 0 | AR27: =AP27+AQ27 -> 0 | AS27: =IF(AR27=5,$AS$7,IF(AR27=2,$AS$8,IF(AR27=3,$AS$9,IF(AR27=0,$AS$10)))) -> 0 | AT27: =SUM(IF(D27="CP",0.5,0),IF(E27="CP",0.5,0)) -> 0 | AU27: =IF(D27="RTT",0.5,0) -> 0 | AV27: =IF(E27="RTT",0.5,0) -> 0 | AW27: =SUM(AU27:AV27) -> 0 | AX27: =IF(D27="TM",0.5,0) -> 0 | AY27: =IF(E27="TM",0.5,0) -> 0 | AZ27: =SUM(AX27:AY27) -> 0 | BA27: =AZ27/1547*17 -> 0
B28: Mardi | C28: =IF(OR(C27="",C27=DATE(y,1,31)),"",C27+1) -> 43480 | Q28: =SUM(K28:P28) -> 0 | S28: =IF(C28="","",IF(D28="","",AW28)) | T28: =IF(C28="","",IF(D28="","",AT28)) | V28: =IFERROR(INDIRECT("'action sal 2018'!B"&SMALL('action sal 2018'!C:C,ROW()-12),1),"") | W28: =IF($V28="","",SUM(SUMIFS(AI$13:AI$49,AD$13:AD$49,$V28),SUMIFS(AJ$13:AJ$49,AH$13:AH$49,$V28))) | X28: =IF($V28="","",SUM(SUMIFS(AK$13:AK$49,AD$13:AD$49,$V28),SUMIFS(AL$13:AL$49,AH$13:AH$49,$V28))) | Y28: =IF($V28="","",SUM(SUMIFS(AM$13:AM$49,AD$13:AD$49,$V28),SUMIFS(AN$13:AN$49,AH$13:AH$49,$V28))) | Z28: =IF($V28="","",W28+X28+Y28) | AA28: =IF(H28="",LEFT($F$2,3),H28) -> IDN | AB28: =IF(AC28="","",INDIRECT("'liste action'!C"&MATCH(AC28,'liste action'!D:D,0),1)) | AC28: =IF(OR(D28="JF",D28=""),"",INDIRECT("'liste action'!D"&MATCH(D28,'liste action'!E:E,0),1)) | AD28: =CONCATENATE(AA28,AB28,AC28) -> IDN | AE28: =IF(I28="",LEFT($F$2,3),I28) -> IDN | AF28: =IF(AG28="","",INDIRECT("'liste action'!C"&MATCH(AG28,'liste action'!$D:$D,0),1)) | AG28: =IF(OR(E28="JF",E28=""),"",INDIRECT("'liste action'!D"&MATCH(E28,'liste action'!$E:$E,0),1)) | AH28: =CONCATENATE(AE28,AF28,AG28) -> IDN | AI28: =K28 -> 0 | AJ28: =N28 -> 0 | AK28: =L28 -> 0 | AL28: =O28 -> 0 | AM28: =M28 -> 0 | AN28: =P28 -> 0 | AO28: =SUM(AI28:AN28) -> 0 | AP28: =IF(OR(D28="T",D28="TF"),2,0) -> 0 | AQ28: =IF(OR(E28="T",E28="TF"),3,0) -> 0 | AR28: =AP28+AQ28 -> 0 | AS28: =IF(AR28=5,$AS$7,IF(AR28=2,$AS$8,IF(AR28=3,$AS$9,IF(AR28=0,$AS$10)))) -> 0 | AT28: =SUM(IF(D28="CP",0.5,0),IF(E28="CP",0.5,0)) -> 0 | AU28: =IF(D28="RTT",0.5,0) -> 0 | AV28: =IF(E28="RTT",0.5,0) -> 0 | AW28: =SUM(AU28:AV28) -> 0 | AX28: =IF(D28="TM",0.5,0) -> 0 | AY28: =IF(E28="TM",0.5,0) -> 0 | AZ28: =SUM(AX28:AY28) -> 0 | BA28: =AZ28/1547*17 -> 0
B29: Mercredi | C29: =IF(OR(C28="",C28=DATE(y,1,31)),"",C28+1) -> 43481 | Q29: =SUM(K29:P29) -> 0 | S29: =IF(C29="","",IF(D29="","",AW29)) | T29: =IF(C29="","",IF(D29="","",AT29)) | V29: =IFERROR(INDIRECT("'action sal 2018'!B"&SMALL('action sal 2018'!C:C,ROW()-12),1),"") | W29: =IF($V29="","",SUM(SUMIFS(AI$13:AI$49,AD$13:AD$49,$V29),SUMIFS(AJ$13:AJ$49,AH$13:AH$49,$V29))) | X29: =IF($V29="","",SUM(SUMIFS(AK$13:AK$49,AD$13:AD$49,$V29),SUMIFS(AL$13:AL$49,AH$13:AH$49,$V29))) | Y29: =IF($V29="","",SUM(SUMIFS(AM$13:AM$49,AD$13:AD$49,$V29),SUMIFS(AN$13:AN$49,AH$13:AH$49,$V29))) | Z29: =IF($V29="","",W29+X29+Y29) | AA29: =IF(H29="",LEFT($F$2,3),H29) -> IDN | AB29: =IF(AC29="","",INDIRECT("'liste action'!C"&MATCH(AC29,'liste action'!D:D,0),1)) | AC29: =IF(OR(D29="JF",D29=""),"",INDIRECT("'liste action'!D"&MATCH(D29,'liste action'!E:E,0),1)) | AD29: =CONCATENATE(AA29,AB29,AC29) -> IDN | AE29: =IF(I29="",LEFT($F$2,3),I29) -> IDN | AF29: =IF(AG29="","",INDIRECT("'liste action'!C"&MATCH(AG29,'liste action'!$D:$D,0),1)) | AG29: =IF(OR(E29="JF",E29=""),"",INDIRECT("'liste action'!D"&MATCH(E29,'liste action'!$E:$E,0),1)) | AH29: =CONCATENATE(AE29,AF29,AG29) -> IDN | AI29: =K29 -> 0 | AJ29: =N29 -> 0 | AK29: =L29 -> 0 | AL29: =O29 -> 0 | AM29: =M29 -> 0 | AN29: =P29 -> 0 | AO29: =SUM(AI29:AN29) -> 0 | AP29: =IF(OR(D29="T",D29="TF"),2,0) -> 0 | AQ29: =IF(OR(E29="T",E29="TF"),3,0) -> 0 | AR29: =AP29+AQ29 -> 0 | AS29: =IF(AR29=5,$AS$7,IF(AR29=2,$AS$8,IF(AR29=3,$AS$9,IF(AR29=0,$AS$10)))) -> 0 | AT29: =SUM(IF(D29="CP",0.5,0),IF(E29="CP",0.5,0)) -> 0 | AU29: =IF(D29="RTT",0.5,0) -> 0 | AV29: =IF(E29="RTT",0.5,0) -> 0 | AW29: =SUM(AU29:AV29) -> 0 | AX29: =IF(D29="TM",0.5,0) -> 0 | AY29: =IF(E29="TM",0.5,0) -> 0 | AZ29: =SUM(AX29:AY29) -> 0 | BA29: =AZ29/1547*17 -> 0
B30: Jeudi | C30: =IF(OR(C29="",C29=DATE(y,1,31)),"",C29+1) -> 43482 | Q30: =SUM(K30:P30) -> 0 | S30: =IF(C30="","",IF(D30="","",AW30)) | T30: =IF(C30="","",IF(D30="","",AT30)) | V30: =IFERROR(INDIRECT("'action sal 2018'!B"&SMALL('action sal 2018'!C:C,ROW()-12),1),"") | W30: =IF($V30="","",SUM(SUMIFS(AI$13:AI$49,AD$13:AD$49,$V30),SUMIFS(AJ$13:AJ$49,AH$13:AH$49,$V30))) | X30: =IF($V30="","",SUM(SUMIFS(AK$13:AK$49,AD$13:AD$49,$V30),SUMIFS(AL$13:AL$49,AH$13:AH$49,$V30))) | Y30: =IF($V30="","",SUM(SUMIFS(AM$13:AM$49,AD$13:AD$49,$V30),SUMIFS(AN$13:AN$49,AH$13:AH$49,$V30))) | Z30: =IF($V30="","",W30+X30+Y30) | AA30: =IF(H30="",LEFT($F$2,3),H30) -> IDN | AB30: =IF(AC30="","",INDIRECT("'liste action'!C"&MATCH(AC30,'liste action'!D:D,0),1)) | AC30: =IF(OR(D30="JF",D30=""),"",INDIRECT("'liste action'!D"&MATCH(D30,'liste action'!E:E,0),1)) | AD30: =CONCATENATE(AA30,AB30,AC30) -> IDN | AE30: =IF(I30="",LEFT($F$2,3),I30) -> IDN | AF30: =IF(AG30="","",INDIRECT("'liste action'!C"&MATCH(AG30,'liste action'!$D:$D,0),1)) | AG30: =IF(OR(E30="JF",E30=""),"",INDIRECT("'liste action'!D"&MATCH(E30,'liste action'!$E:$E,0),1)) | AH30: =CONCATENATE(AE30,AF30,AG30) -> IDN | AI30: =K30 -> 0 | AJ30: =N30 -> 0 | AK30: =L30 -> 0 | AL30: =O30 -> 0 | AM30: =M30 -> 0 | AN30: =P30 -> 0 | AO30: =SUM(AI30:AN30) -> 0 | AP30: =IF(OR(D30="T",D30="TF"),2,0) -> 0 | AQ30: =IF(OR(E30="T",E30="TF"),3,0) -> 0 | AR30: =AP30+AQ30 -> 0 | AS30: =IF(AR30=5,$AS$7,IF(AR30=2,$AS$8,IF(AR30=3,$AS$9,IF(AR30=0,$AS$10)))) -> 0 | AT30: =SUM(IF(D30="CP",0.5,0),IF(E30="CP",0.5,0)) -> 0 | AU30: =IF(D30="RTT",0.5,0) -> 0 | AV30: =IF(E30="RTT",0.5,0) -> 0 | AW30: =SUM(AU30:AV30) -> 0 | AX30: =IF(D30="TM",0.5,0) -> 0 | AY30: =IF(E30="TM",0.5,0) -> 0 | AZ30: =SUM(AX30:AY30) -> 0 | BA30: =AZ30/1547*17 -> 0
B31: Vendredi | C31: =IF(OR(C30="",C30=DATE(y,1,31)),"",C30+1) -> 43483 | Q31: =SUM(K31:P31) -> 0 | S31: =IF(C31="","",IF(D31="","",AW31)) | T31: =IF(C31="","",IF(D31="","",AT31)) | V31: =IFERROR(INDIRECT("'action sal 2018'!B"&SMALL('action sal 2018'!C:C,ROW()-12),1),"") | W31: =IF($V31="","",SUM(SUMIFS(AI$13:AI$49,AD$13:AD$49,$V31),SUMIFS(AJ$13:AJ$49,AH$13:AH$49,$V31))) | X31: =IF($V31="","",SUM(SUMIFS(AK$13:AK$49,AD$13:AD$49,$V31),SUMIFS(AL$13:AL$49,AH$13:AH$49,$V31))) | Y31: =IF($V31="","",SUM(SUMIFS(AM$13:AM$49,AD$13:AD$49,$V31),SUMIFS(AN$13:AN$49,AH$13:AH$49,$V31))) | Z31: =IF($V31="","",W31+X31+Y31) | AA31: =IF(H31="",LEFT($F$2,3),H31) -> IDN | AB31: =IF(AC31="","",INDIRECT("'liste action'!C"&MATCH(AC31,'liste action'!D:D,0),1)) | AC31: =IF(OR(D31="JF",D31=""),"",INDIRECT("'liste action'!D"&MATCH(D31,'liste action'!E:E,0),1)) | AD31: =CONCATENATE(AA31,AB31,AC31) -> IDN | AE31: =IF(I31="",LEFT($F$2,3),I31) -> IDN | AF31: =IF(AG31="","",INDIRECT("'liste action'!C"&MATCH(AG31,'liste action'!$D:$D,0),1)) | AG31: =IF(OR(E31="JF",E31=""),"",INDIRECT("'liste action'!D"&MATCH(E31,'liste action'!$E:$E,0),1)) | AH31: =CONCATENATE(AE31,AF31,AG31) -> IDN | AI31: =K31 -> 0 | AJ31: =N31 -> 0 | AK31: =L31 -> 0 | AL31: =O31 -> 0 | AM31: =M31 -> 0 | AN31: =P31 -> 0 | AO31: =SUM(AI31:AN31) -> 0 | AP31: =IF(OR(D31="T",D31="TF"),2,0) -> 0 | AQ31: =IF(OR(E31="T",E31="TF"),3,0) -> 0 | AR31: =AP31+AQ31 -> 0 | AS31: =IF(AR31=5,$AS$7,IF(AR31=2,$AS$8,IF(AR31=3,$AS$9,IF(AR31=0,$AS$10)))) -> 0 | AT31: =SUM(IF(D31="CP",0.5,0),IF(E31="CP",0.5,0)) -> 0 | AU31: =IF(D31="RTT",0.5,0) -> 0 | AV31: =IF(E31="RTT",0.5,0) -> 0 | AW31: =SUM(AU31:AV31) -> 0 | AX31: =IF(D31="TM",0.5,0) -> 0 | AY31: =IF(E31="TM",0.5,0) -> 0 | AZ31: =SUM(AX31:AY31) -> 0 | BA31: =AZ31/1547*17 -> 0
B32: Samedi | C32: =IF(OR(C31="",C31=DATE(y,1,31)),"",C31+1) -> 43484 | S32: =IF(C32="","",IF(D32="","",AW32)) | T32: =IF(C32="","",IF(D32="","",AT32)) | V32: =IFERROR(INDIRECT("'action sal 2018'!B"&SMALL('action sal 2018'!C:C,ROW()-12),1),"") | W32: =IF($V32="","",SUM(SUMIFS(AI$13:AI$49,AD$13:AD$49,$V32),SUMIFS(AJ$13:AJ$49,AH$13:AH$49,$V32))) | X32: =IF($V32="","",SUM(SUMIFS(AK$13:AK$49,AD$13:AD$49,$V32),SUMIFS(AL$13:AL$49,AH$13:AH$49,$V32))) | Y32: =IF($V32="","",SUM(SUMIFS(AM$13:AM$49,AD$13:AD$49,$V32),SUMIFS(AN$13:AN$49,AH$13:AH$49,$V32))) | Z32: =IF($V32="","",W32+X32+Y32) | AA32: =IF(H32="",LEFT($F$2,3),H32) -> IDN | AB32: =IF(AC32="","",INDIRECT("'liste action'!C"&MATCH(AC32,'liste action'!D:D,0),1)) | AC32: =IF(OR(D32="JF",D32=""),"",INDIRECT("'liste action'!D"&MATCH(D32,'liste action'!E:E,0),1)) | AD32: =CONCATENATE(AA32,AB32,AC32) -> IDN | AE32: =IF(I32="",LEFT($F$2,3),I32) -> IDN | AF32: =IF(AG32="","",INDIRECT("'liste action'!C"&MATCH(AG32,'liste action'!$D:$D,0),1)) | AG32: =IF(OR(E32="JF",E32=""),"",INDIRECT("'liste action'!D"&MATCH(E32,'liste action'!$E:$E,0),1)) | AH32: =CONCATENATE(AE32,AF32,AG32) -> IDN | AI32: =K32 -> 0 | AJ32: =N32 -> 0 | AK32: =L32 -> 0 | AL32: =O32 -> 0 | AM32: =M32 -> 0 | AN32: =P32 -> 0 | AO32: =SUM(AI32:AN32) -> 0 | AP32: =IF(OR(D32="T",D32="TF"),2,0) -> 0 | AQ32: =IF(OR(E32="T",E32="TF"),3,0) -> 0 | AR32: =AP32+AQ32 -> 0 | AS32: =IF(AR32=5,$AS$7,IF(AR32=2,$AS$8,IF(AR32=3,$AS$9,IF(AR32=0,$AS$10)))) -> 0 | AT32: =SUM(IF(D32="CP",0.5,0),IF(E32="CP",0.5,0)) -> 0 | AU32: =IF(D32="RTT",0.5,0) -> 0 | AV32: =IF(E32="RTT",0.5,0) -> 0 | AW32: =SUM(AU32:AV32) -> 0 | AX32: =IF(D32="TM",0.5,0) -> 0 | AY32: =IF(E32="TM",0.5,0) -> 0 | AZ32: =SUM(AX32:AY32) -> 0 | BA32: =AZ32/1547*17 -> 0
B33: Dimanche | C33: =IF(OR(C32="",C32=DATE(y,1,31)),"",C32+1) -> 43485 | S33: =IF(C33="","",IF(D33="","",AW33)) | T33: =IF(C33="","",IF(D33="","",AT33)) | V33: =IFERROR(INDIRECT("'action sal 2018'!B"&SMALL('action sal 2018'!C:C,ROW()-12),1),"") | W33: =IF($V33="","",SUM(SUMIFS(AI$13:AI$49,AD$13:AD$49,$V33),SUMIFS(AJ$13:AJ$49,AH$13:AH$49,$V33))) | X33: =IF($V33="","",SUM(SUMIFS(AK$13:AK$49,AD$13:AD$49,$V33),SUMIFS(AL$13:AL$49,AH$13:AH$49,$V33))) | Y33: =IF($V33="","",SUM(SUMIFS(AM$13:AM$49,AD$13:AD$49,$V33),SUMIFS(AN$13:AN$49,AH$13:AH$49,$V33))) | Z33: =IF($V33="","",W33+X33+Y33) | AA33: =IF(H33="",LEFT($F$2,3),H33) -> IDN | AB33: =IF(AC33="","",INDIRECT("'liste action'!C"&MATCH(AC33,'liste action'!D:D,0),1)) | AC33: =IF(OR(D33="JF",D33=""),"",INDIRECT("'liste action'!D"&MATCH(D33,'liste action'!E:E,0),1)) | AD33: =CONCATENATE(AA33,AB33,AC33) -> IDN | AE33: =IF(I33="",LEFT($F$2,3),I33) -> IDN | AF33: =IF(AG33="","",INDIRECT("'liste action'!C"&MATCH(AG33,'liste action'!$D:$D,0),1)) | AG33: =IF(OR(E33="JF",E33=""),"",INDIRECT("'liste action'!D"&MATCH(E33,'liste action'!$E:$E,0),1)) | AH33: =CONCATENATE(AE33,AF33,AG33) -> IDN | AI33: =K33 -> 0 | AJ33: =N33 -> 0 | AK33: =L33 -> 0 | AL33: =O33 -> 0 | AM33: =M33 -> 0 | AN33: =P33 -> 0 | AO33: =SUM(AI33:AN33) -> 0 | AP33: =IF(OR(D33="T",D33="TF"),2,0) -> 0 | AQ33: =IF(OR(E33="T",E33="TF"),3,0) -> 0 | AR33: =AP33+AQ33 -> 0 | AS33: =IF(AR33=5,$AS$7,IF(AR33=2,$AS$8,IF(AR33=3,$AS$9,IF(AR33=0,$AS$10)))) -> 0 | AT33: =SUM(IF(D33="CP",0.5,0),IF(E33="CP",0.5,0)) -> 0 | AU33: =IF(D33="RTT",0.5,0) -> 0 | AV33: =IF(E33="RTT",0.5,0) -> 0 | AW33: =SUM(AU33:AV33) -> 0 | AX33: =IF(D33="TM",0.5,0) -> 0 | AY33: =IF(E33="TM",0.5,0) -> 0 | AZ33: =SUM(AX33:AY33) -> 0 | BA33: =AZ33/1547*17 -> 0
A34: 4 | B34: Lundi | C34: =IF(OR(C33="",C33=DATE(y,1,31)),"",C33+1) -> 43486 | Q34: =SUM(K34:P34) -> 0 | S34: =IF(C34="","",IF(D34="","",AW34)) | T34: =IF(C34="","",IF(D34="","",AT34)) | V34: =IFERROR(INDIRECT("'action sal 2018'!B"&SMALL('action sal 2018'!C:C,ROW()-12),1),"") | W34: =IF($V34="","",SUM(SUMIFS(AI$13:AI$49,AD$13:AD$49,$V34),SUMIFS(AJ$13:AJ$49,AH$13:AH$49,$V34))) | X34: =IF($V34="","",SUM(SUMIFS(AK$13:AK$49,AD$13:AD$49,$V34),SUMIFS(AL$13:AL$49,AH$13:AH$49,$V34))) | Y34: =IF($V34="","",SUM(SUMIFS(AM$13:AM$49,AD$13:AD$49,$V34),SUMIFS(AN$13:AN$49,AH$13:AH$49,$V34))) | Z34: =IF($V34="","",W34+X34+Y34) | AA34: =IF(H34="",LEFT($F$2,3),H34) -> IDN | AB34: =IF(AC34="","",INDIRECT("'liste action'!C"&MATCH(AC34,'liste action'!D:D,0),1)) | AC34: =IF(OR(D34="JF",D34=""),"",INDIRECT("'liste action'!D"&MATCH(D34,'liste action'!E:E,0),1)) | AD34: =CONCATENATE(AA34,AB34,AC34) -> IDN | AE34: =IF(I34="",LEFT($F$2,3),I34) -> IDN | AF34: =IF(AG34="","",INDIRECT("'liste action'!C"&MATCH(AG34,'liste action'!$D:$D,0),1)) | AG34: =IF(OR(E34="JF",E34=""),"",INDIRECT("'liste action'!D"&MATCH(E34,'liste action'!$E:$E,0),1)) | AH34: =CONCATENATE(AE34,AF34,AG34) -> IDN | AI34: =K34 -> 0 | AJ34: =N34 -> 0 | AK34: =L34 -> 0 | AL34: =O34 -> 0 | AM34: =M34 -> 0 | AN34: =P34 -> 0 | AO34: =SUM(AI34:AN34) -> 0 | AP34: =IF(OR(D34="T",D34="TF"),2,0) -> 0 | AQ34: =IF(OR(E34="T",E34="TF"),3,0) -> 0 | AR34: =AP34+AQ34 -> 0 | AS34: =IF(AR34=5,$AS$7,IF(AR34=2,$AS$8,IF(AR34=3,$AS$9,IF(AR34=0,$AS$10)))) -> 0 | AT34: =SUM(IF(D34="CP",0.5,0),IF(E34="CP",0.5,0)) -> 0 | AU34: =IF(D34="RTT",0.5,0) -> 0 | AV34: =IF(E34="RTT",0.5,0) -> 0 | AW34: =SUM(AU34:AV34) -> 0 | AX34: =IF(D34="TM",0.5,0) -> 0 | AY34: =IF(E34="TM",0.5,0) -> 0 | AZ34: =SUM(AX34:AY34) -> 0 | BA34: =AZ34/1547*17 -> 0
B35: Mardi | C35: =IF(OR(C34="",C34=DATE(y,1,31)),"",C34+1) -> 43487 | Q35: =SUM(K35:P35) -> 0 | S35: =IF(C35="","",IF(D35="","",AW35)) | T35: =IF(C35="","",IF(D35="","",AT35)) | V35: =IFERROR(INDIRECT("'action sal 2018'!B"&SMALL('action sal 2018'!C:C,ROW()-12),1),"") | W35: =IF($V35="","",SUM(SUMIFS(AI$13:AI$49,AD$13:AD$49,$V35),SUMIFS(AJ$13:AJ$49,AH$13:AH$49,$V35))) | X35: =IF($V35="","",SUM(SUMIFS(AK$13:AK$49,AD$13:AD$49,$V35),SUMIFS(AL$13:AL$49,AH$13:AH$49,$V35))) | Y35: =IF($V35="","",SUM(SUMIFS(AM$13:AM$49,AD$13:AD$49,$V35),SUMIFS(AN$13:AN$49,AH$13:AH$49,$V35))) | Z35: =IF($V35="","",W35+X35+Y35) | AA35: =IF(H35="",LEFT($F$2,3),H35) -> IDN | AB35: =IF(AC35="","",INDIRECT("'liste action'!C"&MATCH(AC35,'liste action'!D:D,0),1)) | AC35: =IF(OR(D35="JF",D35=""),"",INDIRECT("'liste action'!D"&MATCH(D35,'liste action'!E:E,0),1)) | AD35: =CONCATENATE(AA35,AB35,AC35) -> IDN | AE35: =IF(I35="",LEFT($F$2,3),I35) -> IDN | AF35: =IF(AG35="","",INDIRECT("'liste action'!C"&MATCH(AG35,'liste action'!$D:$D,0),1)) | AG35: =IF(OR(E35="JF",E35=""),"",INDIRECT("'liste action'!D"&MATCH(E35,'liste action'!$E:$E,0),1)) | AH35: =CONCATENATE(AE35,AF35,AG35) -> IDN | AI35: =K35 -> 0 | AJ35: =N35 -> 0 | AK35: =L35 -> 0 | AL35: =O35 -> 0 | AM35: =M35 -> 0 | AN35: =P35 -> 0 | AO35: =SUM(AI35:AN35) -> 0 | AP35: =IF(OR(D35="T",D35="TF"),2,0) -> 0 | AQ35: =IF(OR(E35="T",E35="TF"),3,0) -> 0 | AR35: =AP35+AQ35 -> 0 | AS35: =IF(AR35=5,$AS$7,IF(AR35=2,$AS$8,IF(AR35=3,$AS$9,IF(AR35=0,$AS$10)))) -> 0 | AT35: =SUM(IF(D35="CP",0.5,0),IF(E35="CP",0.5,0)) -> 0 | AU35: =IF(D35="RTT",0.5,0) -> 0 | AV35: =IF(E35="RTT",0.5,0) -> 0 | AW35: =SUM(AU35:AV35) -> 0 | AX35: =IF(D35="TM",0.5,0) -> 0 | AY35: =IF(E35="TM",0.5,0) -> 0 | AZ35: =SUM(AX35:AY35) -> 0 | BA35: =AZ35/1547*17 -> 0
B36: Mercredi | C36: =IF(OR(C35="",C35=DATE(y,1,31)),"",C35+1) -> 43488 | Q36: =SUM(K36:P36) -> 0 | S36: =IF(C36="","",IF(D36="","",AW36)) | T36: =IF(C36="","",IF(D36="","",AT36)) | V36: =IFERROR(INDIRECT("'action sal 2018'!B"&SMALL('action sal 2018'!C:C,ROW()-12),1),"") | W36: =IF($V36="","",SUM(SUMIFS(AI$13:AI$49,AD$13:AD$49,$V36),SUMIFS(AJ$13:AJ$49,AH$13:AH$49,$V36))) | X36: =IF($V36="","",SUM(SUMIFS(AK$13:AK$49,AD$13:AD$49,$V36),SUMIFS(AL$13:AL$49,AH$13:AH$49,$V36))) | Y36: =IF($V36="","",SUM(SUMIFS(AM$13:AM$49,AD$13:AD$49,$V36),SUMIFS(AN$13:AN$49,AH$13:AH$49,$V36))) | Z36: =IF($V36="","",W36+X36+Y36) | AA36: =IF(H36="",LEFT($F$2,3),H36) -> IDN | AB36: =IF(AC36="","",INDIRECT("'liste action'!C"&MATCH(AC36,'liste action'!D:D,0),1)) | AC36: =IF(OR(D36="JF",D36=""),"",INDIRECT("'liste action'!D"&MATCH(D36,'liste action'!E:E,0),1)) | AD36: =CONCATENATE(AA36,AB36,AC36) -> IDN | AE36: =IF(I36="",LEFT($F$2,3),I36) -> IDN | AF36: =IF(AG36="","",INDIRECT("'liste action'!C"&MATCH(AG36,'liste action'!$D:$D,0),1)) | AG36: =IF(OR(E36="JF",E36=""),"",INDIRECT("'liste action'!D"&MATCH(E36,'liste action'!$E:$E,0),1)) | AH36: =CONCATENATE(AE36,AF36,AG36) -> IDN | AI36: =K36 -> 0 | AJ36: =N36 -> 0 | AK36: =L36 -> 0 | AL36: =O36 -> 0 | AM36: =M36 -> 0 | AN36: =P36 -> 0 | AO36: =SUM(AI36:AN36) -> 0 | AP36: =IF(OR(D36="T",D36="TF"),2,0) -> 0 | AQ36: =IF(OR(E36="T",E36="TF"),3,0) -> 0 | AR36: =AP36+AQ36 -> 0 | AS36: =IF(AR36=5,$AS$7,IF(AR36=2,$AS$8,IF(AR36=3,$AS$9,IF(AR36=0,$AS$10)))) -> 0 | AT36: =SUM(IF(D36="CP",0.5,0),IF(E36="CP",0.5,0)) -> 0 | AU36: =IF(D36="RTT",0.5,0) -> 0 | AV36: =IF(E36="RTT",0.5,0) -> 0 | AW36: =SUM(AU36:AV36) -> 0 | AX36: =IF(D36="TM",0.5,0) -> 0 | AY36: =IF(E36="TM",0.5,0) -> 0 | AZ36: =SUM(AX36:AY36) -> 0 | BA36: =AZ36/1547*17 -> 0
B37: Jeudi | C37: =IF(OR(C36="",C36=DATE(y,1,31)),"",C36+1) -> 43489 | Q37: =SUM(K37:P37) -> 0 | S37: =IF(C37="","",IF(D37="","",AW37)) | T37: =IF(C37="","",IF(D37="","",AT37)) | V37: =IFERROR(INDIRECT("'action sal 2018'!B"&SMALL('action sal 2018'!C:C,ROW()-12),1),"") | W37: =IF($V37="","",SUM(SUMIFS(AI$13:AI$49,AD$13:AD$49,$V37),SUMIFS(AJ$13:AJ$49,AH$13:AH$49,$V37))) | X37: =IF($V37="","",SUM(SUMIFS(AK$13:AK$49,AD$13:AD$49,$V37),SUMIFS(AL$13:AL$49,AH$13:AH$49,$V37))) | Y37: =IF($V37="","",SUM(SUMIFS(AM$13:AM$49,AD$13:AD$49,$V37),SUMIFS(AN$13:AN$49,AH$13:AH$49,$V37))) | Z37: =IF($V37="","",W37+X37+Y37) | AA37: =IF(H37="",LEFT($F$2,3),H37) -> IDN | AB37: =IF(AC37="","",INDIRECT("'liste action'!C"&MATCH(AC37,'liste action'!D:D,0),1)) | AC37: =IF(OR(D37="JF",D37=""),"",INDIRECT("'liste action'!D"&MATCH(D37,'liste action'!E:E,0),1)) | AD37: =CONCATENATE(AA37,AB37,AC37) -> IDN | AE37: =IF(I37="",LEFT($F$2,3),I37) -> IDN | AF37: =IF(AG37="","",INDIRECT("'liste action'!C"&MATCH(AG37,'liste action'!$D:$D,0),1)) | AG37: =IF(OR(E37="JF",E37=""),"",INDIRECT("'liste action'!D"&MATCH(E37,'liste action'!$E:$E,0),1)) | AH37: =CONCATENATE(AE37,AF37,AG37) -> IDN | AI37: =K37 -> 0 | AJ37: =N37 -> 0 | AK37: =L37 -> 0 | AL37: =O37 -> 0 | AM37: =M37 -> 0 | AN37: =P37 -> 0 | AO37: =SUM(AI37:AN37) -> 0 | AP37: =IF(OR(D37="T",D37="TF"),2,0) -> 0 | AQ37: =IF(OR(E37="T",E37="TF"),3,0) -> 0 | AR37: =AP37+AQ37 -> 0 | AS37: =IF(AR37=5,$AS$7,IF(AR37=2,$AS$8,IF(AR37=3,$AS$9,IF(AR37=0,$AS$10)))) -> 0 | AT37: =SUM(IF(D37="CP",0.5,0),IF(E37="CP",0.5,0)) -> 0 | AU37: =IF(D37="RTT",0.5,0) -> 0 | AV37: =IF(E37="RTT",0.5,0) -> 0 | AW37: =SUM(AU37:AV37) -> 0 | AX37: =IF(D37="TM",0.5,0) -> 0 | AY37: =IF(E37="TM",0.5,0) -> 0 | AZ37: =SUM(AX37:AY37) -> 0 | BA37: =AZ37/1547*17 -> 0
B38: Vendredi | C38: =IF(OR(C37="",C37=DATE(y,1,31)),"",C37+1) -> 43490 | Q38: =SUM(K38:P38) -> 0 | S38: =IF(C38="","",IF(D38="","",AW38)) | T38: =IF(C38="","",IF(D38="","",AT38)) | V38: =IFERROR(INDIRECT("'action sal 2018'!B"&SMALL('action sal 2018'!C:C,ROW()-12),1),"") | W38: =IF($V38="","",SUM(SUMIFS(AI$13:AI$49,AD$13:AD$49,$V38),SUMIFS(AJ$13:AJ$49,AH$13:AH$49,$V38))) | X38: =IF($V38="","",SUM(SUMIFS(AK$13:AK$49,AD$13:AD$49,$V38),SUMIFS(AL$13:AL$49,AH$13:AH$49,$V38))) | Y38: =IF($V38="","",SUM(SUMIFS(AM$13:AM$49,AD$13:AD$49,$V38),SUMIFS(AN$13:AN$49,AH$13:AH$49,$V38))) | Z38: =IF($V38="","",W38+X38+Y38) | AA38: =IF(H38="",LEFT($F$2,3),H38) -> IDN | AB38: =IF(AC38="","",INDIRECT("'liste action'!C"&MATCH(AC38,'liste action'!D:D,0),1)) | AC38: =IF(OR(D38="JF",D38=""),"",INDIRECT("'liste action'!D"&MATCH(D38,'liste action'!E:E,0),1)) | AD38: =CONCATENATE(AA38,AB38,AC38) -> IDN | AE38: =IF(I38="",LEFT($F$2,3),I38) -> IDN | AF38: =IF(AG38="","",INDIRECT("'liste action'!C"&MATCH(AG38,'liste action'!$D:$D,0),1)) | AG38: =IF(OR(E38="JF",E38=""),"",INDIRECT("'liste action'!D"&MATCH(E38,'liste action'!$E:$E,0),1)) | AH38: =CONCATENATE(AE38,AF38,AG38) -> IDN | AI38: =K38 -> 0 | AJ38: =N38 -> 0 | AK38: =L38 -> 0 | AL38: =O38 -> 0 | AM38: =M38 -> 0 | AN38: =P38 -> 0 | AO38: =SUM(AI38:AN38) -> 0 | AP38: =IF(OR(D38="T",D38="TF"),2,0) -> 0 | AQ38: =IF(OR(E38="T",E38="TF"),3,0) -> 0 | AR38: =AP38+AQ38 -> 0 | AS38: =IF(AR38=5,$AS$7,IF(AR38=2,$AS$8,IF(AR38=3,$AS$9,IF(AR38=0,$AS$10)))) -> 0 | AT38: =SUM(IF(D38="CP",0.5,0),IF(E38="CP",0.5,0)) -> 0 | AU38: =IF(D38="RTT",0.5,0) -> 0 | AV38: =IF(E38="RTT",0.5,0) -> 0 | AW38: =SUM(AU38:AV38) -> 0 | AX38: =IF(D38="TM",0.5,0) -> 0 | AY38: =IF(E38="TM",0.5,0) -> 0 | AZ38: =SUM(AX38:AY38) -> 0 | BA38: =AZ38/1547*17 -> 0
B39: Samedi | C39: =IF(OR(C38="",C38=DATE(y,1,31)),"",C38+1) -> 43491 | S39: =IF(C39="","",IF(D39="","",AW39)) | T39: =IF(C39="","",IF(D39="","",AT39)) | V39: =IFERROR(INDIRECT("'action sal 2018'!B"&SMALL('action sal 2018'!C:C,ROW()-12),1),"") | W39: =IF($V39="","",SUM(SUMIFS(AI$13:AI$49,AD$13:AD$49,$V39),SUMIFS(AJ$13:AJ$49,AH$13:AH$49,$V39))) | X39: =IF($V39="","",SUM(SUMIFS(AK$13:AK$49,AD$13:AD$49,$V39),SUMIFS(AL$13:AL$49,AH$13:AH$49,$V39))) | Y39: =IF($V39="","",SUM(SUMIFS(AM$13:AM$49,AD$13:AD$49,$V39),SUMIFS(AN$13:AN$49,AH$13:AH$49,$V39))) | Z39: =IF($V39="","",W39+X39+Y39) | AA39: =IF(H39="",LEFT($F$2,3),H39) -> IDN | AB39: =IF(AC39="","",INDIRECT("'liste action'!C"&MATCH(AC39,'liste action'!D:D,0),1)) | AC39: =IF(OR(D39="JF",D39=""),"",INDIRECT("'liste action'!D"&MATCH(D39,'liste action'!E:E,0),1)) | AD39: =CONCATENATE(AA39,AB39,AC39) -> IDN | AE39: =IF(I39="",LEFT($F$2,3),I39) -> IDN | AF39: =IF(AG39="","",INDIRECT("'liste action'!C"&MATCH(AG39,'liste action'!$D:$D,0),1)) | AG39: =IF(OR(E39="JF",E39=""),"",INDIRECT("'liste action'!D"&MATCH(E39,'liste action'!$E:$E,0),1)) | AH39: =CONCATENATE(AE39,AF39,AG39) -> IDN | AI39: =K39 -> 0 | AJ39: =N39 -> 0 | AK39: =L39 -> 0 | AL39: =O39 -> 0 | AM39: =M39 -> 0 | AN39: =P39 -> 0 | AO39: =SUM(AI39:AN39) -> 0 | AP39: =IF(OR(D39="T",D39="TF"),2,0) -> 0 | AQ39: =IF(OR(E39="T",E39="TF"),3,0) -> 0 | AR39: =AP39+AQ39 -> 0 | AS39: =IF(AR39=5,$AS$7,IF(AR39=2,$AS$8,IF(AR39=3,$AS$9,IF(AR39=0,$AS$10)))) -> 0 | AT39: =SUM(IF(D39="CP",0.5,0),IF(E39="CP",0.5,0)) -> 0 | AU39: =IF(D39="RTT",0.5,0) -> 0 | AV39: =IF(E39="RTT",0.5,0) -> 0 | AW39: =SUM(AU39:AV39) -> 0 | AX39: =IF(D39="TM",0.5,0) -> 0 | AY39: =IF(E39="TM",0.5,0) -> 0 | AZ39: =SUM(AX39:AY39) -> 0 | BA39: =AZ39/1547*17 -> 0
B40: Dimanche | C40: =IF(OR(C39="",C39=DATE(y,1,31)),"",C39+1) -> 43492 | S40: =IF(C40="","",IF(D40="","",AW40)) | T40: =IF(C40="","",IF(D40="","",AT40)) | V40: =IFERROR(INDIRECT("'action sal 2018'!B"&SMALL('action sal 2018'!C:C,ROW()-12),1),"") | W40: =IF($V40="","",SUM(SUMIFS(AI$13:AI$49,AD$13:AD$49,$V40),SUMIFS(AJ$13:AJ$49,AH$13:AH$49,$V40))) | X40: =IF($V40="","",SUM(SUMIFS(AK$13:AK$49,AD$13:AD$49,$V40),SUMIFS(AL$13:AL$49,AH$13:AH$49,$V40))) | Y40: =IF($V40="","",SUM(SUMIFS(AM$13:AM$49,AD$13:AD$49,$V40),SUMIFS(AN$13:AN$49,AH$13:AH$49,$V40))) | Z40: =IF($V40="","",W40+X40+Y40) | AA40: =IF(H40="",LEFT($F$2,3),H40) -> IDN | AB40: =IF(AC40="","",INDIRECT("'liste action'!C"&MATCH(AC40,'liste action'!D:D,0),1)) | AC40: =IF(OR(D40="JF",D40=""),"",INDIRECT("'liste action'!D"&MATCH(D40,'liste action'!E:E,0),1)) | AD40: =CONCATENATE(AA40,AB40,AC40) -> IDN | AE40: =IF(I40="",LEFT($F$2,3),I40) -> IDN | AF40: =IF(AG40="","",INDIRECT("'liste action'!C"&MATCH(AG40,'liste action'!$D:$D,0),1)) | AG40: =IF(OR(E40="JF",E40=""),"",INDIRECT("'liste action'!D"&MATCH(E40,'liste action'!$E:$E,0),1)) | AH40: =CONCATENATE(AE40,AF40,AG40) -> IDN | AI40: =K40 -> 0 | AJ40: =N40 -> 0 | AK40: =L40 -> 0 | AL40: =O40 -> 0 | AM40: =M40 -> 0 | AN40: =P40 -> 0 | AO40: =SUM(AI40:AN40) -> 0 | AP40: =IF(OR(D40="T",D40="TF"),2,0) -> 0 | AQ40: =IF(OR(E40="T",E40="TF"),3,0) -> 0 | AR40: =AP40+AQ40 -> 0 | AS40: =IF(AR40=5,$AS$7,IF(AR40=2,$AS$8,IF(AR40=3,$AS$9,IF(AR40=0,$AS$10)))) -> 0 | AT40: =SUM(IF(D40="CP",0.5,0),IF(E40="CP",0.5,0)) -> 0 | AU40: =IF(D40="RTT",0.5,0) -> 0 | AV40: =IF(E40="RTT",0.5,0) -> 0 | AW40: =SUM(AU40:AV40) -> 0 | AX40: =IF(D40="TM",0.5,0) -> 0 | AY40: =IF(E40="TM",0.5,0) -> 0 | AZ40: =SUM(AX40:AY40) -> 0 | BA40: =AZ40/1547*17 -> 0
A41: 5 | B41: Lundi | C41: =IF(OR(C40="",C40=DATE(y,1,31)),"",C40+1) -> 43493 | Q41: =SUM(K41:P41) -> 0 | S41: =IF(C41="","",IF(D41="","",AW41)) | T41: =IF(C41="","",IF(D41="","",AT41)) | V41: =IFERROR(INDIRECT("'action sal 2018'!B"&SMALL('action sal 2018'!C:C,ROW()-12),1),"") | W41: =IF($V41="","",SUM(SUMIFS(AI$13:AI$49,AD$13:AD$49,$V41),SUMIFS(AJ$13:AJ$49,AH$13:AH$49,$V41))) | X41: =IF($V41="","",SUM(SUMIFS(AK$13:AK$49,AD$13:AD$49,$V41),SUMIFS(AL$13:AL$49,AH$13:AH$49,$V41))) | Y41: =IF($V41="","",SUM(SUMIFS(AM$13:AM$49,AD$13:AD$49,$V41),SUMIFS(AN$13:AN$49,AH$13:AH$49,$V41))) | Z41: =IF($V41="","",W41+X41+Y41) | AA41: =IF(H41="",LEFT($F$2,3),H41) -> IDN | AB41: =IF(AC41="","",INDIRECT("'liste action'!C"&MATCH(AC41,'liste action'!D:D,0),1)) | AC41: =IF(OR(D41="JF",D41=""),"",INDIRECT("'liste action'!D"&MATCH(D41,'liste action'!E:E,0),1)) | AD41: =CONCATENATE(AA41,AB41,AC41) -> IDN | AE41: =IF(I41="",LEFT($F$2,3),I41) -> IDN | AF41: =IF(AG41="","",INDIRECT("'liste action'!C"&MATCH(AG41,'liste action'!$D:$D,0),1)) | AG41: =IF(OR(E41="JF",E41=""),"",INDIRECT("'liste action'!D"&MATCH(E41,'liste action'!$E:$E,0),1)) | AH41: =CONCATENATE(AE41,AF41,AG41) -> IDN | AI41: =K41 -> 0 | AJ41: =N41 -> 0 | AK41: =L41 -> 0 | AL41: =O41 -> 0 | AM41: =M41 -> 0 | AN41: =P41 -> 0 | AO41: =SUM(AI41:AN41) -> 0 | AP41: =IF(OR(D41="T",D41="TF"),2,0) -> 0 | AQ41: =IF(OR(E41="T",E41="TF"),3,0) -> 0 | AR41: =AP41+AQ41 -> 0 | AS41: =IF(AR41=5,$AS$7,IF(AR41=2,$AS$8,IF(AR41=3,$AS$9,IF(AR41=0,$AS$10)))) -> 0 | AT41: =SUM(IF(D41="CP",0.5,0),IF(E41="CP",0.5,0)) -> 0 | AU41: =IF(D41="RTT",0.5,0) -> 0 | AV41: =IF(E41="RTT",0.5,0) -> 0 | AW41: =SUM(AU41:AV41) -> 0 | AX41: =IF(D41="TM",0.5,0) -> 0 | AY41: =IF(E41="TM",0.5,0) -> 0 | AZ41: =SUM(AX41:AY41) -> 0 | BA41: =AZ41/1547*17 -> 0
B42: Mardi | C42: =IF(OR(C41="",C41=DATE(y,1,31)),"",C41+1) -> 43494 | Q42: =SUM(K42:P42) -> 0 | S42: =IF(C42="","",IF(D42="","",AW42)) | T42: =IF(C42="","",IF(D42="","",AT42)) | V42: =IFERROR(INDIRECT("'action sal 2018'!B"&SMALL('action sal 2018'!C:C,ROW()-12),1),"") | W42: =IF($V42="","",SUM(SUMIFS(AI$13:AI$49,AD$13:AD$49,$V42),SUMIFS(AJ$13:AJ$49,AH$13:AH$49,$V42))) | X42: =IF($V42="","",SUM(SUMIFS(AK$13:AK$49,AD$13:AD$49,$V42),SUMIFS(AL$13:AL$49,AH$13:AH$49,$V42))) | Y42: =IF($V42="","",SUM(SUMIFS(AM$13:AM$49,AD$13:AD$49,$V42),SUMIFS(AN$13:AN$49,AH$13:AH$49,$V42))) | Z42: =IF($V42="","",W42+X42+Y42) | AA42: =IF(H42="",LEFT($F$2,3),H42) -> IDN | AB42: =IF(AC42="","",INDIRECT("'liste action'!C"&MATCH(AC42,'liste action'!D:D,0),1)) | AC42: =IF(OR(D42="JF",D42=""),"",INDIRECT("'liste action'!D"&MATCH(D42,'liste action'!E:E,0),1)) | AD42: =CONCATENATE(AA42,AB42,AC42) -> IDN | AE42: =IF(I42="",LEFT($F$2,3),I42) -> IDN | AF42: =IF(AG42="","",INDIRECT("'liste action'!C"&MATCH(AG42,'liste action'!$D:$D,0),1)) | AG42: =IF(OR(E42="JF",E42=""),"",INDIRECT("'liste action'!D"&MATCH(E42,'liste action'!$E:$E,0),1)) | AH42: =CONCATENATE(AE42,AF42,AG42) -> IDN | AI42: =K42 -> 0 | AJ42: =N42 -> 0 | AK42: =L42 -> 0 | AL42: =O42 -> 0 | AM42: =M42 -> 0 | AN42: =P42 -> 0 | AO42: =SUM(AI42:AN42) -> 0 | AP42: =IF(OR(D42="T",D42="TF"),2,0) -> 0 | AQ42: =IF(OR(E42="T",E42="TF"),3,0) -> 0 | AR42: =AP42+AQ42 -> 0 | AS42: =IF(AR42=5,$AS$7,IF(AR42=2,$AS$8,IF(AR42=3,$AS$9,IF(AR42=0,$AS$10)))) -> 0 | AT42: =SUM(IF(D42="CP",0.5,0),IF(E42="CP",0.5,0)) -> 0 | AU42: =IF(D42="RTT",0.5,0) -> 0 | AV42: =IF(E42="RTT",0.5,0) -> 0 | AW42: =SUM(AU42:AV42) -> 0 | AX42: =IF(D42="TM",0.5,0) -> 0 | AY42: =IF(E42="TM",0.5,0) -> 0 | AZ42: =SUM(AX42:AY42) -> 0 | BA42: =AZ42/1547*17 -> 0
B43: Mercredi | C43: =IF(OR(C42="",C42=DATE(y,1,31)),"",C42+1) -> 43495 | Q43: =SUM(K43:P43) -> 0 | S43: =IF(C43="","",IF(D43="","",AW43)) | T43: =IF(C43="","",IF(D43="","",AT43)) | V43: =IFERROR(INDIRECT("'action sal 2018'!B"&SMALL('action sal 2018'!C:C,ROW()-12),1),"") | W43: =IF($V43="","",SUM(SUMIFS(AI$13:AI$49,AD$13:AD$49,$V43),SUMIFS(AJ$13:AJ$49,AH$13:AH$49,$V43))) | X43: =IF($V43="","",SUM(SUMIFS(AK$13:AK$49,AD$13:AD$49,$V43),SUMIFS(AL$13:AL$49,AH$13:AH$49,$V43))) | Y43: =IF($V43="","",SUM(SUMIFS(AM$13:AM$49,AD$13:AD$49,$V43),SUMIFS(AN$13:AN$49,AH$13:AH$49,$V43))) | Z43: =IF($V43="","",W43+X43+Y43) | AA43: =IF(H43="",LEFT($F$2,3),H43) -> IDN | AB43: =IF(AC43="","",INDIRECT("'liste action'!C"&MATCH(AC43,'liste action'!D:D,0),1)) | AC43: =IF(OR(D43="JF",D43=""),"",INDIRECT("'liste action'!D"&MATCH(D43,'liste action'!E:E,0),1)) | AD43: =CONCATENATE(AA43,AB43,AC43) -> IDN | AE43: =IF(I43="",LEFT($F$2,3),I43) -> IDN | AF43: =IF(AG43="","",INDIRECT("'liste action'!C"&MATCH(AG43,'liste action'!$D:$D,0),1)) | AG43: =IF(OR(E43="JF",E43=""),"",INDIRECT("'liste action'!D"&MATCH(E43,'liste action'!$E:$E,0),1)) | AH43: =CONCATENATE(AE43,AF43,AG43) -> IDN | AI43: =K43 -> 0 | AJ43: =N43 -> 0 | AK43: =L43 -> 0 | AL43: =O43 -> 0 | AM43: =M43 -> 0 | AN43: =P43 -> 0 | AO43: =SUM(AI43:AN43) -> 0 | AP43: =IF(OR(D43="T",D43="TF"),2,0) -> 0 | AQ43: =IF(OR(E43="T",E43="TF"),3,0) -> 0 | AR43: =AP43+AQ43 -> 0 | AS43: =IF(AR43=5,$AS$7,IF(AR43=2,$AS$8,IF(AR43=3,$AS$9,IF(AR43=0,$AS$10)))) -> 0 | AT43: =SUM(IF(D43="CP",0.5,0),IF(E43="CP",0.5,0)) -> 0 | AU43: =IF(D43="RTT",0.5,0) -> 0 | AV43: =IF(E43="RTT",0.5,0) -> 0 | AW43: =SUM(AU43:AV43) -> 0 | AX43: =IF(D43="TM",0.5,0) -> 0 | AY43: =IF(E43="TM",0.5,0) -> 0 | AZ43: =SUM(AX43:AY43) -> 0 | BA43: =AZ43/1547*17 -> 0
B44: Jeudi | C44: =IF(OR(C43="",C43=DATE(y,1,31)),"",C43+1) -> 43496 | Q44: =SUM(K44:P44) -> 0 | S44: =IF(C44="","",IF(D44="","",AW44)) | T44: =IF(C44="","",IF(D44="","",AT44)) | V44: =IFERROR(INDIRECT("'action sal 2018'!B"&SMALL('action sal 2018'!C:C,ROW()-12),1),"") | W44: =IF($V44="","",SUM(SUMIFS(AI$13:AI$49,AD$13:AD$49,$V44),SUMIFS(AJ$13:AJ$49,AH$13:AH$49,$V44))) | X44: =IF($V44="","",SUM(SUMIFS(AK$13:AK$49,AD$13:AD$49,$V44),SUMIFS(AL$13:AL$49,AH$13:AH$49,$V44))) | Y44: =IF($V44="","",SUM(SUMIFS(AM$13:AM$49,AD$13:AD$49,$V44),SUMIFS(AN$13:AN$49,AH$13:AH$49,$V44))) | Z44: =IF($V44="","",W44+X44+Y44) | AA44: =IF(H44="",LEFT($F$2,3),H44) -> IDN | AB44: =IF(AC44="","",INDIRECT("'liste action'!C"&MATCH(AC44,'liste action'!D:D,0),1)) | AC44: =IF(OR(D44="JF",D44=""),"",INDIRECT("'liste action'!D"&MATCH(D44,'liste action'!E:E,0),1)) | AD44: =CONCATENATE(AA44,AB44,AC44) -> IDN | AE44: =IF(I44="",LEFT($F$2,3),I44) -> IDN | AF44: =IF(AG44="","",INDIRECT("'liste action'!C"&MATCH(AG44,'liste action'!$D:$D,0),1)) | AG44: =IF(OR(E44="JF",E44=""),"",INDIRECT("'liste action'!D"&MATCH(E44,'liste action'!$E:$E,0),1)) | AH44: =CONCATENATE(AE44,AF44,AG44) -> IDN | AI44: =K44 -> 0 | AJ44: =N44 -> 0 | AK44: =L44 -> 0 | AL44: =O44 -> 0 | AM44: =M44 -> 0 | AN44: =P44 -> 0 | AO44: =SUM(AI44:AN44) -> 0 | AP44: =IF(OR(D44="T",D44="TF"),2,0) -> 0 | AQ44: =IF(OR(E44="T",E44="TF"),3,0) -> 0 | AR44: =AP44+AQ44 -> 0 | AS44: =IF(AR44=5,$AS$7,IF(AR44=2,$AS$8,IF(AR44=3,$AS$9,IF(AR44=0,$AS$10)))) -> 0 | AT44: =SUM(IF(D44="CP",0.5,0),IF(E44="CP",0.5,0)) -> 0 | AU44: =IF(D44="RTT",0.5,0) -> 0 | AV44: =IF(E44="RTT",0.5,0) -> 0 | AW44: =SUM(AU44:AV44) -> 0 | AX44: =IF(D44="TM",0.5,0) -> 0 | AY44: =IF(E44="TM",0.5,0) -> 0 | AZ44: =SUM(AX44:AY44) -> 0 | BA44: =AZ44/1547*17 -> 0
B45: Vendredi | Q45: =SUM(K45:P45) -> 0 | S45: =IF(C45="","",IF(D45="","",AW45)) | T45: =IF(C45="","",IF(D45="","",AT45)) | V45: =IFERROR(INDIRECT("'action sal 2018'!B"&SMALL('action sal 2018'!C:C,ROW()-12),1),"") | W45: =IF($V45="","",SUM(SUMIFS(AI$13:AI$49,AD$13:AD$49,$V45),SUMIFS(AJ$13:AJ$49,AH$13:AH$49,$V45))) | X45: =IF($V45="","",SUM(SUMIFS(AK$13:AK$49,AD$13:AD$49,$V45),SUMIFS(AL$13:AL$49,AH$13:AH$49,$V45))) | Y45: =IF($V45="","",SUM(SUMIFS(AM$13:AM$49,AD$13:AD$49,$V45),SUMIFS(AN$13:AN$49,AH$13:AH$49,$V45))) | Z45: =IF($V45="","",W45+X45+Y45) | AA45: =IF(H45="",LEFT($F$2,3),H45) -> IDN | AB45: =IF(AC45="","",INDIRECT("'liste action'!C"&MATCH(AC45,'liste action'!D:D,0),1)) | AC45: =IF(OR(D45="JF",D45=""),"",INDIRECT("'liste action'!D"&MATCH(D45,'liste action'!E:E,0),1)) | AD45: =CONCATENATE(AA45,AB45,AC45) -> IDN | AE45: =IF(I45="",LEFT($F$2,3),I45) -> IDN | AF45: =IF(AG45="","",INDIRECT("'liste action'!C"&MATCH(AG45,'liste action'!$D:$D,0),1)) | AG45: =IF(OR(E45="JF",E45=""),"",INDIRECT("'liste action'!D"&MATCH(E45,'liste action'!$E:$E,0),1)) | AH45: =CONCATENATE(AE45,AF45,AG45) -> IDN | AI45: =K45 -> 0 | AJ45: =N45 -> 0 | AK45: =L45 -> 0 | AL45: =O45 -> 0 | AM45: =M45 -> 0 | AN45: =P45 -> 0 | AO45: =SUM(AI45:AN45) -> 0 | AP45: =IF(OR(D45="T",D45="TF"),2,0) -> 0 | AQ45: =IF(OR(E45="T",E45="TF"),3,0) -> 0 | AR45: =AP45+AQ45 -> 0 | AS45: =IF(AR45=5,$AS$7,IF(AR45=2,$AS$8,IF(AR45=3,$AS$9,IF(AR45=0,$AS$10)))) -> 0 | AT45: =SUM(IF(D45="CP",0.5,0),IF(E45="CP",0.5,0)) -> 0 | AU45: =IF(D45="RTT",0.5,0) -> 0 | AV45: =IF(E45="RTT",0.5,0) -> 0 | AW45: =SUM(AU45:AV45) -> 0 | AX45: =IF(D45="TM",0.5,0) -> 0 | AY45: =IF(E45="TM",0.5,0) -> 0 | AZ45: =SUM(AX45:AY45) -> 0 | BA45: =AZ45/1547*17 -> 0
B46: Samedi | S46: =IF(C46="","",IF(D46="","",AW46)) | T46: =IF(C46="","",IF(D46="","",AT46)) | V46: =IFERROR(INDIRECT("'action sal 2018'!B"&SMALL('action sal 2018'!C:C,ROW()-12),1),"") | W46: =IF($V46="","",SUM(SUMIFS(AI$13:AI$49,AD$13:AD$49,$V46),SUMIFS(AJ$13:AJ$49,AH$13:AH$49,$V46))) | X46: =IF($V46="","",SUM(SUMIFS(AK$13:AK$49,AD$13:AD$49,$V46),SUMIFS(AL$13:AL$49,AH$13:AH$49,$V46))) | Y46: =IF($V46="","",SUM(SUMIFS(AM$13:AM$49,AD$13:AD$49,$V46),SUMIFS(AN$13:AN$49,AH$13:AH$49,$V46))) | Z46: =IF($V46="","",W46+X46+Y46) | AA46: =IF(H46="",LEFT($F$2,3),H46) -> IDN | AB46: =IF(AC46="","",INDIRECT("'liste action'!C"&MATCH(AC46,'liste action'!D:D,0),1)) | AC46: =IF(OR(D46="JF",D46=""),"",INDIRECT("'liste action'!D"&MATCH(D46,'liste action'!E:E,0),1)) | AD46: =CONCATENATE(AA46,AB46,AC46) -> IDN | AE46: =IF(I46="",LEFT($F$2,3),I46) -> IDN | AF46: =IF(AG46="","",INDIRECT("'liste action'!C"&MATCH(AG46,'liste action'!$D:$D,0),1)) | AG46: =IF(OR(E46="JF",E46=""),"",INDIRECT("'liste action'!D"&MATCH(E46,'liste action'!$E:$E,0),1)) | AH46: =CONCATENATE(AE46,AF46,AG46) -> IDN | AI46: =K46 -> 0 | AJ46: =N46 -> 0 | AK46: =L46 -> 0 | AL46: =O46 -> 0 | AM46: =M46 -> 0 | AN46: =P46 -> 0 | AO46: =SUM(AI46:AN46) -> 0 | AP46: =IF(OR(D46="T",D46="TF"),2,0) -> 0 | AQ46: =IF(OR(E46="T",E46="TF"),3,0) -> 0 | AR46: =AP46+AQ46 -> 0 | AS46: =IF(AR46=5,$AS$7,IF(AR46=2,$AS$8,IF(AR46=3,$AS$9,IF(AR46=0,$AS$10)))) -> 0 | AT46: =SUM(IF(D46="CP",0.5,0),IF(E46="CP",0.5,0)) -> 0 | AU46: =IF(D46="RTT",0.5,0) -> 0 | AV46: =IF(E46="RTT",0.5,0) -> 0 | AW46: =SUM(AU46:AV46) -> 0 | AX46: =IF(D46="TM",0.5,0) -> 0 | AY46: =IF(E46="TM",0.5,0) -> 0 | AZ46: =SUM(AX46:AY46) -> 0 | BA46: =AZ46/1547*17 -> 0
B47: Dimanche | S47: =IF(C47="","",IF(D47="","",AW47)) | T47: =IF(C47="","",IF(D47="","",AT47)) | V47: =IFERROR(INDIRECT("'action sal 2018'!B"&SMALL('action sal 2018'!C:C,ROW()-12),1),"") | W47: =IF($V47="","",SUM(SUMIFS(AI$13:AI$49,AD$13:AD$49,$V47),SUMIFS(AJ$13:AJ$49,AH$13:AH$49,$V47))) | X47: =IF($V47="","",SUM(SUMIFS(AK$13:AK$49,AD$13:AD$49,$V47),SUMIFS(AL$13:AL$49,AH$13:AH$49,$V47))) | Y47: =IF($V47="","",SUM(SUMIFS(AM$13:AM$49,AD$13:AD$49,$V47),SUMIFS(AN$13:AN$49,AH$13:AH$49,$V47))) | Z47: =IF($V47="","",W47+X47+Y47) | AA47: =IF(H47="",LEFT($F$2,3),H47) -> IDN | AB47: =IF(AC47="","",INDIRECT("'liste action'!C"&MATCH(AC47,'liste action'!D:D,0),1)) | AC47: =IF(OR(D47="JF",D47=""),"",INDIRECT("'liste action'!D"&MATCH(D47,'liste action'!E:E,0),1)) | AD47: =CONCATENATE(AA47,AB47,AC47) -> IDN | AE47: =IF(I47="",LEFT($F$2,3),I47) -> IDN | AF47: =IF(AG47="","",INDIRECT("'liste action'!C"&MATCH(AG47,'liste action'!$D:$D,0),1)) | AG47: =IF(OR(E47="JF",E47=""),"",INDIRECT("'liste action'!D"&MATCH(E47,'liste action'!$E:$E,0),1)) | AH47: =CONCATENATE(AE47,AF47,AG47) -> IDN | AI47: =K47 -> 0 | AJ47: =N47 -> 0 | AK47: =L47 -> 0 | AL47: =O47 -> 0 | AM47: =M47 -> 0 | AN47: =P47 -> 0 | AO47: =SUM(AI47:AN47) -> 0 | AP47: =IF(OR(D47="T",D47="TF"),2,0) -> 0 | AQ47: =IF(OR(E47="T",E47="TF"),3,0) -> 0 | AR47: =AP47+AQ47 -> 0 | AS47: =IF(AR47=5,$AS$7,IF(AR47=2,$AS$8,IF(AR47=3,$AS$9,IF(AR47=0,$AS$10)))) -> 0 | AT47: =SUM(IF(D47="CP",0.5,0),IF(E47="CP",0.5,0)) -> 0 | AU47: =IF(D47="RTT",0.5,0) -> 0 | AV47: =IF(E47="RTT",0.5,0) -> 0 | AW47: =SUM(AU47:AV47) -> 0 | AX47: =IF(D47="TM",0.5,0) -> 0 | AY47: =IF(E47="TM",0.5,0) -> 0 | AZ47: =SUM(AX47:AY47) -> 0 | BA47: =AZ47/1547*17 -> 0
B48: Lundi | Q48: =SUM(K48:P48) -> 0 | S48: =IF(C48="","",IF(D48="","",AW48)) | T48: =IF(C48="","",IF(D48="","",AT48)) | V48: =IFERROR(INDIRECT("'action sal 2018'!B"&SMALL('action sal 2018'!C:C,ROW()-12),1),"") | W48: =IF($V48="","",SUM(SUMIFS(AI$13:AI$49,AD$13:AD$49,$V48),SUMIFS(AJ$13:AJ$49,AH$13:AH$49,$V48))) | X48: =IF($V48="","",SUM(SUMIFS(AK$13:AK$49,AD$13:AD$49,$V48),SUMIFS(AL$13:AL$49,AH$13:AH$49,$V48))) | Y48: =IF($V48="","",SUM(SUMIFS(AM$13:AM$49,AD$13:AD$49,$V48),SUMIFS(AN$13:AN$49,AH$13:AH$49,$V48))) | Z48: =IF($V48="","",W48+X48+Y48) | AA48: =IF(H48="",LEFT($F$2,3),H48) -> IDN | AB48: =IF(AC48="","",INDIRECT("'liste action'!C"&MATCH(AC48,'liste action'!D:D,0),1)) | AC48: =IF(OR(D48="JF",D48=""),"",INDIRECT("'liste action'!D"&MATCH(D48,'liste action'!E:E,0),1)) | AD48: =CONCATENATE(AA48,AB48,AC48) -> IDN | AE48: =IF(I48="",LEFT($F$2,3),I48) -> IDN | AF48: =IF(AG48="","",INDIRECT("'liste action'!C"&MATCH(AG48,'liste action'!$D:$D,0),1)) | AG48: =IF(OR(E48="JF",E48=""),"",INDIRECT("'liste action'!D"&MATCH(E48,'liste action'!$E:$E,0),1)) | AH48: =CONCATENATE(AE48,AF48,AG48) -> IDN | AI48: =K48 -> 0 | AJ48: =N48 -> 0 | AK48: =L48 -> 0 | AL48: =O48 -> 0 | AM48: =M48 -> 0 | AN48: =P48 -> 0 | AO48: =SUM(AI48:AN48) -> 0 | AP48: =IF(OR(D48="T",D48="TF"),2,0) -> 0 | AQ48: =IF(OR(E48="T",E48="TF"),3,0) -> 0 | AR48: =AP48+AQ48 -> 0 | AS48: =IF(AR48=5,$AS$7,IF(AR48=2,$AS$8,IF(AR48=3,$AS$9,IF(AR48=0,$AS$10)))) -> 0 | AT48: =SUM(IF(D48="CP",0.5,0),IF(E48="CP",0.5,0)) -> 0 | AU48: =IF(D48="RTT",0.5,0) -> 0 | AV48: =IF(E48="RTT",0.5,0) -> 0 | AW48: =SUM(AU48:AV48) -> 0 | AX48: =IF(D48="TM",0.5,0) -> 0 | AY48: =IF(E48="TM",0.5,0) -> 0 | AZ48: =SUM(AX48:AY48) -> 0 | BA48: =AZ48/1547*17 -> 0
B49: Mardi | Q49: =SUM(K49:P49) -> 0 | S49: =IF(C49="","",IF(D49="","",AW49)) | T49: =IF(C49="","",IF(D49="","",AT49)) | V49: =IFERROR(INDIRECT("'action sal 2018'!B"&SMALL('action sal 2018'!C:C,ROW()-12),1),"") | W49: =IF($V49="","",SUM(SUMIFS(AI$13:AI$49,AD$13:AD$49,$V49),SUMIFS(AJ$13:AJ$49,AH$13:AH$49,$V49))) | X49: =IF($V49="","",SUM(SUMIFS(AK$13:AK$49,AD$13:AD$49,$V49),SUMIFS(AL$13:AL$49,AH$13:AH$49,$V49))) | Y49: =IF($V49="","",SUM(SUMIFS(AM$13:AM$49,AD$13:AD$49,$V49),SUMIFS(AN$13:AN$49,AH$13:AH$49,$V49))) | Z49: =IF($V49="","",W49+X49+Y49) | AA49: =IF(H49="",LEFT($F$2,3),H49) -> IDN | AB49: =IF(AC49="","",INDIRECT("'liste action'!C"&MATCH(AC49,'liste action'!D:D,0),1)) | AC49: =IF(OR(D49="JF",D49=""),"",INDIRECT("'liste action'!D"&MATCH(D49,'liste action'!E:E,0),1)) | AD49: =CONCATENATE(AA49,AB49,AC49) -> IDN | AE49: =IF(I49="",LEFT($F$2,3),I49) -> IDN | AF49: =IF(AG49="","",INDIRECT("'liste action'!C"&MATCH(AG49,'liste action'!$D:$D,0),1)) | AG49: =IF(OR(E49="JF",E49=""),"",INDIRECT("'liste action'!D"&MATCH(E49,'liste action'!$E:$E,0),1)) | AH49: =CONCATENATE(AE49,AF49,AG49) -> IDN | AI49: =K49 -> 0 | AJ49: =N49 -> 0 | AK49: =L49 -> 0 | AL49: =O49 -> 0 | AM49: =M49 -> 0 | AN49: =P49 -> 0 | AO49: =SUM(AI49:AN49) -> 0 | AP49: =IF(OR(D49="T",D49="TF"),2,0) -> 0 | AQ49: =IF(OR(E49="T",E49="TF"),3,0) -> 0 | AR49: =AP49+AQ49 -> 0 | AS49: =IF(AR49=5,$AS$7,IF(AR49=2,$AS$8,IF(AR49=3,$AS$9,IF(AR49=0,$AS$10)))) -> 0 | AT49: =SUM(IF(D49="CP",0.5,0),IF(E49="CP",0.5,0)) -> 0 | AU49: =IF(D49="RTT",0.5,0) -> 0 | AV49: =IF(E49="RTT",0.5,0) -> 0 | AW49: =SUM(AU49:AV49) -> 0 | AX49: =IF(D49="TM",0.5,0) -> 0 | AY49: =IF(E49="TM",0.5,0) -> 0 | AZ49: =SUM(AX49:AY49) -> 0 | BA49: =AZ49/1547*17 -> 0
AI50: =SUM(AI13:AI49) -> 9 | AJ50: =SUM(AJ13:AJ49) -> 10 | AK50: =SUM(AK13:AK49) -> 1.1 | AL50: =SUM(AL13:AL49) -> 5.4 | AM50: =SUM(AM13:AM49) -> 8.8 | AN50: =SUM(AN13:AN49) -> 10.1 | AO50: =SUM(AO13:AO49) -> 44.4
K51: =SUM(K13:K49) -> 9 | L51: =SUM(L13:L49) -> 1.1 | M51: =SUM(M13:M49) -> 8.8 | N51: =SUM(N13:N49) -> 10 | O51: =SUM(O13:O49) -> 5.4 | P51: =SUM(P13:P49) -> 10.1 | Q51: =SUM(Q13:Q49) -> 44.4 | S51: =S10-SUM(S13:S49) -> -0.5 | T51: =T10-SUM(T13:T49) -> -1.5
S52: soldes
D53: Signature salarié | F53: Signature coordinateur | J53: Signaure Directrice Rgionale IRFREP | S53: Date

Sheet FEV.
A1: NOM / Prénom : | C1: =+'JANV.'!C1 -> AIELLO | J1: FEVRIER | M1: ='JANV.'!Q1 -> 2019
B4: minutes | C4: centièmes | E4: Formule de calcul | J4: T = | K4: Travaillé
B5: 15 | C5: =B5/60*100 -> 25 | E5: 15 | G5: =E5/60*100 -> 25 | J5: TM = | K5: Maladie
B6: 30 | C6: 50 | J6: TF = | K6: Formation
B7: 45 | C7: =B7/60*100 -> 75 | E7: Formule pour traduire les minutes en centièmes : (nbre de minutes / 60) * 100 | J7: RTT = | K7: Réduction tps travail | S7: 5 | T7: 7 | U7: TOTAL
J8: CP = | K8: Congés Payés | S8: 2 | T8: 3.5 | U8: Matin
J9: JNT = | K9: Jours non travaillés (tps partiel) | S9: 3 | T9: 3.5 | U9: Après-midi
B10: Temps de travail | E10: 7 | J10: JF = | K10: Jours Férriés | S10: 0 | T10: 0 | U10: Vide
D12: matin | E12: après-midi | G12: Tps de travail (en centièmes) | I12: Récup. + (en centièmes) | J12: Récup. - (en centièmes) | K12: Solde (en centièmes) | M12: Congés
B13: Report | K13: =+'JANV.'!S51 -> -0.5 | M13: =+'JANV.'!T51 -> -1.5 | U13: CP | V13: RTT Matin | W13: RTT Après-midi | X13: Total RTT | Y13: TM Matin | Z13: TM | AA13: Total TM | AB13: Impact TM s/RTT
A14: 5 | B14: Lundi | C14: {=IF(MONTH(DATE(y,2,1))<>MONTH(DATE(y,2,1)-(WEEKDAY(DATE(y,2,1),3)-1)+{1;2;3;4;5;6;7}+{0,1,2,3,4,5}-2),"",DATE(y,2,1)-(WEEKDAY(DATE(y,2,1),3)-1)+{1;2;3;4;5;6;7}+{0,1,2,3,4,5}-2)} | K14: =K13+I14+J14 -> -0.5 | M14: =-U14 -> 0 | Q14: =IF(D14="T",2,IF(D14="CP",0,IF(D14="TF",2,IF(D14="TM",0,IF(D14="JF",0,IF(D14="RTT",0,IF(D14="JNT",0,"0"))))))) -> 0 | R14: =IF(E14="T",3,IF(E14="CP",0,IF(E14="TF",3,IF(E14="TM",0,IF(E14="JF",0,IF(E14="RTT",0,IF(E14="JNT",0,"0"))))))) -> 0 | S14: =Q14+R14 -> 0 | T14: =IF(S14=5,$T$7,IF(S14=2,$T$8,IF(S14=3,$T$9,IF(S14=0,$T$10)))) -> 0 | U14: =IF(AND(D14="CP",E14="CP"),1,IF(AND(D14="CP",E14<>"CP"),0.5,IF(AND(D14<>"CP",E14="CP"),0.5,0))) -> 0 | V14: =IF(D14="RTT",0.5,0) -> 0 | W14: =IF(E14="RTT",0.5,0) -> 0 | X14: =SUM(V14:W14) -> 0 | Y14: =IF(D14="TM",0.5,0) -> 0 | Z14: =IF(E14="TM",0.5,0) -> 0 | AA14: =SUM(Y14:Z14) -> 0 | AB14: =AA14/1547*17 -> 0
B15: Mardi | I15: =IF(G15>T15,(G15-T15),0) -> 0 | J15: =IF(G15<T15,(G15-T15),0) -> 0 | K15: =K14+I15+J15 -> -0.5 | M15: =-U15 -> 0 | Q15: =IF(D15="T",2,IF(D15="CP",0,IF(D15="TF",2,IF(D15="TM",0,IF(D15="JF",0,IF(D15="RTT",0,IF(D15="JNT",0,"0"))))))) -> 0 | R15: =IF(E15="T",3,IF(E15="CP",0,IF(E15="TF",3,IF(E15="TM",0,IF(E15="JF",0,IF(E15="RTT",0,IF(E15="JNT",0,"0"))))))) -> 0 | S15: =Q15+R15 -> 0 | T15: =IF(S15=5,$T$7,IF(S15=2,$T$8,IF(S15=3,$T$9,IF(S15=0,$T$10)))) -> 0 | U15: =IF(AND(D15="CP",E15="CP"),1,IF(AND(D15="CP",E15<>"CP"),0.5,IF(AND(D15<>"CP",E15="CP"),0.5,0))) -> 0 | V15: =IF(D15="RTT",0.5,0) -> 0 | W15: =IF(E15="RTT",0.5,0) -> 0 | X15: =SUM(V15:W15) -> 0 | Y15: =IF(D15="TM",0.5,0) -> 0 | Z15: =IF(E15="TM",0.5,0) -> 0 | AA15: =SUM(Y15:Z15) -> 0 | AB15: =AA15/1547*17 -> 0
B16: Mercredi | I16: =IF(G16>T16,(G16-T16),0) -> 0 | J16: =IF(G16<T16,(G16-T16),0) -> 0 | K16: =K15+I16+J16 -> -0.5 | M16: =-U16 -> 0 | Q16: =IF(D16="T",2,IF(D16="CP",0,IF(D16="TF",2,IF(D16="TM",0,IF(D16="JF",0,IF(D16="RTT",0,IF(D16="JNT",0,"0"))))))) -> 0 | R16: =IF(E16="T",3,IF(E16="CP",0,IF(E16="TF",3,IF(E16="TM",0,IF(E16="JF",0,IF(E16="RTT",0,IF(E16="JNT",0,"0"))))))) -> 0 | S16: =Q16+R16 -> 0 | T16: =IF(S16=5,$T$7,IF(S16=2,$T$8,IF(S16=3,$T$9,IF(S16=0,$T$10)))) -> 0 | U16: =IF(AND(D16="CP",E16="CP"),1,IF(AND(D16="CP",E16<>"CP"),0.5,IF(AND(D16<>"CP",E16="CP"),0.5,0))) -> 0 | V16: =IF(D16="RTT",0.5,0) -> 0 | W16: =IF(E16="RTT",0.5,0) -> 0 | X16: =SUM(V16:W16) -> 0 | Y16: =IF(D16="TM",0.5,0) -> 0 | Z16: =IF(E16="TM",0.5,0) -> 0 | AA16: =SUM(Y16:Z16) -> 0 | AB16: =AA16/1547*17 -> 0
B17: Jeudi | I17: =IF(G17>T17,(G17-T17),0) -> 0 | J17: =IF(G17<T17,(G17-T17),0) -> 0 | K17: =K16+I17+J17 -> -0.5 | M17: =-U17 -> 0 | Q17: =IF(D17="T",2,IF(D17="CP",0,IF(D17="TF",2,IF(D17="TM",0,IF(D17="JF",0,IF(D17="RTT",0,IF(D17="JNT",0,"0"))))))) -> 0 | R17: =IF(E17="T",3,IF(E17="CP",0,IF(E17="TF",3,IF(E17="TM",0,IF(E17="JF",0,IF(E17="RTT",0,IF(E17="JNT",0,"0"))))))) -> 0 | S17: =Q17+R17 -> 0 | T17: =IF(S17=5,$T$7,IF(S17=2,$T$8,IF(S17=3,$T$9,IF(S17=0,$T$10)))) -> 0 | U17: =IF(AND(D17="CP",E17="CP"),1,IF(AND(D17="CP",E17<>"CP"),0.5,IF(AND(D17<>"CP",E17="CP"),0.5,0))) -> 0 | V17: =IF(D17="RTT",0.5,0) -> 0 | W17: =IF(E17="RTT",0.5,0) -> 0 | X17: =SUM(V17:W17) -> 0 | Y17: =IF(D17="TM",0.5,0) -> 0 | Z17: =IF(E17="TM",0.5,0) -> 0 | AA17: =SUM(Y17:Z17) -> 0 | AB17: =AA17/1547*17 -> 0
B18: Vendredi | C18: 43497 | I18: =IF(G18>T18,(G18-T18),0) -> 0 | J18: =IF(G18<T18,(G18-T18),0) -> 0 | K18: =K17+I18+J18 -> -0.5 | M18: =-U18 -> 0 | Q18: =IF(D18="T",2,IF(D18="CP",0,IF(D18="TF",2,IF(D18="TM",0,IF(D18="JF",0,IF(D18="RTT",0,IF(D18="JNT",0,"0"))))))) -> 0 | R18: =IF(E18="T",3,IF(E18="CP",0,IF(E18="TF",3,IF(E18="TM",0,IF(E18="JF",0,IF(E18="RTT",0,IF(E18="JNT",0,"0"))))))) -> 0 | S18: =Q18+R18 -> 0 | T18: =IF(S18=5,$T$7,IF(S18=2,$T$8,IF(S18=3,$T$9,IF(S18=0,$T$10)))) -> 0 | U18: =IF(AND(D18="CP",E18="CP"),1,IF(AND(D18="CP",E18<>"CP"),0.5,IF(AND(D18<>"CP",E18="CP"),0.5,0))) -> 0 | V18: =IF(D18="RTT",0.5,0) -> 0 | W18: =IF(E18="RTT",0.5,0) -> 0 | X18: =SUM(V18:W18) -> 0 | Y18: =IF(D18="TM",0.5,0) -> 0 | Z18: =IF(E18="TM",0.5,0) -> 0 | AA18: =SUM(Y18:Z18) -> 0 | AB18: =AA18/1547*17 -> 0
B19: Samedi | C19: 43498 | Q19: =IF(D19="T",2,IF(D19="CP",0,IF(D19="TF",2,IF(D19="TM",0,IF(D19="JF",0,IF(D19="RTT",0,IF(D19="JNT",0,"0"))))))) -> 0 | R19: =IF(E19="T",3,IF(E19="CP",0,IF(E19="TF",3,IF(E19="TM",0,IF(E19="JF",0,IF(E19="RTT",0,IF(E19="JNT",0,"0"))))))) -> 0 | S19: =Q19+R19 -> 0 | T19: =IF(S19=5,$T$7,IF(S19=2,$T$8,IF(S19=3,$T$9,IF(S19=0,$T$10)))) -> 0 | U19: =IF(AND(D19="CP",E19="CP"),1,IF(AND(D19="CP",E19<>"CP"),0.5,IF(AND(D19<>"CP",E19="CP"),0.5,0))) -> 0 | V19: =IF(D19="RTT",0.5,0) -> 0 | W19: =IF(E19="RTT",0.5,0) -> 0 | X19: =SUM(V19:W19) -> 0 | Y19: =IF(D19="TM",0.5,0) -> 0 | Z19: =IF(E19="TM",0.5,0) -> 0 | AA19: =SUM(Y19:Z19) -> 0 | AB19: =AA19/1547*17 -> 0
B20: Dimanche | C20: 43499 | Q20: =IF(D20="T",2,IF(D20="CP",0,IF(D20="TF",2,IF(D20="TM",0,IF(D20="JF",0,IF(D20="RTT",0,IF(D20="JNT",0,"0"))))))) -> 0 | R20: =IF(E20="T",3,IF(E20="CP",0,IF(E20="TF",3,IF(E20="TM",0,IF(E20="JF",0,IF(E20="RTT",0,IF(E20="JNT",0,"0"))))))) -> 0 | S20: =Q20+R20 -> 0 | T20: =IF(S20=5,$T$7,IF(S20=2,$T$8,IF(S20=3,$T$9,IF(S20=0,$T$10)))) -> 0 | U20: =IF(AND(D20="CP",E20="CP"),1,IF(AND(D20="CP",E20<>"CP"),0.5,IF(AND(D20<>"CP",E20="CP"),0.5,0))) -> 0 | V20: =IF(D20="RTT",0.5,0) -> 0 | W20: =IF(E20="RTT",0.5,0) -> 0 | X20: =SUM(V20:W20) -> 0 | Y20: =IF(D20="TM",0.5,0) -> 0 | Z20: =IF(E20="TM",0.5,0) -> 0 | AA20: =SUM(Y20:Z20) -> 0 | AB20: =AA20/1547*17 -> 0
A21: 6 | B21: Lundi | C21: =IF(OR(C20="",C20=DATE($M$1,2,28)),"",C20+1) -> 43500 | I21: =IF(G21>T21,(G21-T21),0) -> 0 | J21: =IF(G21<T21,(G21-T21),0) -> 0 | K21: =+K18+I21+J21 -> -0.5 | M21: =-U21 -> 0 | Q21: =IF(D21="T",2,IF(D21="CP",0,IF(D21="TF",2,IF(D21="TM",0,IF(D21="JF",0,IF(D21="RTT",0,IF(D21="JNT",0,"0"))))))) -> 0 | R21: =IF(E21="T",3,IF(E21="CP",0,IF(E21="TF",3,IF(E21="TM",0,IF(E21="JF",0,IF(E21="RTT",0,IF(E21="JNT",0,"0"))))))) -> 0 | S21: =Q21+R21 -> 0 | T21: =IF(S21=5,$T$7,IF(S21=2,$T$8,IF(S21=3,$T$9,IF(S21=0,$T$10)))) -> 0 | U21: =IF(AND(D21="CP",E21="CP"),1,IF(AND(D21="CP",E21<>"CP"),0.5,IF(AND(D21<>"CP",E21="CP"),0.5,0))) -> 0 | V21: =IF(D21="RTT",0.5,0) -> 0 | W21: =IF(E21="RTT",0.5,0) -> 0 | X21: =SUM(V21:W21) -> 0 | Y21: =IF(D21="TM",0.5,0) -> 0 | Z21: =IF(E21="TM",0.5,0) -> 0 | AA21: =SUM(Y21:Z21) -> 0 | AB21: =AA21/1547*17 -> 0
B22: Mardi | C22: =IF(OR(C21="",C21=DATE($M$1,2,28)),"",C21+1) -> 43501 | I22: =IF(G22>T22,(G22-T22),0) -> 0 | J22: =IF(G22<T22,(G22-T22),0) -> 0 | K22: =K21+I22+J22 -> -0.5 | M22: =-U22 -> 0 | Q22: =IF(D22="T",2,IF(D22="CP",0,IF(D22="TF",2,IF(D22="TM",0,IF(D22="JF",0,IF(D22="RTT",0,IF(D22="JNT",0,"0"))))))) -> 0 | R22: =IF(E22="T",3,IF(E22="CP",0,IF(E22="TF",3,IF(E22="TM",0,IF(E22="JF",0,IF(E22="RTT",0,IF(E22="JNT",0,"0"))))))) -> 0 | S22: =Q22+R22 -> 0 | T22: =IF(S22=5,$T$7,IF(S22=2,$T$8,IF(S22=3,$T$9,IF(S22=0,$T$10)))) -> 0 | U22: =IF(AND(D22="CP",E22="CP"),1,IF(AND(D22="CP",E22<>"CP"),0.5,IF(AND(D22<>"CP",E22="CP"),0.5,0))) -> 0 | V22: =IF(D22="RTT",0.5,0) -> 0 | W22: =IF(E22="RTT",0.5,0) -> 0 | X22: =SUM(V22:W22) -> 0 | Y22: =IF(D22="TM",0.5,0) -> 0 | Z22: =IF(E22="TM",0.5,0) -> 0 | AA22: =SUM(Y22:Z22) -> 0 | AB22: =AA22/1547*17 -> 0
B23: Mercredi | C23: =IF(OR(C22="",C22=DATE($M$1,2,28)),"",C22+1) -> 43502 | I23: =IF(G23>T23,(G23-T23),0) -> 0 | J23: =IF(G23<T23,(G23-T23),0) -> 0 | K23: =K22+I23+J23 -> -0.5 | M23: =-U23 -> 0 | Q23: =IF(D23="T",2,IF(D23="CP",0,IF(D23="TF",2,IF(D23="TM",0,IF(D23="JF",0,IF(D23="RTT",0,IF(D23="JNT",0,"0"))))))) -> 0 | R23: =IF(E23="T",3,IF(E23="CP",0,IF(E23="TF",3,IF(E23="TM",0,IF(E23="JF",0,IF(E23="RTT",0,IF(E23="JNT",0,"0"))))))) -> 0 | S23: =Q23+R23 -> 0 | T23: =IF(S23=5,$T$7,IF(S23=2,$T$8,IF(S23=3,$T$9,IF(S23=0,$T$10)))) -> 0 | U23: =IF(AND(D23="CP",E23="CP"),1,IF(AND(D23="CP",E23<>"CP"),0.5,IF(AND(D23<>"CP",E23="CP"),0.5,0))) -> 0 | V23: =IF(D23="RTT",0.5,0) -> 0 | W23: =IF(E23="RTT",0.5,0) -> 0 | X23: =SUM(V23:W23) -> 0 | Y23: =IF(D23="TM",0.5,0) -> 0 | Z23: =IF(E23="TM",0.5,0) -> 0 | AA23: =SUM(Y23:Z23) -> 0 | AB23: =AA23/1547*17 -> 0
B24: Jeudi | C24: =IF(OR(C23="",C23=DATE($M$1,2,28)),"",C23+1) -> 43503 | I24: =IF(G24>T24,(G24-T24),0) -> 0 | J24: =IF(G24<T24,(G24-T24),0) -> 0 | K24: =K23+I24+J24 -> -0.5 | M24: =-U24 -> 0 | Q24: =IF(D24="T",2,IF(D24="CP",0,IF(D24="TF",2,IF(D24="TM",0,IF(D24="JF",0,IF(D24="RTT",0,IF(D24="JNT",0,"0"))))))) -> 0 | R24: =IF(E24="T",3,IF(E24="CP",0,IF(E24="TF",3,IF(E24="TM",0,IF(E24="JF",0,IF(E24="RTT",0,IF(E24="JNT",0,"0"))))))) -> 0 | S24: =Q24+R24 -> 0 | T24: =IF(S24=5,$T$7,IF(S24=2,$T$8,IF(S24=3,$T$9,IF(S24=0,$T$10)))) -> 0 | U24: =IF(AND(D24="CP",E24="CP"),1,IF(AND(D24="CP",E24<>"CP"),0.5,IF(AND(D24<>"CP",E24="CP"),0.5,0))) -> 0 | V24: =IF(D24="RTT",0.5,0) -> 0 | W24: =IF(E24="RTT",0.5,0) -> 0 | X24: =SUM(U24:W24) -> 0 | Y24: =IF(D24="TM",0.5,0) -> 0 | Z24: =IF(E24="TM",0.5,0) -> 0 | AA24: =SUM(Y24:Z24) -> 0 | AB24: =AA24/1547*17 -> 0
B25: Vendredi | C25: =IF(OR(C24="",C24=DATE($M$1,2,28)),"",C24+1) -> 43504 | I25: =IF(G25>T25,(G25-T25),0) -> 0 | J25: =IF(G25<T25,(G25-T25),0) -> 0 | K25: =K24+I25+J25 -> -0.5 | M25: =-U25 -> 0 | Q25: =IF(D25="T",2,IF(D25="CP",0,IF(D25="TF",2,IF(D25="TM",0,IF(D25="JF",0,IF(D25="RTT",0,IF(D25="JNT",0,"0"))))))) -> 0 | R25: =IF(E25="T",3,IF(E25="CP",0,IF(E25="TF",3,IF(E25="TM",0,IF(E25="JF",0,IF(E25="RTT",0,IF(E25="JNT",0,"0"))))))) -> 0 | S25: =Q25+R25 -> 0 | T25: =IF(S25=5,$T$7,IF(S25=2,$T$8,IF(S25=3,$T$9,IF(S25=0,$T$10)))) -> 0 | U25: =IF(AND(D25="CP",E25="CP"),1,IF(AND(D25="CP",E25<>"CP"),0.5,IF(AND(D25<>"CP",E25="CP"),0.5,0))) -> 0 | V25: =IF(D25="RTT",0.5,0) -> 0 | W25: =IF(E25="RTT",0.5,0) -> 0 | X25: =SUM(U25:W25) -> 0 | Y25: =IF(D25="TM",0.5,0) -> 0 | Z25: =IF(E25="TM",0.5,0) -> 0 | AA25: =SUM(Y25:Z25) -> 0 | AB25: =AA25/1547*17 -> 0
B26: Samedi | C26: =IF(OR(C25="",C25=DATE($M$1,2,28)),"",C25+1) -> 43505 | Q26: =IF(D26="T",2,IF(D26="CP",0,IF(D26="TF",2,IF(D26="TM",0,IF(D26="JF",0,IF(D26="RTT",0,IF(D26="JNT",0,"0"))))))) -> 0 | R26: =IF(E26="T",3,IF(E26="CP",0,IF(E26="TF",3,IF(E26="TM",0,IF(E26="JF",0,IF(E26="RTT",0,IF(E26="JNT",0,"0"))))))) -> 0 | S26: =Q26+R26 -> 0 | T26: =IF(S26=5,$T$7,IF(S26=2,$T$8,IF(S26=3,$T$9,IF(S26=0,$T$10)))) -> 0 | U26: =IF(AND(D26="CP",E26="CP"),1,IF(AND(D26="CP",E26<>"CP"),0.5,IF(AND(D26<>"CP",E26="CP"),0.5,0))) -> 0 | V26: =IF(D26="RTT",0.5,0) -> 0 | W26: =IF(E26="RTT",0.5,0) -> 0 | X26: =SUM(U26:W26) -> 0 | Y26: =IF(D26="TM",0.5,0) -> 0 | Z26: =IF(E26="TM",0.5,0) -> 0 | AA26: =SUM(Y26:Z26) -> 0 | AB26: =AA26/1547*17 -> 0
B27: Dimanche | C27: =IF(OR(C26="",C26=DATE($M$1,2,28)),"",C26+1) -> 43506 | Q27: =IF(D27="T",2,IF(D27="CP",0,IF(D27="TF",2,IF(D27="TM",0,IF(D27="JF",0,IF(D27="RTT",0,IF(D27="JNT",0,"0"))))))) -> 0 | R27: =IF(E27="T",3,IF(E27="CP",0,IF(E27="TF",3,IF(E27="TM",0,IF(E27="JF",0,IF(E27="RTT",0,IF(E27="JNT",0,"0"))))))) -> 0 | S27: =Q27+R27 -> 0 | T27: =IF(S27=5,$T$7,IF(S27=2,$T$8,IF(S27=3,$T$9,IF(S27=0,$T$10)))) -> 0 | U27: =IF(AND(D27="CP",E27="CP"),1,IF(AND(D27="CP",E27<>"CP"),0.5,IF(AND(D27<>"CP",E27="CP"),0.5,0))) -> 0 | V27: =IF(D27="RTT",0.5,0) -> 0 | W27: =IF(E27="RTT",0.5,0) -> 0 | X27: =SUM(U27:W27) -> 0 | Y27: =IF(D27="TM",0.5,0) -> 0 | Z27: =IF(E27="TM",0.5,0) -> 0 | AA27: =SUM(Y27:Z27) -> 0 | AB27: =AA27/1547*17 -> 0
A28: 7 | B28: Lundi | C28: =IF(OR(C27="",C27=DATE($M$1,2,28)),"",C27+1) -> 43507 | I28: =IF(G28>T28,(G28-T28),0) -> 0 | J28: =IF(G28<T28,(G28-T28),0) -> 0 | K28: =+K25+I28+J28 -> -0.5 | M28: =-U28 -> 0 | Q28: =IF(D28="T",2,IF(D28="CP",0,IF(D28="TF",2,IF(D28="TM",0,IF(D28="JF",0,IF(D28="RTT",0,IF(D28="JNT",0,"0"))))))) -> 0 | R28: =IF(E28="T",3,IF(E28="CP",0,IF(E28="TF",3,IF(E28="TM",0,IF(E28="JF",0,IF(E28="RTT",0,IF(E28="JNT",0,"0"))))))) -> 0 | S28: =Q28+R28 -> 0 | T28: =IF(S28=5,$T$7,IF(S28=2,$T$8,IF(S28=3,$T$9,IF(S28=0,$T$10)))) -> 0 | U28: =IF(AND(D28="CP",E28="CP"),1,IF(AND(D28="CP",E28<>"CP"),0.5,IF(AND(D28<>"CP",E28="CP"),0.5,0))) -> 0 | V28: =IF(D28="RTT",0.5,0) -> 0 | W28: =IF(E28="RTT",0.5,0) -> 0 | X28: =SUM(U28:W28) -> 0 | Y28: =IF(D28="TM",0.5,0) -> 0 | Z28: =IF(E28="TM",0.5,0) -> 0 | AA28: =SUM(Y28:Z28) -> 0 | AB28: =AA28/1547*17 -> 0
B29: Mardi | C29: =IF(OR(C28="",C28=DATE($M$1,2,28)),"",C28+1) -> 43508 | I29: =IF(G29>T29,(G29-T29),0) -> 0 | J29: =IF(G29<T29,(G29-T29),0) -> 0 | K29: =K28+I29+J29 -> -0.5 | M29: =-U29 -> 0 | Q29: =IF(D29="T",2,IF(D29="CP",0,IF(D29="TF",2,IF(D29="TM",0,IF(D29="JF",0,IF(D29="RTT",0,IF(D29="JNT",0,"0"))))))) -> 0 | R29: =IF(E29="T",3,IF(E29="CP",0,IF(E29="TF",3,IF(E29="TM",0,IF(E29="JF",0,IF(E29="RTT",0,IF(E29="JNT",0,"0"))))))) -> 0 | S29: =Q29+R29 -> 0 | T29: =IF(S29=5,$T$7,IF(S29=2,$T$8,IF(S29=3,$T$9,IF(S29=0,$T$10)))) -> 0 | U29: =IF(AND(D29="CP",E29="CP"),1,IF(AND(D29="CP",E29<>"CP"),0.5,IF(AND(D29<>"CP",E29="CP"),0.5,0))) -> 0 | V29: =IF(I29="RTT",0.5,0) -> 0 | W29: =SUM(T29:V29) -> 0 | X29: =IF(H29="TM",0.5,0) -> 0 | Y29: =IF(I29="TM",0.5,0) -> 0 | Z29: =SUM(X29:Y29) -> 0 | AA29: =Z29/1547*17 -> 0
B30: Mercredi | C30: =IF(OR(C29="",C29=DATE($M$1,2,28)),"",C29+1) -> 43509 | I30: =IF(G30>T30,(G30-T30),0) -> 0 | J30: =IF(G30<T30,(G30-T30),0) -> 0 | K30: =K29+I30+J30 -> -0.5 | M30: =-U30 -> 0 | Q30: =IF(D30="T",2,IF(D30="CP",0,IF(D30="TF",2,IF(D30="TM",0,IF(D30="JF",0,IF(D30="RTT",0,IF(D30="JNT",0,"0"))))))) -> 0 | R30: =IF(E30="T",3,IF(E30="CP",0,IF(E30="TF",3,IF(E30="TM",0,IF(E30="JF",0,IF(E30="RTT",0,IF(E30="JNT",0,"0"))))))) -> 0 | S30: =Q30+R30 -> 0 | T30: =IF(S30=5,$T$7,IF(S30=2,$T$8,IF(S30=3,$T$9,IF(S30=0,$T$10)))) -> 0 | U30: =IF(AND(D30="CP",E30="CP"),1,IF(AND(D30="CP",E30<>"CP"),0.5,IF(AND(D30<>"CP",E30="CP"),0.5,0))) -> 0 | V30: =IF(I30="RTT",0.5,0) -> 0 | W30: =SUM(T30:V30) -> 0 | X30: =IF(H30="TM",0.5,0) -> 0 | Y30: =IF(I30="TM",0.5,0) -> 0 | Z30: =SUM(X30:Y30) -> 0 | AA30: =Z30/1547*17 -> 0
B31: Jeudi | C31: =IF(OR(C30="",C30=DATE($M$1,2,28)),"",C30+1) -> 43510 | I31: =IF(G31>T31,(G31-T31),0) -> 0 | J31: =IF(G31<T31,(G31-T31),0) -> 0 | K31: =K30+I31+J31 -> -0.5 | M31: =-U31 -> 0 | Q31: =IF(D31="T",2,IF(D31="CP",0,IF(D31="TF",2,IF(D31="TM",0,IF(D31="JF",0,IF(D31="RTT",0,IF(D31="JNT",0,"0"))))))) -> 0 | R31: =IF(E31="T",3,IF(E31="CP",0,IF(E31="TF",3,IF(E31="TM",0,IF(E31="JF",0,IF(E31="RTT",0,IF(E31="JNT",0,"0"))))))) -> 0 | S31: =Q31+R31 -> 0 | T31: =IF(S31=5,$T$7,IF(S31=2,$T$8,IF(S31=3,$T$9,IF(S31=0,$T$10)))) -> 0 | U31: =IF(AND(D31="CP",E31="CP"),1,IF(AND(D31="CP",E31<>"CP"),0.5,IF(AND(D31<>"CP",E31="CP"),0.5,0))) -> 0 | V31: =IF(I31="RTT",0.5,0) -> 0 | W31: =SUM(T31:V31) -> 0 | X31: =IF(H31="TM",0.5,0) -> 0 | Y31: =IF(I31="TM",0.5,0) -> 0 | Z31: =SUM(X31:Y31) -> 0 | AA31: =Z31/1547*17 -> 0
B32: Vendredi | C32: =IF(OR(C31="",C31=DATE($M$1,2,28)),"",C31+1) -> 43511 | I32: =IF(G32>T32,(G32-T32),0) -> 0 | J32: =IF(G32<T32,(G32-T32),0) -> 0 | K32: =K31+I32+J32 -> -0.5 | M32: =-U32 -> 0 | Q32: =IF(D32="T",2,IF(D32="CP",0,IF(D32="TF",2,IF(D32="TM",0,IF(D32="JF",0,IF(D32="RTT",0,IF(D32="JNT",0,"0"))))))) -> 0 | R32: =IF(E32="T",3,IF(E32="CP",0,IF(E32="TF",3,IF(E32="TM",0,IF(E32="JF",0,IF(E32="RTT",0,IF(E32="JNT",0,"0"))))))) -> 0 | S32: =Q32+R32 -> 0 | T32: =IF(S32=5,$T$7,IF(S32=2,$T$8,IF(S32=3,$T$9,IF(S32=0,$T$10)))) -> 0 | U32: =IF(AND(D32="CP",E32="CP"),1,IF(AND(D32="CP",E32<>"CP"),0.5,IF(AND(D32<>"CP",E32="CP"),0.5,0))) -> 0 | V32: =IF(I32="RTT",0.5,0) -> 0 | W32: =SUM(T32:V32) -> 0 | X32: =IF(H32="TM",0.5,0) -> 0 | Y32: =IF(I32="TM",0.5,0) -> 0 | Z32: =SUM(X32:Y32) -> 0 | AA32: =Z32/1547*17 -> 0
B33: Samedi | C33: =IF(OR(C32="",C32=DATE($M$1,2,28)),"",C32+1) -> 43512 | Q33: =IF(D33="T",2,IF(D33="CP",0,IF(D33="TF",2,IF(D33="TM",0,IF(D33="JF",0,IF(D33="RTT",0,IF(D33="JNT",0,"0"))))))) -> 0 | R33: =IF(E33="T",3,IF(E33="CP",0,IF(E33="TF",3,IF(E33="TM",0,IF(E33="JF",0,IF(E33="RTT",0,IF(E33="JNT",0,"0"))))))) -> 0 | S33: =Q33+R33 -> 0 | T33: =IF(S33=5,$T$7,IF(S33=2,$T$8,IF(S33=3,$T$9,IF(S33=0,$T$10)))) -> 0 | U33: =IF(AND(D33="CP",E33="CP"),1,IF(AND(D33="CP",E33<>"CP"),0.5,IF(AND(D33<>"CP",E33="CP"),0.5,0))) -> 0 | V33: =IF(I33="RTT",0.5,0) -> 0 | W33: =SUM(T33:V33) -> 0 | X33: =IF(H33="TM",0.5,0) -> 0 | Y33: =IF(I33="TM",0.5,0) -> 0 | Z33: =SUM(X33:Y33) -> 0 | AA33: =Z33/1547*17 -> 0
B34: Dimanche | C34: =IF(OR(C33="",C33=DATE($M$1,2,28)),"",C33+1) -> 43513 | Q34: =IF(D34="T",2,IF(D34="CP",0,IF(D34="TF",2,IF(D34="TM",0,IF(D34="JF",0,IF(D34="RTT",0,IF(D34="JNT",0,"0"))))))) -> 0 | R34: =IF(E34="T",3,IF(E34="CP",0,IF(E34="TF",3,IF(E34="TM",0,IF(E34="JF",0,IF(E34="RTT",0,IF(E34="JNT",0,"0"))))))) -> 0 | S34: =Q34+R34 -> 0 | T34: =IF(S34=5,$T$7,IF(S34=2,$T$8,IF(S34=3,$T$9,IF(S34=0,$T$10)))) -> 0 | U34: =IF(AND(D34="CP",E34="CP"),1,IF(AND(D34="CP",E34<>"CP"),0.5,IF(AND(D34<>"CP",E34="CP"),0.5,0))) -> 0 | V34: =IF(I34="RTT",0.5,0) -> 0 | W34: =SUM(T34:V34) -> 0 | X34: =IF(H34="TM",0.5,0) -> 0 | Y34: =IF(I34="TM",0.5,0) -> 0 | Z34: =SUM(X34:Y34) -> 0 | AA34: =Z34/1547*17 -> 0
A35: 8 | B35: Lundi | C35: =IF(OR(C34="",C34=DATE($M$1,2,28)),"",C34+1) -> 43514 | I35: =IF(G35>T35,(G35-T35),0) -> 0 | J35: =IF(G35<T35,(G35-T35),0) -> 0 | K35: =+K32+I35+J35 -> -0.5 | M35: =-U35 -> 0 | Q35: =IF(D35="T",2,IF(D35="CP",0,IF(D35="TF",2,IF(D35="TM",0,IF(D35="JF",0,IF(D35="RTT",0,IF(D35="JNT",0,"0"))))))) -> 0 | R35: =IF(E35="T",3,IF(E35="CP",0,IF(E35="TF",3,IF(E35="TM",0,IF(E35="JF",0,IF(E35="RTT",0,IF(E35="JNT",0,"0"))))))) -> 0 | S35: =Q35+R35 -> 0 | T35: =IF(S35=5,$T$7,IF(S35=2,$T$8,IF(S35=3,$T$9,IF(S35=0,$T$10)))) -> 0 | U35: =IF(AND(D35="CP",E35="CP"),1,IF(AND(D35="CP",E35<>"CP"),0.5,IF(AND(D35<>"CP",E35="CP"),0.5,0))) -> 0 | V35: =IF(I35="RTT",0.5,0) -> 0 | W35: =SUM(T35:V35) -> 0 | X35: =IF(H35="TM",0.5,0) -> 0 | Y35: =IF(I35="TM",0.5,0) -> 0 | Z35: =SUM(X35:Y35) -> 0 | AA35: =Z35/1547*17 -> 0
B36: Mardi | C36: =IF(OR(C35="",C35=DATE($M$1,2,28)),"",C35+1) -> 43515 | I36: =IF(G36>T36,(G36-T36),0) -> 0 | J36: =IF(G36<T36,(G36-T36),0) -> 0 | K36: =K35+I36+J36 -> -0.5 | M36: =-U36 -> 0 | Q36: =IF(D36="T",2,IF(D36="CP",0,IF(D36="TF",2,IF(D36="TM",0,IF(D36="JF",0,IF(D36="RTT",0,IF(D36="JNT",0,"0"))))))) -> 0 | R36: =IF(E36="T",3,IF(E36="CP",0,IF(E36="TF",3,IF(E36="TM",0,IF(E36="JF",0,IF(E36="RTT",0,IF(E36="JNT",0,"0"))))))) -> 0 | S36: =Q36+R36 -> 0 | T36: =IF(S36=5,$T$7,IF(S36=2,$T$8,IF(S36=3,$T$9,IF(S36=0,$T$10)))) -> 0 | U36: =IF(AND(D36="CP",E36="CP"),1,IF(AND(D36="CP",E36<>"CP"),0.5,IF(AND(D36<>"CP",E36="CP"),0.5,0))) -> 0 | V36: =IF(I36="RTT",0.5,0) -> 0 | W36: =SUM(T36:V36) -> 0 | X36: =IF(H36="TM",0.5,0) -> 0 | Y36: =IF(I36="TM",0.5,0) -> 0 | Z36: =SUM(X36:Y36) -> 0 | AA36: =Z36/1547*17 -> 0
B37: Mercredi | C37: =IF(OR(C36="",C36=DATE($M$1,2,28)),"",C36+1) -> 43516 | I37: =IF(G37>T37,(G37-T37),0) -> 0 | J37: =IF(G37<T37,(G37-T37),0) -> 0 | K37: =K36+I37+J37 -> -0.5 | M37: =-U37 -> 0 | Q37: =IF(D37="T",2,IF(D37="CP",0,IF(D37="TF",2,IF(D37="TM",0,IF(D37="JF",0,IF(D37="RTT",0,IF(D37="JNT",0,"0"))))))) -> 0 | R37: =IF(E37="T",3,IF(E37="CP",0,IF(E37="TF",3,IF(E37="TM",0,IF(E37="JF",0,IF(E37="RTT",0,IF(E37="JNT",0,"0"))))))) -> 0 | S37: =Q37+R37 -> 0 | T37: =IF(S37=5,$T$7,IF(S37=2,$T$8,IF(S37=3,$T$9,IF(S37=0,$T$10)))) -> 0 | U37: =IF(AND(D37="CP",E37="CP"),1,IF(AND(D37="CP",E37<>"CP"),0.5,IF(AND(D37<>"CP",E37="CP"),0.5,0))) -> 0 | V37: =IF(I37="RTT",0.5,0) -> 0 | W37: =SUM(T37:V37) -> 0 | X37: =IF(H37="TM",0.5,0) -> 0 | Y37: =IF(I37="TM",0.5,0) -> 0 | Z37: =SUM(X37:Y37) -> 0 | AA37: =Z37/1547*17 -> 0
B38: Jeudi | C38: =IF(OR(C37="",C37=DATE($M$1,2,28)),"",C37+1) -> 43517 | I38: =IF(G38>T38,(G38-T38),0) -> 0 | J38: =IF(G38<T38,(G38-T38),0) -> 0 | K38: =K37+I38+J38 -> -0.5 | M38: =-U38 -> 0 | Q38: =IF(D38="T",2,IF(D38="CP",0,IF(D38="TF",2,IF(D38="TM",0,IF(D38="JF",0,IF(D38="RTT",0,IF(D38="JNT",0,"0"))))))) -> 0 | R38: =IF(E38="T",3,IF(E38="CP",0,IF(E38="TF",3,IF(E38="TM",0,IF(E38="JF",0,IF(E38="RTT",0,IF(E38="JNT",0,"0"))))))) -> 0 | S38: =Q38+R38 -> 0 | T38: =IF(S38=5,$T$7,IF(S38=2,$T$8,IF(S38=3,$T$9,IF(S38=0,$T$10)))) -> 0 | U38: =IF(AND(D38="CP",E38="CP"),1,IF(AND(D38="CP",E38<>"CP"),0.5,IF(AND(D38<>"CP",E38="CP"),0.5,0))) -> 0 | V38: =IF(I38="RTT",0.5,0) -> 0 | W38: =SUM(T38:V38) -> 0 | X38: =IF(H38="TM",0.5,0) -> 0 | Y38: =IF(I38="TM",0.5,0) -> 0 | Z38: =SUM(X38:Y38) -> 0 | AA38: =Z38/1547*17 -> 0
B39: Vendredi | C39: =IF(OR(C38="",C38=DATE($M$1,2,28)),"",C38+1) -> 43518 | I39: =IF(G39>T39,(G39-T39),0) -> 0 | J39: =IF(G39<T39,(G39-T39),0) -> 0 | K39: =K38+I39+J39 -> -0.5 | M39: =-U39 -> 0 | Q39: =IF(D39="T",2,IF(D39="CP",0,IF(D39="TF",2,IF(D39="TM",0,IF(D39="JF",0,IF(D39="RTT",0,IF(D39="JNT",0,"0"))))))) -> 0 | R39: =IF(E39="T",3,IF(E39="CP",0,IF(E39="TF",3,IF(E39="TM",0,IF(E39="JF",0,IF(E39="RTT",0,IF(E39="JNT",0,"0"))))))) -> 0 | S39: =Q39+R39 -> 0 | T39: =IF(S39=5,$T$7,IF(S39=2,$T$8,IF(S39=3,$T$9,IF(S39=0,$T$10)))) -> 0 | U39: =IF(AND(D39="CP",E39="CP"),1,IF(AND(D39="CP",E39<>"CP"),0.5,IF(AND(D39<>"CP",E39="CP"),0.5,0))) -> 0 | V39: =IF(I39="RTT",0.5,0) -> 0 | W39: =SUM(T39:V39) -> 0 | X39: =IF(H39="TM",0.5,0) -> 0 | Y39: =IF(I39="TM",0.5,0) -> 0 | Z39: =SUM(X39:Y39) -> 0 | AA39: =Z39/1547*17 -> 0
B40: Samedi | C40: =IF(OR(C39="",C39=DATE($M$1,2,28)),"",C39+1) -> 43519 | Q40: =IF(D40="T",2,IF(D40="CP",0,IF(D40="TF",2,IF(D40="TM",0,IF(D40="JF",0,IF(D40="RTT",0,IF(D40="JNT",0,"0"))))))) -> 0 | R40: =IF(E40="T",3,IF(E40="CP",0,IF(E40="TF",3,IF(E40="TM",0,IF(E40="JF",0,IF(E40="RTT",0,IF(E40="JNT",0,"0"))))))) -> 0 | S40: =Q40+R40 -> 0 | T40: =IF(S40=5,$T$7,IF(S40=2,$T$8,IF(S40=3,$T$9,IF(S40=0,$T$10)))) -> 0 | U40: =IF(AND(D40="CP",E40="CP"),1,IF(AND(D40="CP",E40<>"CP"),0.5,IF(AND(D40<>"CP",E40="CP"),0.5,0))) -> 0 | V40: =IF(I40="RTT",0.5,0) -> 0 | W40: =SUM(T40:V40) -> 0 | X40: =IF(H40="TM",0.5,0) -> 0 | Y40: =IF(I40="TM",0.5,0) -> 0 | Z40: =SUM(X40:Y40) -> 0 | AA40: =Z40/1547*17 -> 0
B41: Dimanche | C41: =IF(OR(C40="",C40=DATE($M$1,2,28)),"",C40+1) -> 43520 | Q41: =IF(D41="T",2,IF(D41="CP",0,IF(D41="TF",2,IF(D41="TM",0,IF(D41="JF",0,IF(D41="RTT",0,IF(D41="JNT",0,"0"))))))) -> 0 | R41: =IF(E41="T",3,IF(E41="CP",0,IF(E41="TF",3,IF(E41="TM",0,IF(E41="JF",0,IF(E41="RTT",0,IF(E41="JNT",0,"0"))))))) -> 0 | S41: =Q41+R41 -> 0 | T41: =IF(S41=5,$T$7,IF(S41=2,$T$8,IF(S41=3,$T$9,IF(S41=0,$T$10)))) -> 0 | U41: =IF(AND(D41="CP",E41="CP"),1,IF(AND(D41="CP",E41<>"CP"),0.5,IF(AND(D41<>"CP",E41="CP"),0.5,0))) -> 0 | V41: =IF(I41="RTT",0.5,0) -> 0 | W41: =SUM(T41:V41) -> 0 | X41: =IF(H41="TM",0.5,0) -> 0 | Y41: =IF(I41="TM",0.5,0) -> 0 | Z41: =SUM(X41:Y41) -> 0 | AA41: =Z41/1547*17 -> 0
A42: 9 | B42: Lundi | C42: =IF(OR(C41=DATE(2020,2,28),C41=DATE(2024,2,28),C41=DATE(2028,2,28),C41=DATE(2032,2,28),C41=DATE(2036,2,28),C41=DATE(2040,2,28)),C41+1,IF(OR(C41="",C41=DATE($M$1,2,28),C41=DATE($M$1,2,29)),"",C41+1)) -> 43521 | I42: =IF(G42>T42,(G42-T42),0) -> 0 | J42: =IF(G42<T42,(G42-T42),0) -> 0 | K42: =+K39+I42+J42 -> -0.5 | M42: =-U42 -> 0 | Q42: =IF(D42="T",2,IF(D42="CP",0,IF(D42="TF",2,IF(D42="TM",0,IF(D42="JF",0,IF(D42="RTT",0,IF(D42="JNT",0,"0"))))))) -> 0 | R42: =IF(E42="T",3,IF(E42="CP",0,IF(E42="TF",3,IF(E42="TM",0,IF(E42="JF",0,IF(E42="RTT",0,IF(E42="JNT",0,"0"))))))) -> 0 | S42: =Q42+R42 -> 0 | T42: =IF(S42=5,$T$7,IF(S42=2,$T$8,IF(S42=3,$T$9,IF(S42=0,$T$10)))) -> 0 | U42: =IF(AND(D42="CP",E42="CP"),1,IF(AND(D42="CP",E42<>"CP"),0.5,IF(AND(D42<>"CP",E42="CP"),0.5,0))) -> 0 | V42: =IF(I42="RTT",0.5,0) -> 0 | W42: =SUM(T42:V42) -> 0 | X42: =IF(H42="TM",0.5,0) -> 0 | Y42: =IF(I42="TM",0.5,0) -> 0 | Z42: =SUM(X42:Y42) -> 0 | AA42: =Z42/1547*17 -> 0
B43: Mardi | C43: =IF(OR(C42=DATE(2020,2,28),C42=DATE(2024,2,28),C42=DATE(2028,2,28),C42=DATE(2032,2,28),C42=DATE(2036,2,28),C42=DATE(2040,2,28)),C42+1,IF(OR(C42="",C42=DATE($M$1,2,28),C42=DATE($M$1,2,29)),"",C42+1)) -> 43522 | I43: =IF(G43>T43,(G43-T43),0) -> 0 | J43: =IF(G43<T43,(G43-T43),0) -> 0 | K43: =K42+I43+J43 -> -0.5 | M43: =-U43 -> 0 | Q43: =IF(D43="T",2,IF(D43="CP",0,IF(D43="TF",2,IF(D43="TM",0,IF(D43="JF",0,IF(D43="RTT",0,IF(D43="JNT",0,"0"))))))) -> 0 | R43: =IF(E43="T",3,IF(E43="CP",0,IF(E43="TF",3,IF(E43="TM",0,IF(E43="JF",0,IF(E43="RTT",0,IF(E43="JNT",0,"0"))))))) -> 0 | S43: =Q43+R43 -> 0 | T43: =IF(S43=5,$T$7,IF(S43=2,$T$8,IF(S43=3,$T$9,IF(S43=0,$T$10)))) -> 0 | U43: =IF(AND(D43="CP",E43="CP"),1,IF(AND(D43="CP",E43<>"CP"),0.5,IF(AND(D43<>"CP",E43="CP"),0.5,0))) -> 0 | V43: =IF(I43="RTT",0.5,0) -> 0 | W43: =SUM(T43:V43) -> 0 | X43: =IF(H43="TM",0.5,0) -> 0 | Y43: =IF(I43="TM",0.5,0) -> 0 | Z43: =SUM(X43:Y43) -> 0 | AA43: =Z43/1547*17 -> 0
B44: Mercredi | C44: =IF(OR(C43=DATE(2020,2,28),C43=DATE(2024,2,28),C43=DATE(2028,2,28),C43=DATE(2032,2,28),C43=DATE(2036,2,28),C43=DATE(2040,2,28)),C43+1,IF(OR(C43="",C43=DATE($M$1,2,28),C43=DATE($M$1,2,29)),"",C43+1)) -> 43523 | I44: =IF(G44>T44,(G44-T44),0) -> 0 | J44: =IF(G44<T44,(G44-T44),0) -> 0 | K44: =K43+I44+J44 -> -0.5 | M44: =-U44 -> 0 | Q44: =IF(D44="T",2,IF(D44="CP",0,IF(D44="TF",2,IF(D44="TM",0,IF(D44="JF",0,IF(D44="RTT",0,IF(D44="JNT",0,"0"))))))) -> 0 | R44: =IF(E44="T",3,IF(E44="CP",0,IF(E44="TF",3,IF(E44="TM",0,IF(E44="JF",0,IF(E44="RTT",0,IF(E44="JNT",0,"0"))))))) -> 0 | S44: =Q44+R44 -> 0 | T44: =IF(S44=5,$T$7,IF(S44=2,$T$8,IF(S44=3,$T$9,IF(S44=0,$T$10)))) -> 0 | U44: =IF(AND(D44="CP",E44="CP"),1,IF(AND(D44="CP",E44<>"CP"),0.5,IF(AND(D44<>"CP",E44="CP"),0.5,0))) -> 0 | V44: =IF(I44="RTT",0.5,0) -> 0 | W44: =SUM(T44:V44) -> 0 | X44: =IF(H44="TM",0.5,0) -> 0 | Y44: =IF(I44="TM",0.5,0) -> 0 | Z44: =SUM(X44:Y44) -> 0 | AA44: =Z44/1547*17 -> 0
B45: Jeudi | C45: =IF(OR(C44=DATE(2020,2,28),C44=DATE(2024,2,28),C44=DATE(2028,2,28),C44=DATE(2032,2,28),C44=DATE(2036,2,28),C44=DATE(2040,2,28)),C44+1,IF(OR(C44="",C44=DATE($M$1,2,28),C44=DATE($M$1,2,29)),"",C44+1)) -> 43524 | I45: =IF(G45>T45,(G45-T45),0) -> 0 | J45: =IF(G45<T45,(G45-T45),0) -> 0 | K45: =K44+I45+J45 -> -0.5 | M45: =-U45 -> 0 | Q45: =IF(D45="T",2,IF(D45="CP",0,IF(D45="TF",2,IF(D45="TM",0,IF(D45="JF",0,IF(D45="RTT",0,IF(D45="JNT",0,"0"))))))) -> 0 | R45: =IF(E45="T",3,IF(E45="CP",0,IF(E45="TF",3,IF(E45="TM",0,IF(E45="JF",0,IF(E45="RTT",0,IF(E45="JNT",0,"0"))))))) -> 0 | S45: =Q45+R45 -> 0 | T45: =IF(S45=5,$T$7,IF(S45=2,$T$8,IF(S45=3,$T$9,IF(S45=0,$T$10)))) -> 0 | U45: =IF(AND(D45="CP",E45="CP"),1,IF(AND(D45="CP",E45<>"CP"),0.5,IF(AND(D45<>"CP",E45="CP"),0.5,0))) -> 0 | V45: =IF(I45="RTT",0.5,0) -> 0 | W45: =SUM(T45:V45) -> 0 | X45: =IF(H45="TM",0.5,0) -> 0 | Y45: =IF(I45="TM",0.5,0) -> 0 | Z45: =SUM(X45:Y45) -> 0 | AA45: =Z45/1547*17 -> 0
B46: Vendredi | C46: =IF(OR(C45=DATE(2020,2,28),C45=DATE(2024,2,28),C45=DATE(2028,2,28),C45=DATE(2032,2,28),C45=DATE(2036,2,28),C45=DATE(2040,2,28)),C45+1,IF(OR(C45="",C45=DATE($M$1,2,28),C45=DATE($M$1,2,29)),"",C45+1)) | I46: =IF(G46>T46,(G46-T46),0) -> 0 | J46: =IF(G46<T46,(G46-T46),0) -> 0 | K46: =K45+I46+J46 -> -0.5 | M46: =-U46 -> 0 | Q46: =IF(D46="T",2,IF(D46="CP",0,IF(D46="TF",2,IF(D46="TM",0,IF(D46="JF",0,IF(D46="RTT",0,IF(D46="JNT",0,"0"))))))) -> 0 | R46: =IF(E46="T",3,IF(E46="CP",0,IF(E46="TF",3,IF(E46="TM",0,IF(E46="JF",0,IF(E46="RTT",0,IF(E46="JNT",0,"0"))))))) -> 0 | S46: =Q46+R46 -> 0 | T46: =IF(S46=5,$T$7,IF(S46=2,$T$8,IF(S46=3,$T$9,IF(S46=0,$T$10)))) -> 0 | U46: =IF(AND(D46="CP",E46="CP"),1,IF(AND(D46="CP",E46<>"CP"),0.5,IF(AND(D46<>"CP",E46="CP"),0.5,0))) -> 0 | V46: =IF(I46="RTT",0.5,0) -> 0 | W46: =SUM(T46:V46) -> 0 | X46: =IF(H46="TM",0.5,0) -> 0 | Y46: =IF(I46="TM",0.5,0) -> 0 | Z46: =SUM(X46:Y46) -> 0 | AA46: =Z46/1547*17 -> 0
B47: Samedi | C47: =IF(OR(C46=DATE(2020,2,28),C46=DATE(2024,2,28),C46=DATE(2028,2,28),C46=DATE(2032,2,28),C46=DATE(2036,2,28),C46=DATE(2040,2,28)),C46+1,IF(OR(C46="",C46=DATE($M$1,2,28),C46=DATE($M$1,2,29)),"",C46+1)) | Q47: =IF(D47="T",2,IF(D47="CP",0,IF(D47="TF",2,IF(D47="TM",0,IF(D47="JF",0,IF(D47="RTT",0,IF(D47="JNT",0,"0"))))))) -> 0 | R47: =IF(E47="T",3,IF(E47="CP",0,IF(E47="TF",3,IF(E47="TM",0,IF(E47="JF",0,IF(E47="RTT",0,IF(E47="JNT",0,"0"))))))) -> 0 | S47: =Q47+R47 -> 0 | T47: =IF(S47=5,$T$7,IF(S47=2,$T$8,IF(S47=3,$T$9,IF(S47=0,$T$10)))) -> 0 | U47: =IF(AND(D47="CP",E47="CP"),1,IF(AND(D47="CP",E47<>"CP"),0.5,IF(AND(D47<>"CP",E47="CP"),0.5,0))) -> 0 | V47: =IF(I47="RTT",0.5,0) -> 0 | W47: =SUM(T47:V47) -> 0 | X47: =IF(H47="TM",0.5,0) -> 0 | Y47: =IF(I47="TM",0.5,0) -> 0 | Z47: =SUM(X47:Y47) -> 0 | AA47: =Z47/1547*17 -> 0
B48: Dimanche | C48: =IF(OR(C47=DATE(2020,2,28),C47=DATE(2024,2,28),C47=DATE(2028,2,28),C47=DATE(2032,2,28),C47=DATE(2036,2,28),C47=DATE(2040,2,28)),C47+1,IF(OR(C47="",C47=DATE($M$1,2,28),C47=DATE($M$1,2,29)),"",C47+1)) | Q48: =IF(D48="T",2,IF(D48="CP",0,IF(D48="TF",2,IF(D48="TM",0,IF(D48="JF",0,IF(D48="RTT",0,IF(D48="JNT",0,"0"))))))) -> 0 | R48: =IF(E48="T",3,IF(E48="CP",0,IF(E48="TF",3,IF(E48="TM",0,IF(E48="JF",0,IF(E48="RTT",0,IF(E48="JNT",0,"0"))))))) -> 0 | S48: =Q48+R48 -> 0 | T48: =IF(S48=5,$T$7,IF(S48=2,$T$8,IF(S48=3,$T$9,IF(S48=0,$T$10)))) -> 0 | U48: =IF(AND(D48="CP",E48="CP"),1,IF(AND(D48="CP",E48<>"CP"),0.5,IF(AND(D48<>"CP",E48="CP"),0.5,0))) -> 0 | V48: =IF(I48="RTT",0.5,0) -> 0 | W48: =SUM(T48:V48) -> 0 | X48: =IF(H48="TM",0.5,0) -> 0 | Y48: =IF(I48="TM",0.5,0) -> 0 | Z48: =SUM(X48:Y48) -> 0 | AA48: =Z48/1547*17 -> 0
B49: Lundi | C49: =IF(OR(C48=DATE(2020,2,28),C48=DATE(2024,2,28),C48=DATE(2028,2,28),C48=DATE(2032,2,28),C48=DATE(2036,2,28),C48=DATE(2040,2,28)),C48+1,IF(OR(C48="",C48=DATE($M$1,2,28),C48=DATE($M$1,2,29)),"",C48+1)) | I49: =IF(G49>T49,(G49-T49),0) -> 0 | J49: =IF(G49<T49,(G49-T49),0) -> 0 | K49: =+K46+I49+J49 -> -0.5 | M49: =-U49 -> 0 | Q49: =IF(D49="T",2,IF(D49="CP",0,IF(D49="TF",2,IF(D49="TM",0,IF(D49="JF",0,IF(D49="RTT",0,IF(D49="JNT",0,"0"))))))) -> 0 | R49: =IF(E49="T",3,IF(E49="CP",0,IF(E49="TF",3,IF(E49="TM",0,IF(E49="JF",0,IF(E49="RTT",0,IF(E49="JNT",0,"0"))))))) -> 0 | S49: =Q49+R49 -> 0 | T49: =IF(S49=5,$T$7,IF(S49=2,$T$8,IF(S49=3,$T$9,IF(S49=0,$T$10)))) -> 0 | U49: =IF(AND(D49="CP",E49="CP"),1,IF(AND(D49="CP",E49<>"CP"),0.5,IF(AND(D49<>"CP",E49="CP"),0.5,0))) -> 0 | V49: =IF(I49="RTT",0.5,0) -> 0 | W49: =SUM(T49:V49) -> 0 | X49: =IF(H49="TM",0.5,0) -> 0 | Y49: =IF(I49="TM",0.5,0) -> 0 | Z49: =SUM(X49:Y49) -> 0 | AA49: =Z49/1547*17 -> 0
B50: Mardi | C50: =IF(OR(C49=DATE(2020,2,28),C49=DATE(2024,2,28),C49=DATE(2028,2,28),C49=DATE(2032,2,28),C49=DATE(2036,2,28),C49=DATE(2040,2,28)),C49+1,IF(OR(C49="",C49=DATE($M$1,2,28),C49=DATE($M$1,2,29)),"",C49+1)) | I50: =IF(G50>T50,(G50-T50),0) -> 0 | J50: =IF(G50<T50,(G50-T50),0) -> 0 | K50: =K49+I50+J50 -> -0.5 | M50: =-U50 -> 0 | Q50: =IF(D50="T",2,IF(D50="CP",0,IF(D50="TF",2,IF(D50="TM",0,IF(D50="JF",0,IF(D50="RTT",0,IF(D50="JNT",0,"0"))))))) -> 0 | R50: =IF(E50="T",3,IF(E50="CP",0,IF(E50="TF",3,IF(E50="TM",0,IF(E50="JF",0,IF(E50="RTT",0,IF(E50="JNT",0,"0"))))))) -> 0 | S50: =Q50+R50 -> 0 | T50: =IF(S50=5,$T$7,IF(S50=2,$T$8,IF(S50=3,$T$9,IF(S50=0,$T$10)))) -> 0 | U50: =IF(AND(D50="CP",E50="CP"),1,IF(AND(D50="CP",E50<>"CP"),0.5,IF(AND(D50<>"CP",E50="CP"),0.5,0))) -> 0 | V50: =IF(I50="RTT",0.5,0) -> 0 | W50: =SUM(T50:V50) -> 0 | X50: =IF(H50="TM",0.5,0) -> 0 | Y50: =IF(I50="TM",0.5,0) -> 0 | Z50: =SUM(X50:Y50) -> 0 | AA50: =Z50/1547*17 -> 0
A52: SOLDE | K52: =K50 -> -0.5 | M52: =SUM(M13:M50) -> -1.5
A54: Signature Salarié | E54: Visa Responsable | K54: Date :

Sheet MARS
A1: NOM / Prénom : | C1: =+'JANV.'!C1 -> AIELLO | J1: MARS | M1: ='FEV.'!M1 -> 2019
B4: minutes | C4: centièmes | E4: Formule de calcul | J4: T = | K4: Travaillé
B5: 15 | C5: =B5/60*100 -> 25 | E5: 20 | G5: =E5/60*100 -> 33.333333 | J5: TM = | K5: Maladie
B6: 30 | C6: 50 | J6: TF = | K6: Formation
B7: 45 | C7: =B7/60*100 -> 75 | E7: Formule pour traduire les minutes en centièmes : (nbre de minutes / 60) * 100 | J7: RTT = | K7: Réduction tps travail | S7: 5 | T7: 7 | U7: TOTAL
J8: CP = | K8: Congés Payés | S8: 2 | T8: 3.5 | U8: Matin
J9: JNT = | K9: Jours non travaillés (tps partiel) | S9: 3 | T9: 3.5 | U9: Après-midi
B10: Temps de travail | E10: 7 | J10: JF = | K10: Jours Férriés | S10: 0 | T10: 0 | U10: Vide
D12: matin | E12: après-midi | G12: Tps de travail (en centièmes) | I12: Récup. + (en centièmes) | J12: Récup. - (en centièmes) | K12: Solde (en centièmes) | M12: Congés
B13: Report | K13: =+'FEV.'!K52 -> -0.5 | M13: =+'FEV.'!M52 -> -1.5 | U13: CP | V13: RTT Matin | W13: RTT Après-midi | X13: Total RTT | Y13: TM Matin | Z13: TM | AA13: Total TM | AB13: Impact TM s/RTT
A14: 9 | B14: Lundi | C14: {=IF(MONTH(DATE(y,3,1))<>MONTH(DATE(y,3,1)-(WEEKDAY(DATE(y,3,1),3)-1)+{1;2;3;4;5;6;7}+{0,1,2,3,4,5}-2),"",DATE(y,3,1)-(WEEKDAY(DATE(y,3,1),3)-1)+{1;2;3;4;5;6;7}+{0,1,2,3,4,5}-2)} | K14: =K13+I14+J14 -> -0.5 | M14: =-U14 -> 0 | Q14: =IF(D14="T",2,IF(D14="CP",0,IF(D14="TF",2,IF(D14="TM",0,IF(D14="JF",0,IF(D14="RTT",0,IF(D14="JNT",0,"0"))))))) -> 0 | R14: =IF(E14="T",3,IF(E14="CP",0,IF(E14="TF",3,IF(E14="TM",0,IF(E14="JF",0,IF(E14="RTT",0,IF(E14="JNT",0,"0"))))))) -> 0 | S14: =Q14+R14 -> 0 | T14: =IF(S14=5,$T$7,IF(S14=2,$T$8,IF(S14=3,$T$9,IF(S14=0,$T$10)))) -> 0 | U14: =IF(AND(D14="CP",E14="CP"),1,IF(AND(D14="CP",E14<>"CP"),0.5,IF(AND(D14<>"CP",E14="CP"),0.5,0))) -> 0 | V14: =IF(D14="RTT",0.5,0) -> 0 | W14: =IF(E14="RTT",0.5,0) -> 0 | X14: =SUM(V14:W14) -> 0 | Y14: =IF(D14="TM",0.5,0) -> 0 | Z14: =IF(E14="TM",0.5,0) -> 0 | AA14: =SUM(Y14:Z14) -> 0 | AB14: =AA14/1547*17 -> 0
B15: Mardi | I15: =IF(G15>T15,(G15-T15),0) -> 0 | J15: =IF(G15<T15,(G15-T15),0) -> 0 | K15: =K14+I15+J15 -> -0.5 | M15: =-U15 -> 0 | Q15: =IF(D15="T",2,IF(D15="CP",0,IF(D15="TF",2,IF(D15="TM",0,IF(D15="JF",0,IF(D15="RTT",0,IF(D15="JNT",0,"0"))))))) -> 0 | R15: =IF(E15="T",3,IF(E15="CP",0,IF(E15="TF",3,IF(E15="TM",0,IF(E15="JF",0,IF(E15="RTT",0,IF(E15="JNT",0,"0"))))))) -> 0 | S15: =Q15+R15 -> 0 | T15: =IF(S15=5,$T$7,IF(S15=2,$T$8,IF(S15=3,$T$9,IF(S15=0,$T$10)))) -> 0 | U15: =IF(AND(D15="CP",E15="CP"),1,IF(AND(D15="CP",E15<>"CP"),0.5,IF(AND(D15<>"CP",E15="CP"),0.5,0))) -> 0 | V15: =IF(D15="RTT",0.5,0) -> 0 | W15: =IF(E15="RTT",0.5,0) -> 0 | X15: =SUM(V15:W15) -> 0 | Y15: =IF(D15="TM",0.5,0) -> 0 | Z15: =IF(E15="TM",0.5,0) -> 0 | AA15: =SUM(Y15:Z15) -> 0 | AB15: =AA15/1547*17 -> 0
B16: Mercredi | I16: =IF(G16>T16,(G16-T16),0) -> 0 | J16: =IF(G16<T16,(G16-T16),0) -> 0 | K16: =K15+I16+J16 -> -0.5 | M16: =-U16 -> 0 | Q16: =IF(D16="T",2,IF(D16="CP",0,IF(D16="TF",2,IF(D16="TM",0,IF(D16="JF",0,IF(D16="RTT",0,IF(D16="JNT",0,"0"))))))) -> 0 | R16: =IF(E16="T",3,IF(E16="CP",0,IF(E16="TF",3,IF(E16="TM",0,IF(E16="JF",0,IF(E16="RTT",0,IF(E16="JNT",0,"0"))))))) -> 0 | S16: =Q16+R16 -> 0 | T16: =IF(S16=5,$T$7,IF(S16=2,$T$8,IF(S16=3,$T$9,IF(S16=0,$T$10)))) -> 0 | U16: =IF(AND(D16="CP",E16="CP"),1,IF(AND(D16="CP",E16<>"CP"),0.5,IF(AND(D16<>"CP",E16="CP"),0.5,0))) -> 0 | V16: =IF(D16="RTT",0.5,0) -> 0 | W16: =IF(E16="RTT",0.5,0) -> 0 | X16: =SUM(V16:W16) -> 0 | Y16: =IF(D16="TM",0.5,0) -> 0 | Z16: =IF(E16="TM",0.5,0) -> 0 | AA16: =SUM(Y16:Z16) -> 0 | AB16: =AA16/1547*17 -> 0
B17: Jeudi | I17: =IF(G17>T17,(G17-T17),0) -> 0 | J17: =IF(G17<T17,(G17-T17),0) -> 0 | K17: =K16+I17+J17 -> -0.5 | M17: =-U17 -> 0 | Q17: =IF(D17="T",2,IF(D17="CP",0,IF(D17="TF",2,IF(D17="TM",0,IF(D17="JF",0,IF(D17="RTT",0,IF(D17="JNT",0,"0"))))))) -> 0 | R17: =IF(E17="T",3,IF(E17="CP",0,IF(E17="TF",3,IF(E17="TM",0,IF(E17="JF",0,IF(E17="RTT",0,IF(E17="JNT",0,"0"))))))) -> 0 | S17: =Q17+R17 -> 0 | T17: =IF(S17=5,$T$7,IF(S17=2,$T$8,IF(S17=3,$T$9,IF(S17=0,$T$10)))) -> 0 | U17: =IF(AND(D17="CP",E17="CP"),1,IF(AND(D17="CP",E17<>"CP"),0.5,IF(AND(D17<>"CP",E17="CP"),0.5,0))) -> 0 | V17: =IF(D17="RTT",0.5,0) -> 0 | W17: =IF(E17="RTT",0.5,0) -> 0 | X17: =SUM(V17:W17) -> 0 | Y17: =IF(D17="TM",0.5,0) -> 0 | Z17: =IF(E17="TM",0.5,0) -> 0 | AA17: =SUM(Y17:Z17) -> 0 | AB17: =AA17/1547*17 -> 0
B18: Vendredi | C18: 43525 | I18: =IF(G18>T18,(G18-T18),0) -> 0 | J18: =IF(G18<T18,(G18-T18),0) -> 0 | K18: =K17+I18+J18 -> -0.5 | M18: =-U18 -> 0 | Q18: =IF(D18="T",2,IF(D18="CP",0,IF(D18="TF",2,IF(D18="TM",0,IF(D18="JF",0,IF(D18="RTT",0,IF(D18="JNT",0,"0"))))))) -> 0 | R18: =IF(E18="T",3,IF(E18="CP",0,IF(E18="TF",3,IF(E18="TM",0,IF(E18="JF",0,IF(E18="RTT",0,IF(E18="JNT",0,"0"))))))) -> 0 | S18: =Q18+R18 -> 0 | T18: =IF(S18=5,$T$7,IF(S18=2,$T$8,IF(S18=3,$T$9,IF(S18=0,$T$10)))) -> 0 | U18: =IF(AND(D18="CP",E18="CP"),1,IF(AND(D18="CP",E18<>"CP"),0.5,IF(AND(D18<>"CP",E18="CP"),0.5,0))) -> 0 | V18: =IF(D18="RTT",0.5,0) -> 0 | W18: =IF(E18="RTT",0.5,0) -> 0 | X18: =SUM(V18:W18) -> 0 | Y18: =IF(D18="TM",0.5,0) -> 0 | Z18: =IF(E18="TM",0.5,0) -> 0 | AA18: =SUM(Y18:Z18) -> 0 | AB18: =AA18/1547*17 -> 0
B19: Samedi | C19: 43526 | Q19: =IF(D19="T",2,IF(D19="CP",0,IF(D19="TF",2,IF(D19="TM",0,IF(D19="JF",0,IF(D19="RTT",0,IF(D19="JNT",0,"0"))))))) -> 0 | R19: =IF(E19="T",3,IF(E19="CP",0,IF(E19="TF",3,IF(E19="TM",0,IF(E19="JF",0,IF(E19="RTT",0,IF(E19="JNT",0,"0"))))))) -> 0 | S19: =Q19+R19 -> 0 | T19: =IF(S19=5,$T$7,IF(S19=2,$T$8,IF(S19=3,$T$9,IF(S19=0,$T$10)))) -> 0 | U19: =IF(AND(D19="CP",E19="CP"),1,IF(AND(D19="CP",E19<>"CP"),0.5,IF(AND(D19<>"CP",E19="CP"),0.5,0))) -> 0 | V19: =IF(D19="RTT",0.5,0) -> 0 | W19: =IF(E19="RTT",0.5,0) -> 0 | X19: =SUM(V19:W19) -> 0 | Y19: =IF(D19="TM",0.5,0) -> 0 | Z19: =IF(E19="TM",0.5,0) -> 0 | AA19: =SUM(Y19:Z19) -> 0 | AB19: =AA19/1547*17 -> 0
B20: Dimanche | C20: 43527 | Q20: =IF(D20="T",2,IF(D20="CP",0,IF(D20="TF",2,IF(D20="TM",0,IF(D20="JF",0,IF(D20="RTT",0,IF(D20="JNT",0,"0"))))))) -> 0 | R20: =IF(E20="T",3,IF(E20="CP",0,IF(E20="TF",3,IF(E20="TM",0,IF(E20="JF",0,IF(E20="RTT",0,IF(E20="JNT",0,"0"))))))) -> 0 | S20: =Q20+R20 -> 0 | T20: =IF(S20=5,$T$7,IF(S20=2,$T$8,IF(S20=3,$T$9,IF(S20=0,$T$10)))) -> 0 | U20: =IF(AND(D20="CP",E20="CP"),1,IF(AND(D20="CP",E20<>"CP"),0.5,IF(AND(D20<>"CP",E20="CP"),0.5,0))) -> 0 | V20: =IF(D20="RTT",0.5,0) -> 0 | W20: =IF(E20="RTT",0.5,0) -> 0 | X20: =SUM(V20:W20) -> 0 | Y20: =IF(D20="TM",0.5,0) -> 0 | Z20: =IF(E20="TM",0.5,0) -> 0 | AA20: =SUM(Y20:Z20) -> 0 | AB20: =AA20/1547*17 -> 0
A21: 10 | B21: Lundi | C21: =IF(OR(C20="",C20=DATE($M$1,3,31)),"",C20+1) -> 43528 | I21: =IF(G21>T21,(G21-T21),0) -> 0 | J21: =IF(G21<T21,(G21-T21),0) -> 0 | K21: =+K18+I21+J21 -> -0.5 | M21: =-U21 -> 0 | Q21: =IF(D21="T",2,IF(D21="CP",0,IF(D21="TF",2,IF(D21="TM",0,IF(D21="JF",0,IF(D21="RTT",0,IF(D21="JNT",0,"0"))))))) -> 0 | R21: =IF(E21="T",3,IF(E21="CP",0,IF(E21="TF",3,IF(E21="TM",0,IF(E21="JF",0,IF(E21="RTT",0,IF(E21="JNT",0,"0"))))))) -> 0 | S21: =Q21+R21 -> 0 | T21: =IF(S21=5,$T$7,IF(S21=2,$T$8,IF(S21=3,$T$9,IF(S21=0,$T$10)))) -> 0 | U21: =IF(AND(D21="CP",E21="CP"),1,IF(AND(D21="CP",E21<>"CP"),0.5,IF(AND(D21<>"CP",E21="CP"),0.5,0))) -> 0 | V21: =IF(D21="RTT",0.5,0) -> 0 | W21: =IF(E21="RTT",0.5,0) -> 0 | X21: =SUM(V21:W21) -> 0 | Y21: =IF(D21="TM",0.5,0) -> 0 | Z21: =IF(E21="TM",0.5,0) -> 0 | AA21: =SUM(Y21:Z21) -> 0 | AB21: =AA21/1547*17 -> 0
B22: Mardi | C22: =IF(OR(C21="",C21=DATE($M$1,3,31)),"",C21+1) -> 43529 | I22: =IF(G22>T22,(G22-T22),0) -> 0 | J22: =IF(G22<T22,(G22-T22),0) -> 0 | K22: =K21+I22+J22 -> -0.5 | M22: =-U22 -> 0 | Q22: =IF(D22="T",2,IF(D22="CP",0,IF(D22="TF",2,IF(D22="TM",0,IF(D22="JF",0,IF(D22="RTT",0,IF(D22="JNT",0,"0"))))))) -> 0 | R22: =IF(E22="T",3,IF(E22="CP",0,IF(E22="TF",3,IF(E22="TM",0,IF(E22="JF",0,IF(E22="RTT",0,IF(E22="JNT",0,"0"))))))) -> 0 | S22: =Q22+R22 -> 0 | T22: =IF(S22=5,$T$7,IF(S22=2,$T$8,IF(S22=3,$T$9,IF(S22=0,$T$10)))) -> 0 | U22: =IF(AND(D22="CP",E22="CP"),1,IF(AND(D22="CP",E22<>"CP"),0.5,IF(AND(D22<>"CP",E22="CP"),0.5,0))) -> 0 | V22: =IF(D22="RTT",0.5,0) -> 0 | W22: =IF(E22="RTT",0.5,0) -> 0 | X22: =SUM(V22:W22) -> 0 | Y22: =IF(D22="TM",0.5,0) -> 0 | Z22: =IF(E22="TM",0.5,0) -> 0 | AA22: =SUM(Y22:Z22) -> 0 | AB22: =AA22/1547*17 -> 0
B23: Mercredi | C23: =IF(OR(C22="",C22=DATE($M$1,3,31)),"",C22+1) -> 43530 | I23: =IF(G23>T23,(G23-T23),0) -> 0 | J23: =IF(G23<T23,(G23-T23),0) -> 0 | K23: =K22+I23+J23 -> -0.5 | M23: =-U23 -> 0 | Q23: =IF(D23="T",2,IF(D23="CP",0,IF(D23="TF",2,IF(D23="TM",0,IF(D23="JF",0,IF(D23="RTT",0,IF(D23="JNT",0,"0"))))))) -> 0 | R23: =IF(E23="T",3,IF(E23="CP",0,IF(E23="TF",3,IF(E23="TM",0,IF(E23="JF",0,IF(E23="RTT",0,IF(E23="JNT",0,"0"))))))) -> 0 | S23: =Q23+R23 -> 0 | T23: =IF(S23=5,$T$7,IF(S23=2,$T$8,IF(S23=3,$T$9,IF(S23=0,$T$10)))) -> 0 | U23: =IF(AND(D23="CP",E23="CP"),1,IF(AND(D23="CP",E23<>"CP"),0.5,IF(AND(D23<>"CP",E23="CP"),0.5,0))) -> 0 | V23: =IF(D23="RTT",0.5,0) -> 0 | W23: =IF(E23="RTT",0.5,0) -> 0 | X23: =SUM(V23:W23) -> 0 | Y23: =IF(D23="TM",0.5,0) -> 0 | Z23: =IF(E23="TM",0.5,0) -> 0 | AA23: =SUM(Y23:Z23) -> 0 | AB23: =AA23/1547*17 -> 0
B24: Jeudi | C24: =IF(OR(C23="",C23=DATE($M$1,3,31)),"",C23+1) -> 43531 | I24: =IF(G24>T24,(G24-T24),0) -> 0 | J24: =IF(G24<T24,(G24-T24),0) -> 0 | K24: =K23+I24+J24 -> -0.5 | M24: =-U24 -> 0 | Q24: =IF(D24="T",2,IF(D24="CP",0,IF(D24="TF",2,IF(D24="TM",0,IF(D24="JF",0,IF(D24="RTT",0,IF(D24="JNT",0,"0"))))))) -> 0 | R24: =IF(E24="T",3,IF(E24="CP",0,IF(E24="TF",3,IF(E24="TM",0,IF(E24="JF",0,IF(E24="RTT",0,IF(E24="JNT",0,"0"))))))) -> 0 | S24: =Q24+R24 -> 0 | T24: =IF(S24=5,$T$7,IF(S24=2,$T$8,IF(S24=3,$T$9,IF(S24=0,$T$10)))) -> 0 | U24: =IF(AND(D24="CP",E24="CP"),1,IF(AND(D24="CP",E24<>"CP"),0.5,IF(AND(D24<>"CP",E24="CP"),0.5,0))) -> 0 | V24: =IF(D24="RTT",0.5,0) -> 0 | W24: =IF(E24="RTT",0.5,0) -> 0 | X24: =SUM(U24:W24) -> 0 | Y24: =IF(D24="TM",0.5,0) -> 0 | Z24: =IF(E24="TM",0.5,0) -> 0 | AA24: =SUM(Y24:Z24) -> 0 | AB24: =AA24/1547*17 -> 0
B25: Vendredi | C25: =IF(OR(C24="",C24=DATE($M$1,3,31)),"",C24+1) -> 43532 | I25: =IF(G25>T25,(G25-T25),0) -> 0 | J25: =IF(G25<T25,(G25-T25),0) -> 0 | K25: =K24+I25+J25 -> -0.5 | M25: =-U25 -> 0 | Q25: =IF(D25="T",2,IF(D25="CP",0,IF(D25="TF",2,IF(D25="TM",0,IF(D25="JF",0,IF(D25="RTT",0,IF(D25="JNT",0,"0"))))))) -> 0 | R25: =IF(E25="T",3,IF(E25="CP",0,IF(E25="TF",3,IF(E25="TM",0,IF(E25="JF",0,IF(E25="RTT",0,IF(E25="JNT",0,"0"))))))) -> 0 | S25: =Q25+R25 -> 0 | T25: =IF(S25=5,$T$7,IF(S25=2,$T$8,IF(S25=3,$T$9,IF(S25=0,$T$10)))) -> 0 | U25: =IF(AND(D25="CP",E25="CP"),1,IF(AND(D25="CP",E25<>"CP"),0.5,IF(AND(D25<>"CP",E25="CP"),0.5,0))) -> 0 | V25: =IF(D25="RTT",0.5,0) -> 0 | W25: =IF(E25="RTT",0.5,0) -> 0 | X25: =SUM(U25:W25) -> 0 | Y25: =IF(D25="TM",0.5,0) -> 0 | Z25: =IF(E25="TM",0.5,0) -> 0 | AA25: =SUM(Y25:Z25) -> 0 | AB25: =AA25/1547*17 -> 0
B26: Samedi | C26: =IF(OR(C25="",C25=DATE($M$1,3,31)),"",C25+1) -> 43533 | Q26: =IF(D26="T",2,IF(D26="CP",0,IF(D26="TF",2,IF(D26="TM",0,IF(D26="JF",0,IF(D26="RTT",0,IF(D26="JNT",0,"0"))))))) -> 0 | R26: =IF(E26="T",3,IF(E26="CP",0,IF(E26="TF",3,IF(E26="TM",0,IF(E26="JF",0,IF(E26="RTT",0,IF(E26="JNT",0,"0"))))))) -> 0 | S26: =Q26+R26 -> 0 | T26: =IF(S26=5,$T$7,IF(S26=2,$T$8,IF(S26=3,$T$9,IF(S26=0,$T$10)))) -> 0 | U26: =IF(AND(D26="CP",E26="CP"),1,IF(AND(D26="CP",E26<>"CP"),0.5,IF(AND(D26<>"CP",E26="CP"),0.5,0))) -> 0 | V26: =IF(D26="RTT",0.5,0) -> 0 | W26: =IF(E26="RTT",0.5,0) -> 0 | X26: =SUM(U26:W26) -> 0 | Y26: =IF(D26="TM",0.5,0) -> 0 | Z26: =IF(E26="TM",0.5,0) -> 0 | AA26: =SUM(Y26:Z26) -> 0 | AB26: =AA26/1547*17 -> 0
B27: Dimanche | C27: =IF(OR(C26="",C26=DATE($M$1,3,31)),"",C26+1) -> 43534 | Q27: =IF(D27="T",2,IF(D27="CP",0,IF(D27="TF",2,IF(D27="TM",0,IF(D27="JF",0,IF(D27="RTT",0,IF(D27="JNT",0,"0"))))))) -> 0 | R27: =IF(E27="T",3,IF(E27="CP",0,IF(E27="TF",3,IF(E27="TM",0,IF(E27="JF",0,IF(E27="RTT",0,IF(E27="JNT",0,"0"))))))) -> 0 | S27: =Q27+R27 -> 0 | T27: =IF(S27=5,$T$7,IF(S27=2,$T$8,IF(S27=3,$T$9,IF(S27=0,$T$10)))) -> 0 | U27: =IF(AND(D27="CP",E27="CP"),1,IF(AND(D27="CP",E27<>"CP"),0.5,IF(AND(D27<>"CP",E27="CP"),0.5,0))) -> 0 | V27: =IF(D27="RTT",0.5,0) -> 0 | W27: =IF(E27="RTT",0.5,0) -> 0 | X27: =SUM(U27:W27) -> 0 | Y27: =IF(D27="TM",0.5,0) -> 0 | Z27: =IF(E27="TM",0.5,0) -> 0 | AA27: =SUM(Y27:Z27) -> 0 | AB27: =AA27/1547*17 -> 0
A28: 11 | B28: Lundi | C28: =IF(OR(C27="",C27=DATE($M$1,3,31)),"",C27+1) -> 43535 | I28: =IF(G28>T28,(G28-T28),0) -> 0 | J28: =IF(G28<T28,(G28-T28),0) -> 0 | K28: =+K25+I28+J28 -> -0.5 | M28: =-U28 -> 0 | Q28: =IF(D28="T",2,IF(D28="CP",0,IF(D28="TF",2,IF(D28="TM",0,IF(D28="JF",0,IF(D28="RTT",0,IF(D28="JNT",0,"0"))))))) -> 0 | R28: =IF(E28="T",3,IF(E28="CP",0,IF(E28="TF",3,IF(E28="TM",0,IF(E28="JF",0,IF(E28="RTT",0,IF(E28="JNT",0,"0"))))))) -> 0 | S28: =Q28+R28 -> 0 | T28: =IF(S28=5,$T$7,IF(S28=2,$T$8,IF(S28=3,$T$9,IF(S28=0,$T$10)))) -> 0 | U28: =IF(AND(D28="CP",E28="CP"),1,IF(AND(D28="CP",E28<>"CP"),0.5,IF(AND(D28<>"CP",E28="CP"),0.5,0))) -> 0 | V28: =IF(D28="RTT",0.5,0) -> 0 | W28: =IF(E28="RTT",0.5,0) -> 0 | X28: =SUM(U28:W28) -> 0 | Y28: =IF(D28="TM",0.5,0) -> 0 | Z28: =IF(E28="TM",0.5,0) -> 0 | AA28: =SUM(Y28:Z28) -> 0 | AB28: =AA28/1547*17 -> 0
B29: Mardi | C29: =IF(OR(C28="",C28=DATE($M$1,3,31)),"",C28+1) -> 43536 | I29: =IF(G29>T29,(G29-T29),0) -> 0 | J29: =IF(G29<T29,(G29-T29),0) -> 0 | K29: =K28+I29+J29 -> -0.5 | M29: =-U29 -> 0 | Q29: =IF(D29="T",2,IF(D29="CP",0,IF(D29="TF",2,IF(D29="TM",0,IF(D29="JF",0,IF(D29="RTT",0,IF(D29="JNT",0,"0"))))))) -> 0 | R29: =IF(E29="T",3,IF(E29="CP",0,IF(E29="TF",3,IF(E29="TM",0,IF(E29="JF",0,IF(E29="RTT",0,IF(E29="JNT",0,"0"))))))) -> 0 | S29: =Q29+R29 -> 0 | T29: =IF(S29=5,$T$7,IF(S29=2,$T$8,IF(S29=3,$T$9,IF(S29=0,$T$10)))) -> 0 | U29: =IF(AND(D29="CP",E29="CP"),1,IF(AND(D29="CP",E29<>"CP"),0.5,IF(AND(D29<>"CP",E29="CP"),0.5,0))) -> 0 | V29: =IF(I29="RTT",0.5,0) -> 0 | W29: =SUM(T29:V29) -> 0 | X29: =IF(H29="TM",0.5,0) -> 0 | Y29: =IF(I29="TM",0.5,0) -> 0 | Z29: =SUM(X29:Y29) -> 0 | AA29: =Z29/1547*17 -> 0
B30: Mercredi | C30: =IF(OR(C29="",C29=DATE($M$1,3,31)),"",C29+1) -> 43537 | I30: =IF(G30>T30,(G30-T30),0) -> 0 | J30: =IF(G30<T30,(G30-T30),0) -> 0 | K30: =K29+I30+J30 -> -0.5 | M30: =-U30 -> 0 | Q30: =IF(D30="T",2,IF(D30="CP",0,IF(D30="TF",2,IF(D30="TM",0,IF(D30="JF",0,IF(D30="RTT",0,IF(D30="JNT",0,"0"))))))) -> 0 | R30: =IF(E30="T",3,IF(E30="CP",0,IF(E30="TF",3,IF(E30="TM",0,IF(E30="JF",0,IF(E30="RTT",0,IF(E30="JNT",0,"0"))))))) -> 0 | S30: =Q30+R30 -> 0 | T30: =IF(S30=5,$T$7,IF(S30=2,$T$8,IF(S30=3,$T$9,IF(S30=0,$T$10)))) -> 0 | U30: =IF(AND(D30="CP",E30="CP"),1,IF(AND(D30="CP",E30<>"CP"),0.5,IF(AND(D30<>"CP",E30="CP"),0.5,0))) -> 0 | V30: =IF(I30="RTT",0.5,0) -> 0 | W30: =SUM(T30:V30) -> 0 | X30: =IF(H30="TM",0.5,0) -> 0 | Y30: =IF(I30="TM",0.5,0) -> 0 | Z30: =SUM(X30:Y30) -> 0 | AA30: =Z30/1547*17 -> 0
B31: Jeudi | C31: =IF(OR(C30="",C30=DATE($M$1,3,31)),"",C30+1) -> 43538 | I31: =IF(G31>T31,(G31-T31),0) -> 0 | J31: =IF(G31<T31,(G31-T31),0) -> 0 | K31: =K30+I31+J31 -> -0.5 | M31: =-U31 -> 0 | Q31: =IF(D31="T",2,IF(D31="CP",0,IF(D31="TF",2,IF(D31="TM",0,IF(D31="JF",0,IF(D31="RTT",0,IF(D31="JNT",0,"0"))))))) -> 0 | R31: =IF(E31="T",3,IF(E31="CP",0,IF(E31="TF",3,IF(E31="TM",0,IF(E31="JF",0,IF(E31="RTT",0,IF(E31="JNT",0,"0"))))))) -> 0 | S31: =Q31+R31 -> 0 | T31: =IF(S31=5,$T$7,IF(S31=2,$T$8,IF(S31=3,$T$9,IF(S31=0,$T$10)))) -> 0 | U31: =IF(AND(D31="CP",E31="CP"),1,IF(AND(D31="CP",E31<>"CP"),0.5,IF(AND(D31<>"CP",E31="CP"),0.5,0))) -> 0 | V31: =IF(I31="RTT",0.5,0) -> 0 | W31: =SUM(T31:V31) -> 0 | X31: =IF(H31="TM",0.5,0) -> 0 | Y31: =IF(I31="TM",0.5,0) -> 0 | Z31: =SUM(X31:Y31) -> 0 | AA31: =Z31/1547*17 -> 0
B32: Vendredi | C32: =IF(OR(C31="",C31=DATE($M$1,3,31)),"",C31+1) -> 43539 | I32: =IF(G32>T32,(G32-T32),0) -> 0 | J32: =IF(G32<T32,(G32-T32),0) -> 0 | K32: =K31+I32+J32 -> -0.5 | M32: =-U32 -> 0 | Q32: =IF(D32="T",2,IF(D32="CP",0,IF(D32="TF",2,IF(D32="TM",0,IF(D32="JF",0,IF(D32="RTT",0,IF(D32="JNT",0,"0"))))))) -> 0 | R32: =IF(E32="T",3,IF(E32="CP",0,IF(E32="TF",3,IF(E32="TM",0,IF(E32="JF",0,IF(E32="RTT",0,IF(E32="JNT",0,"0"))))))) -> 0 | S32: =Q32+R32 -> 0 | T32: =IF(S32=5,$T$7,IF(S32=2,$T$8,IF(S32=3,$T$9,IF(S32=0,$T$10)))) -> 0 | U32: =IF(AND(D32="CP",E32="CP"),1,IF(AND(D32="CP",E32<>"CP"),0.5,IF(AND(D32<>"CP",E32="CP"),0.5,0))) -> 0 | V32: =IF(I32="RTT",0.5,0) -> 0 | W32: =SUM(T32:V32) -> 0 | X32: =IF(H32="TM",0.5,0) -> 0 | Y32: =IF(I32="TM",0.5,0) -> 0 | Z32: =SUM(X32:Y32) -> 0 | AA32: =Z32/1547*17 -> 0
B33: Samedi | C33: =IF(OR(C32="",C32=DATE($M$1,3,31)),"",C32+1) -> 43540 | Q33: =IF(D33="T",2,IF(D33="CP",0,IF(D33="TF",2,IF(D33="TM",0,IF(D33="JF",0,IF(D33="RTT",0,IF(D33="JNT",0,"0"))))))) -> 0 | R33: =IF(E33="T",3,IF(E33="CP",0,IF(E33="TF",3,IF(E33="TM",0,IF(E33="JF",0,IF(E33="RTT",0,IF(E33="JNT",0,"0"))))))) -> 0 | S33: =Q33+R33 -> 0 | T33: =IF(S33=5,$T$7,IF(S33=2,$T$8,IF(S33=3,$T$9,IF(S33=0,$T$10)))) -> 0 | U33: =IF(AND(D33="CP",E33="CP"),1,IF(AND(D33="CP",E33<>"CP"),0.5,IF(AND(D33<>"CP",E33="CP"),0.5,0))) -> 0 | V33: =IF(I33="RTT",0.5,0) -> 0 | W33: =SUM(T33:V33) -> 0 | X33: =IF(H33="TM",0.5,0) -> 0 | Y33: =IF(I33="TM",0.5,0) -> 0 | Z33: =SUM(X33:Y33) -> 0 | AA33: =Z33/1547*17 -> 0
B34: Dimanche | C34: =IF(OR(C33="",C33=DATE($M$1,3,31)),"",C33+1) -> 43541 | Q34: =IF(D34="T",2,IF(D34="CP",0,IF(D34="TF",2,IF(D34="TM",0,IF(D34="JF",0,IF(D34="RTT",0,IF(D34="JNT",0,"0"))))))) -> 0 | R34: =IF(E34="T",3,IF(E34="CP",0,IF(E34="TF",3,IF(E34="TM",0,IF(E34="JF",0,IF(E34="RTT",0,IF(E34="JNT",0,"0"))))))) -> 0 | S34: =Q34+R34 -> 0 | T34: =IF(S34=5,$T$7,IF(S34=2,$T$8,IF(S34=3,$T$9,IF(S34=0,$T$10)))) -> 0 | U34: =IF(AND(D34="CP",E34="CP"),1,IF(AND(D34="CP",E34<>"CP"),0.5,IF(AND(D34<>"CP",E34="CP"),0.5,0))) -> 0 | V34: =IF(I34="RTT",0.5,0) -> 0 | W34: =SUM(T34:V34) -> 0 | X34: =IF(H34="TM",0.5,0) -> 0 | Y34: =IF(I34="TM",0.5,0) -> 0 | Z34: =SUM(X34:Y34) -> 0 | AA34: =Z34/1547*17 -> 0
A35: 12 | B35: Lundi | C35: =IF(OR(C34="",C34=DATE($M$1,3,31)),"",C34+1) -> 43542 | I35: =IF(G35>T35,(G35-T35),0) -> 0 | J35: =IF(G35<T35,(G35-T35),0) -> 0 | K35: =+K32+I35+J35 -> -0.5 | M35: =-U35 -> 0 | Q35: =IF(D35="T",2,IF(D35="CP",0,IF(D35="TF",2,IF(D35="TM",0,IF(D35="JF",0,IF(D35="RTT",0,IF(D35="JNT",0,"0"))))))) -> 0 | R35: =IF(E35="T",3,IF(E35="CP",0,IF(E35="TF",3,IF(E35="TM",0,IF(E35="JF",0,IF(E35="RTT",0,IF(E35="JNT",0,"0"))))))) -> 0 | S35: =Q35+R35 -> 0 | T35: =IF(S35=5,$T$7,IF(S35=2,$T$8,IF(S35=3,$T$9,IF(S35=0,$T$10)))) -> 0 | U35: =IF(AND(D35="CP",E35="CP"),1,IF(AND(D35="CP",E35<>"CP"),0.5,IF(AND(D35<>"CP",E35="CP"),0.5,0))) -> 0 | V35: =IF(I35="RTT",0.5,0) -> 0 | W35: =SUM(T35:V35) -> 0 | X35: =IF(H35="TM",0.5,0) -> 0 | Y35: =IF(I35="TM",0.5,0) -> 0 | Z35: =SUM(X35:Y35) -> 0 | AA35: =Z35/1547*17 -> 0
B36: Mardi | C36: =IF(OR(C35="",C35=DATE($M$1,3,31)),"",C35+1) -> 43543 | I36: =IF(G36>T36,(G36-T36),0) -> 0 | J36: =IF(G36<T36,(G36-T36),0) -> 0 | K36: =K35+I36+J36 -> -0.5 | M36: =-U36 -> 0 | Q36: =IF(D36="T",2,IF(D36="CP",0,IF(D36="TF",2,IF(D36="TM",0,IF(D36="JF",0,IF(D36="RTT",0,IF(D36="JNT",0,"0"))))))) -> 0 | R36: =IF(E36="T",3,IF(E36="CP",0,IF(E36="TF",3,IF(E36="TM",0,IF(E36="JF",0,IF(E36="RTT",0,IF(E36="JNT",0,"0"))))))) -> 0 | S36: =Q36+R36 -> 0 | T36: =IF(S36=5,$T$7,IF(S36=2,$T$8,IF(S36=3,$T$9,IF(S36=0,$T$10)))) -> 0 | U36: =IF(AND(D36="CP",E36="CP"),1,IF(AND(D36="CP",E36<>"CP"),0.5,IF(AND(D36<>"CP",E36="CP"),0.5,0))) -> 0 | V36: =IF(I36="RTT",0.5,0) -> 0 | W36: =SUM(T36:V36) -> 0 | X36: =IF(H36="TM",0.5,0) -> 0 | Y36: =IF(I36="TM",0.5,0) -> 0 | Z36: =SUM(X36:Y36) -> 0 | AA36: =Z36/1547*17 -> 0
B37: Mercredi | C37: =IF(OR(C36="",C36=DATE($M$1,3,31)),"",C36+1) -> 43544 | I37: =IF(G37>T37,(G37-T37),0) -> 0 | J37: =IF(G37<T37,(G37-T37),0) -> 0 | K37: =K36+I37+J37 -> -0.5 | M37: =-U37 -> 0 | Q37: =IF(D37="T",2,IF(D37="CP",0,IF(D37="TF",2,IF(D37="TM",0,IF(D37="JF",0,IF(D37="RTT",0,IF(D37="JNT",0,"0"))))))) -> 0 | R37: =IF(E37="T",3,IF(E37="CP",0,IF(E37="TF",3,IF(E37="TM",0,IF(E37="JF",0,IF(E37="RTT",0,IF(E37="JNT",0,"0"))))))) -> 0 | S37: =Q37+R37 -> 0 | T37: =IF(S37=5,$T$7,IF(S37=2,$T$8,IF(S37=3,$T$9,IF(S37=0,$T$10)))) -> 0 | U37: =IF(AND(D37="CP",E37="CP"),1,IF(AND(D37="CP",E37<>"CP"),0.5,IF(AND(D37<>"CP",E37="CP"),0.5,0))) -> 0 | V37: =IF(I37="RTT",0.5,0) -> 0 | W37: =SUM(T37:V37) -> 0 | X37: =IF(H37="TM",0.5,0) -> 0 | Y37: =IF(I37="TM",0.5,0) -> 0 | Z37: =SUM(X37:Y37) -> 0 | AA37: =Z37/1547*17 -> 0
B38: Jeudi | C38: =IF(OR(C37="",C37=DATE($M$1,3,31)),"",C37+1) -> 43545 | I38: =IF(G38>T38,(G38-T38),0) -> 0 | J38: =IF(G38<T38,(G38-T38),0) -> 0 | K38: =K37+I38+J38 -> -0.5 | M38: =-U38 -> 0 | Q38: =IF(D38="T",2,IF(D38="CP",0,IF(D38="TF",2,IF(D38="TM",0,IF(D38="JF",0,IF(D38="RTT",0,IF(D38="JNT",0,"0"))))))) -> 0 | R38: =IF(E38="T",3,IF(E38="CP",0,IF(E38="TF",3,IF(E38="TM",0,IF(E38="JF",0,IF(E38="RTT",0,IF(E38="JNT",0,"0"))))))) -> 0 | S38: =Q38+R38 -> 0 | T38: =IF(S38=5,$T$7,IF(S38=2,$T$8,IF(S38=3,$T$9,IF(S38=0,$T$10)))) -> 0 | U38: =IF(AND(D38="CP",E38="CP"),1,IF(AND(D38="CP",E38<>"CP"),0.5,IF(AND(D38<>"CP",E38="CP"),0.5,0))) -> 0 | V38: =IF(I38="RTT",0.5,0) -> 0 | W38: =SUM(T38:V38) -> 0 | X38: =IF(H38="TM",0.5,0) -> 0 | Y38: =IF(I38="TM",0.5,0) -> 0 | Z38: =SUM(X38:Y38) -> 0 | AA38: =Z38/1547*17 -> 0
B39: Vendredi | C39: =IF(OR(C38="",C38=DATE($M$1,3,31)),"",C38+1) -> 43546 | I39: =IF(G39>T39,(G39-T39),0) -> 0 | J39: =IF(G39<T39,(G39-T39),0) -> 0 | K39: =K38+I39+J39 -> -0.5 | M39: =-U39 -> 0 | Q39: =IF(D39="T",2,IF(D39="CP",0,IF(D39="TF",2,IF(D39="TM",0,IF(D39="JF",0,IF(D39="RTT",0,IF(D39="JNT",0,"0"))))))) -> 0 | R39: =IF(E39="T",3,IF(E39="CP",0,IF(E39="TF",3,IF(E39="TM",0,IF(E39="JF",0,IF(E39="RTT",0,IF(E39="JNT",0,"0"))))))) -> 0 | S39: =Q39+R39 -> 0 | T39: =IF(S39=5,$T$7,IF(S39=2,$T$8,IF(S39=3,$T$9,IF(S39=0,$T$10)))) -> 0 | U39: =IF(AND(D39="CP",E39="CP"),1,IF(AND(D39="CP",E39<>"CP"),0.5,IF(AND(D39<>"CP",E39="CP"),0.5,0))) -> 0 | V39: =IF(I39="RTT",0.5,0) -> 0 | W39: =SUM(T39:V39) -> 0 | X39: =IF(H39="TM",0.5,0) -> 0 | Y39: =IF(I39="TM",0.5,0) -> 0 | Z39: =SUM(X39:Y39) -> 0 | AA39: =Z39/1547*17 -> 0
B40: Samedi | C40: =IF(OR(C39="",C39=DATE($M$1,3,31)),"",C39+1) -> 43547 | Q40: =IF(D40="T",2,IF(D40="CP",0,IF(D40="TF",2,IF(D40="TM",0,IF(D40="JF",0,IF(D40="RTT",0,IF(D40="JNT",0,"0"))))))) -> 0 | R40: =IF(E40="T",3,IF(E40="CP",0,IF(E40="TF",3,IF(E40="TM",0,IF(E40="JF",0,IF(E40="RTT",0,IF(E40="JNT",0,"0"))))))) -> 0 | S40: =Q40+R40 -> 0 | T40: =IF(S40=5,$T$7,IF(S40=2,$T$8,IF(S40=3,$T$9,IF(S40=0,$T$10)))) -> 0 | U40: =IF(AND(D40="CP",E40="CP"),1,IF(AND(D40="CP",E40<>"CP"),0.5,IF(AND(D40<>"CP",E40="CP"),0.5,0))) -> 0 | V40: =IF(I40="RTT",0.5,0) -> 0 | W40: =SUM(T40:V40) -> 0 | X40: =IF(H40="TM",0.5,0) -> 0 | Y40: =IF(I40="TM",0.5,0) -> 0 | Z40: =SUM(X40:Y40) -> 0 | AA40: =Z40/1547*17 -> 0
B41: Dimanche | C41: =IF(OR(C40="",C40=DATE($M$1,3,31)),"",C40+1) -> 43548 | Q41: =IF(D41="T",2,IF(D41="CP",0,IF(D41="TF",2,IF(D41="TM",0,IF(D41="JF",0,IF(D41="RTT",0,IF(D41="JNT",0,"0"))))))) -> 0 | R41: =IF(E41="T",3,IF(E41="CP",0,IF(E41="TF",3,IF(E41="TM",0,IF(E41="JF",0,IF(E41="RTT",0,IF(E41="JNT",0,"0"))))))) -> 0 | S41: =Q41+R41 -> 0 | T41: =IF(S41=5,$T$7,IF(S41=2,$T$8,IF(S41=3,$T$9,IF(S41=0,$T$10)))) -> 0 | U41: =IF(AND(D41="CP",E41="CP"),1,IF(AND(D41="CP",E41<>"CP"),0.5,IF(AND(D41<>"CP",E41="CP"),0.5,0))) -> 0 | V41: =IF(I41="RTT",0.5,0) -> 0 | W41: =SUM(T41:V41) -> 0 | X41: =IF(H41="TM",0.5,0) -> 0 | Y41: =IF(I41="TM",0.5,0) -> 0 | Z41: =SUM(X41:Y41) -> 0 | AA41: =Z41/1547*17 -> 0
A42: 13 | B42: Lundi | C42: =IF(OR(C41="",C41=DATE($M$1,3,31)),"",C41+1) -> 43549 | I42: =IF(G42>T42,(G42-T42),0) -> 0 | J42: =IF(G42<T42,(G42-T42),0) -> 0 | K42: =+K39+I42+J42 -> -0.5 | M42: =-U42 -> 0 | Q42: =IF(D42="T",2,IF(D42="CP",0,IF(D42="TF",2,IF(D42="TM",0,IF(D42="JF",0,IF(D42="RTT",0,IF(D42="JNT",0,"0"))))))) -> 0 | R42: =IF(E42="T",3,IF(E42="CP",0,IF(E42="TF",3,IF(E42="TM",0,IF(E42="JF",0,IF(E42="RTT",0,IF(E42="JNT",0,"0"))))))) -> 0 | S42: =Q42+R42 -> 0 | T42: =IF(S42=5,$T$7,IF(S42=2,$T$8,IF(S42=3,$T$9,IF(S42=0,$T$10)))) -> 0 | U42: =IF(AND(D42="CP",E42="CP"),1,IF(AND(D42="CP",E42<>"CP"),0.5,IF(AND(D42<>"CP",E42="CP"),0.5,0))) -> 0 | V42: =IF(I42="RTT",0.5,0) -> 0 | W42: =SUM(T42:V42) -> 0 | X42: =IF(H42="TM",0.5,0) -> 0 | Y42: =IF(I42="TM",0.5,0) -> 0 | Z42: =SUM(X42:Y42) -> 0 | AA42: =Z42/1547*17 -> 0
B43: Mardi | C43: =IF(OR(C42="",C42=DATE($M$1,3,31)),"",C42+1) -> 43550 | I43: =IF(G43>T43,(G43-T43),0) -> 0 | J43: =IF(G43<T43,(G43-T43),0) -> 0 | K43: =K42+I43+J43 -> -0.5 | M43: =-U43 -> 0 | Q43: =IF(D43="T",2,IF(D43="CP",0,IF(D43="TF",2,IF(D43="TM",0,IF(D43="JF",0,IF(D43="RTT",0,IF(D43="JNT",0,"0"))))))) -> 0 | R43: =IF(E43="T",3,IF(E43="CP",0,IF(E43="TF",3,IF(E43="TM",0,IF(E43="JF",0,IF(E43="RTT",0,IF(E43="JNT",0,"0"))))))) -> 0 | S43: =Q43+R43 -> 0 | T43: =IF(S43=5,$T$7,IF(S43=2,$T$8,IF(S43=3,$T$9,IF(S43=0,$T$10)))) -> 0 | U43: =IF(AND(D43="CP",E43="CP"),1,IF(AND(D43="CP",E43<>"CP"),0.5,IF(AND(D43<>"CP",E43="CP"),0.5,0))) -> 0 | V43: =IF(I43="RTT",0.5,0) -> 0 | W43: =SUM(T43:V43) -> 0 | X43: =IF(H43="TM",0.5,0) -> 0 | Y43: =IF(I43="TM",0.5,0) -> 0 | Z43: =SUM(X43:Y43) -> 0 | AA43: =Z43/1547*17 -> 0
B44: Mercredi | C44: =IF(OR(C43="",C43=DATE($M$1,3,31)),"",C43+1) -> 43551 | I44: =IF(G44>T44,(G44-T44),0) -> 0 | J44: =IF(G44<T44,(G44-T44),0) -> 0 | K44: =K43+I44+J44 -> -0.5 | M44: =-U44 -> 0 | Q44: =IF(D44="T",2,IF(D44="CP",0,IF(D44="TF",2,IF(D44="TM",0,IF(D44="JF",0,IF(D44="RTT",0,IF(D44="JNT",0,"0"))))))) -> 0 | R44: =IF(E44="T",3,IF(E44="CP",0,IF(E44="TF",3,IF(E44="TM",0,IF(E44="JF",0,IF(E44="RTT",0,IF(E44="JNT",0,"0"))))))) -> 0 | S44: =Q44+R44 -> 0 | T44: =IF(S44=5,$T$7,IF(S44=2,$T$8,IF(S44=3,$T$9,IF(S44=0,$T$10)))) -> 0 | U44: =IF(AND(D44="CP",E44="CP"),1,IF(AND(D44="CP",E44<>"CP"),0.5,IF(AND(D44<>"CP",E44="CP"),0.5,0))) -> 0 | V44: =IF(I44="RTT",0.5,0) -> 0 | W44: =SUM(T44:V44) -> 0 | X44: =IF(H44="TM",0.5,0) -> 0 | Y44: =IF(I44="TM",0.5,0) -> 0 | Z44: =SUM(X44:Y44) -> 0 | AA44: =Z44/1547*17 -> 0
B45: Jeudi | C45: =IF(OR(C44="",C44=DATE($M$1,3,31)),"",C44+1) -> 43552 | I45: =IF(G45>T45,(G45-T45),0) -> 0 | J45: =IF(G45<T45,(G45-T45),0) -> 0 | K45: =K44+I45+J45 -> -0.5 | M45: =-U45 -> 0 | Q45: =IF(D45="T",2,IF(D45="CP",0,IF(D45="TF",2,IF(D45="TM",0,IF(D45="JF",0,IF(D45="RTT",0,IF(D45="JNT",0,"0"))))))) -> 0 | R45: =IF(E45="T",3,IF(E45="CP",0,IF(E45="TF",3,IF(E45="TM",0,IF(E45="JF",0,IF(E45="RTT",0,IF(E45="JNT",0,"0"))))))) -> 0 | S45: =Q45+R45 -> 0 | T45: =IF(S45=5,$T$7,IF(S45=2,$T$8,IF(S45=3,$T$9,IF(S45=0,$T$10)))) -> 0 | U45: =IF(AND(D45="CP",E45="CP"),1,IF(AND(D45="CP",E45<>"CP"),0.5,IF(AND(D45<>"CP",E45="CP"),0.5,0))) -> 0 | V45: =IF(I45="RTT",0.5,0) -> 0 | W45: =SUM(T45:V45) -> 0 | X45: =IF(H45="TM",0.5,0) -> 0 | Y45: =IF(I45="TM",0.5,0) -> 0 | Z45: =SUM(X45:Y45) -> 0 | AA45: =Z45/1547*17 -> 0
B46: Vendredi | C46: =IF(OR(C45="",C45=DATE($M$1,3,31)),"",C45+1) -> 43553 | I46: =IF(G46>T46,(G46-T46),0) -> 0 | J46: =IF(G46<T46,(G46-T46),0) -> 0 | K46: =K45+I46+J46 -> -0.5 | M46: =-U46 -> 0 | Q46: =IF(D46="T",2,IF(D46="CP",0,IF(D46="TF",2,IF(D46="TM",0,IF(D46="JF",0,IF(D46="RTT",0,IF(D46="JNT",0,"0"))))))) -> 0 | R46: =IF(E46="T",3,IF(E46="CP",0,IF(E46="TF",3,IF(E46="TM",0,IF(E46="JF",0,IF(E46="RTT",0,IF(E46="JNT",0,"0"))))))) -> 0 | S46: =Q46+R46 -> 0 | T46: =IF(S46=5,$T$7,IF(S46=2,$T$8,IF(S46=3,$T$9,IF(S46=0,$T$10)))) -> 0 | U46: =IF(AND(D46="CP",E46="CP"),1,IF(AND(D46="CP",E46<>"CP"),0.5,IF(AND(D46<>"CP",E46="CP"),0.5,0))) -> 0 | V46: =IF(I46="RTT",0.5,0) -> 0 | W46: =SUM(T46:V46) -> 0 | X46: =IF(H46="TM",0.5,0) -> 0 | Y46: =IF(I46="TM",0.5,0) -> 0 | Z46: =SUM(X46:Y46) -> 0 | AA46: =Z46/1547*17 -> 0
B47: Samedi | C47: =IF(OR(C46="",C46=DATE($M$1,3,31)),"",C46+1) -> 43554 | Q47: =IF(D47="T",2,IF(D47="CP",0,IF(D47="TF",2,IF(D47="TM",0,IF(D47="JF",0,IF(D47="RTT",0,IF(D47="JNT",0,"0"))))))) -> 0 | R47: =IF(E47="T",3,IF(E47="CP",0,IF(E47="TF",3,IF(E47="TM",0,IF(E47="JF",0,IF(E47="RTT",0,IF(E47="JNT",0,"0"))))))) -> 0 | S47: =Q47+R47 -> 0 | T47: =IF(S47=5,$T$7,IF(S47=2,$T$8,IF(S47=3,$T$9,IF(S47=0,$T$10)))) -> 0 | U47: =IF(AND(D47="CP",E47="CP"),1,IF(AND(D47="CP",E47<>"CP"),0.5,IF(AND(D47<>"CP",E47="CP"),0.5,0))) -> 0 | V47: =IF(I47="RTT",0.5,0) -> 0 | W47: =SUM(T47:V47) -> 0 | X47: =IF(H47="TM",0.5,0) -> 0 | Y47: =IF(I47="TM",0.5,0) -> 0 | Z47: =SUM(X47:Y47) -> 0 | AA47: =Z47/1547*17 -> 0
B48: Dimanche | C48: =IF(OR(C47="",C47=DATE($M$1,3,31)),"",C47+1) -> 43555 | Q48: =IF(D48="T",2,IF(D48="CP",0,IF(D48="TF",2,IF(D48="TM",0,IF(D48="JF",0,IF(D48="RTT",0,IF(D48="JNT",0,"0"))))))) -> 0 | R48: =IF(E48="T",3,IF(E48="CP",0,IF(E48="TF",3,IF(E48="TM",0,IF(E48="JF",0,IF(E48="RTT",0,IF(E48="JNT",0,"0"))))))) -> 0 | S48: =Q48+R48 -> 0 | T48: =IF(S48=5,$T$7,IF(S48=2,$T$8,IF(S48=3,$T$9,IF(S48=0,$T$10)))) -> 0 | U48: =IF(AND(D48="CP",E48="CP"),1,IF(AND(D48="CP",E48<>"CP"),0.5,IF(AND(D48<>"CP",E48="CP"),0.5,0))) -> 0 | V48: =IF(I48="RTT",0.5,0) -> 0 | W48: =SUM(T48:V48) -> 0 | X48: =IF(H48="TM",0.5,0) -> 0 | Y48: =IF(I48="TM",0.5,0) -> 0 | Z48: =SUM(X48:Y48) -> 0 | AA48: =Z48/1547*17 -> 0
B49: Lundi | C49: =IF(OR(C48="",C48=DATE($M$1,3,31)),"",C48+1) | I49: =IF(G49>T49,(G49-T49),0) -> 0 | J49: =IF(G49<T49,(G49-T49),0) -> 0 | K49: =+K46+I49+J49 -> -0.5 | M49: =-U49 -> 0 | Q49: =IF(D49="T",2,IF(D49="CP",0,IF(D49="TF",2,IF(D49="TM",0,IF(D49="JF",0,IF(D49="RTT",0,IF(D49="JNT",0,"0"))))))) -> 0 | R49: =IF(E49="T",3,IF(E49="CP",0,IF(E49="TF",3,IF(E49="TM",0,IF(E49="JF",0,IF(E49="RTT",0,IF(E49="JNT",0,"0"))))))) -> 0 | S49: =Q49+R49 -> 0 | T49: =IF(S49=5,$T$7,IF(S49=2,$T$8,IF(S49=3,$T$9,IF(S49=0,$T$10)))) -> 0 | U49: =IF(AND(D49="CP",E49="CP"),1,IF(AND(D49="CP",E49<>"CP"),0.5,IF(AND(D49<>"CP",E49="CP"),0.5,0))) -> 0 | V49: =IF(I49="RTT",0.5,0) -> 0 | W49: =SUM(T49:V49) -> 0 | X49: =IF(H49="TM",0.5,0) -> 0 | Y49: =IF(I49="TM",0.5,0) -> 0 | Z49: =SUM(X49:Y49) -> 0 | AA49: =Z49/1547*17 -> 0
B50: Mardi | C50: =IF(OR(C49="",C49=DATE($M$1,3,31)),"",C49+1) | I50: =IF(G50>T50,(G50-T50),0) -> 0 | J50: =IF(G50<T50,(G50-T50),0) -> 0 | K50: =K49+I50+J50 -> -0.5 | M50: =-U50 -> 0 | Q50: =IF(D50="T",2,IF(D50="CP",0,IF(D50="TF",2,IF(D50="TM",0,IF(D50="JF",0,IF(D50="RTT",0,IF(D50="JNT",0,"0"))))))) -> 0 | R50: =IF(E50="T",3,IF(E50="CP",0,IF(E50="TF",3,IF(E50="TM",0,IF(E50="JF",0,IF(E50="RTT",0,IF(E50="JNT",0,"0"))))))) -> 0 | S50: =Q50+R50 -> 0 | T50: =IF(S50=5,$T$7,IF(S50=2,$T$8,IF(S50=3,$T$9,IF(S50=0,$T$10)))) -> 0 | U50: =IF(AND(D50="CP",E50="CP"),1,IF(AND(D50="CP",E50<>"CP"),0.5,IF(AND(D50<>"CP",E50="CP"),0.5,0))) -> 0 | V50: =IF(I50="RTT",0.5,0) -> 0 | W50: =SUM(T50:V50) -> 0 | X50: =IF(H50="TM",0.5,0) -> 0 | Y50: =IF(I50="TM",0.5,0) -> 0 | Z50: =SUM(X50:Y50) -> 0 | AA50: =Z50/1547*17 -> 0
A52: SOLDE | K52: =K50 -> -0.5 | M52: =SUM(M13:M50) -> -1.5
A54: Signature Salarié | E54: Visa Responsable | K54: Date :

Sheet AVRIL
A1: NOM / Prénom : | C1: =+'JANV.'!C1 -> AIELLO | J1: AVRIL | M1: =MARS!M1 -> 2019
B4: minutes | C4: centièmes | E4: Formule de calcul | J4: T = | K4: Travaillé
B5: 15 | C5: =B5/60*100 -> 25 | E5: 10 | G5: =E5/60*100 -> 16.666667 | J5: TM = | K5: Maladie
B6: 30 | C6: 50 | J6: TF = | K6: Formation
B7: 45 | C7: =B7/60*100 -> 75 | E7: Formule pour traduire les minutes en centièmes : (nbre de minutes / 60) * 100 | J7: RTT = | K7: Réduction tps travail | S7: 5 | T7: 7 | U7: TOTAL
J8: CP = | K8: Congés Payés | S8: 2 | T8: 3.5 | U8: Matin
J9: JNT = | K9: Jours non travaillés (tps partiel) | S9: 3 | T9: 3.5 | U9: Après-midi
B10: Temps de travail | E10: 7 | J10: JF = | K10: Jours Férriés | S10: 0 | T10: 0 | U10: Vide
D12: matin | E12: après-midi | G12: Tps de travail (en centièmes) | I12: Récup. + (en centièmes) | J12: Récup. - (en centièmes) | K12: Solde (en centièmes) | M12: Congés
B13: Report | K13: =+MARS!K52 -> -0.5 | M13: =+MARS!M52 -> -1.5 | U13: CP | V13: RTT Matin | W13: RTT Après-midi | X13: Total RTT | Y13: TM Matin | Z13: TM | AA13: Total TM | AB13: Impact TM s/RTT
A14: 13 | B14: Lundi | C14: {=IF(MONTH(DATE(y,4,1))<>MONTH(DATE(y,4,1)-(WEEKDAY(DATE(y,4,1),3)-1)+{1;2;3;4;5;6;7}+{0,1,2,3,4,5}-2),"",DATE(y,4,1)-(WEEKDAY(DATE(y,4,1),3)-1)+{1;2;3;4;5;6;7}+{0,1,2,3,4,5}-2)} -> 43556 | K14: =K13+I14+J14 -> -0.5 | M14: =-U14 -> 0 | Q14: =IF(D14="T",2,IF(D14="CP",0,IF(D14="TF",2,IF(D14="TM",0,IF(D14="JF",0,IF(D14="RTT",0,IF(D14="JNT",0,"0"))))))) -> 0 | R14: =IF(E14="T",3,IF(E14="CP",0,IF(E14="TF",3,IF(E14="TM",0,IF(E14="JF",0,IF(E14="RTT",0,IF(E14="JNT",0,"0"))))))) -> 0 | S14: =Q14+R14 -> 0 | T14: =IF(S14=5,$T$7,IF(S14=2,$T$8,IF(S14=3,$T$9,IF(S14=0,$T$10)))) -> 0 | U14: =IF(AND(D14="CP",E14="CP"),1,IF(AND(D14="CP",E14<>"CP"),0.5,IF(AND(D14<>"CP",E14="CP"),0.5,0))) -> 0 | V14: =IF(D14="RTT",0.5,0) -> 0 | W14: =IF(E14="RTT",0.5,0) -> 0 | X14: =SUM(V14:W14) -> 0 | Y14: =IF(D14="TM",0.5,0) -> 0 | Z14: =IF(E14="TM",0.5,0) -> 0 | AA14: =SUM(Y14:Z14) -> 0 | AB14: =AA14/1547*17 -> 0
B15: Mardi | C15: 43557 | I15: =IF(G15>T15,(G15-T15),0) -> 0 | J15: =IF(G15<T15,(G15-T15),0) -> 0 | K15: =K14+I15+J15 -> -0.5 | M15: =-U15 -> 0 | Q15: =IF(D15="T",2,IF(D15="CP",0,IF(D15="TF",2,IF(D15="TM",0,IF(D15="JF",0,IF(D15="RTT",0,IF(D15="JNT",0,"0"))))))) -> 0 | R15: =IF(E15="T",3,IF(E15="CP",0,IF(E15="TF",3,IF(E15="TM",0,IF(E15="JF",0,IF(E15="RTT",0,IF(E15="JNT",0,"0"))))))) -> 0 | S15: =Q15+R15 -> 0 | T15: =IF(S15=5,$T$7,IF(S15=2,$T$8,IF(S15=3,$T$9,IF(S15=0,$T$10)))) -> 0 | U15: =IF(AND(D15="CP",E15="CP"),1,IF(AND(D15="CP",E15<>"CP"),0.5,IF(AND(D15<>"CP",E15="CP"),0.5,0))) -> 0 | V15: =IF(D15="RTT",0.5,0) -> 0 | W15: =IF(E15="RTT",0.5,0) -> 0 | X15: =SUM(V15:W15) -> 0 | Y15: =IF(D15="TM",0.5,0) -> 0 | Z15: =IF(E15="TM",0.5,0) -> 0 | AA15: =SUM(Y15:Z15) -> 0 | AB15: =AA15/1547*17 -> 0
B16: Mercredi | C16: 43558 | I16: =IF(G16>T16,(G16-T16),0) -> 0 | J16: =IF(G16<T16,(G16-T16),0) -> 0 | K16: =K15+I16+J16 -> -0.5 | M16: =-U16 -> 0 | Q16: =IF(D16="T",2,IF(D16="CP",0,IF(D16="TF",2,IF(D16="TM",0,IF(D16="JF",0,IF(D16="RTT",0,IF(D16="JNT",0,"0"))))))) -> 0 | R16: =IF(E16="T",3,IF(E16="CP",0,IF(E16="TF",3,IF(E16="TM",0,IF(E16="JF",0,IF(E16="RTT",0,IF(E16="JNT",0,"0"))))))) -> 0 | S16: =Q16+R16 -> 0 | T16: =IF(S16=5,$T$7,IF(S16=2,$T$8,IF(S16=3,$T$9,IF(S16=0,$T$10)))) -> 0 | U16: =IF(AND(D16="CP",E16="CP"),1,IF(AND(D16="CP",E16<>"CP"),0.5,IF(AND(D16<>"CP",E16="CP"),0.5,0))) -> 0 | V16: =IF(D16="RTT",0.5,0) -> 0 | W16: =IF(E16="RTT",0.5,0) -> 0 | X16: =SUM(V16:W16) -> 0 | Y16: =IF(D16="TM",0.5,0) -> 0 | Z16: =IF(E16="TM",0.5,0) -> 0 | AA16: =SUM(Y16:Z16) -> 0 | AB16: =AA16/1547*17 -> 0
B17: Jeudi | C17: 43559 | I17: =IF(G17>T17,(G17-T17),0) -> 0 | J17: =IF(G17<T17,(G17-T17),0) -> 0 | K17: =K16+I17+J17 -> -0.5 | M17: =-U17 -> 0 | Q17: =IF(D17="T",2,IF(D17="CP",0,IF(D17="TF",2,IF(D17="TM",0,IF(D17="JF",0,IF(D17="RTT",0,IF(D17="JNT",0,"0"))))))) -> 0 | R17: =IF(E17="T",3,IF(E17="CP",0,IF(E17="TF",3,IF(E17="TM",0,IF(E17="JF",0,IF(E17="RTT",0,IF(E17="JNT",0,"0"))))))) -> 0 | S17: =Q17+R17 -> 0 | T17: =IF(S17=5,$T$7,IF(S17=2,$T$8,IF(S17=3,$T$9,IF(S17=0,$T$10)))) -> 0 | U17: =IF(AND(D17="CP",E17="CP"),1,IF(AND(D17="CP",E17<>"CP"),0.5,IF(AND(D17<>"CP",E17="CP"),0.5,0))) -> 0 | V17: =IF(D17="RTT",0.5,0) -> 0 | W17: =IF(E17="RTT",0.5,0) -> 0 | X17: =SUM(V17:W17) -> 0 | Y17: =IF(D17="TM",0.5,0) -> 0 | Z17: =IF(E17="TM",0.5,0) -> 0 | AA17: =SUM(Y17:Z17) -> 0 | AB17: =AA17/1547*17 -> 0
B18: Vendredi | C18: 43560 | I18: =IF(G18>T18,(G18-T18),0) -> 0 | J18: =IF(G18<T18,(G18-T18),0) -> 0 | K18: =K17+I18+J18 -> -0.5 | M18: =-U18 -> 0 | Q18: =IF(D18="T",2,IF(D18="CP",0,IF(D18="TF",2,IF(D18="TM",0,IF(D18="JF",0,IF(D18="RTT",0,IF(D18="JNT",0,"0"))))))) -> 0 | R18: =IF(E18="T",3,IF(E18="CP",0,IF(E18="TF",3,IF(E18="TM",0,IF(E18="JF",0,IF(E18="RTT",0,IF(E18="JNT",0,"0"))))))) -> 0 | S18: =Q18+R18 -> 0 | T18: =IF(S18=5,$T$7,IF(S18=2,$T$8,IF(S18=3,$T$9,IF(S18=0,$T$10)))) -> 0 | U18: =IF(AND(D18="CP",E18="CP"),1,IF(AND(D18="CP",E18<>"CP"),0.5,IF(AND(D18<>"CP",E18="CP"),0.5,0))) -> 0 | V18: =IF(D18="RTT",0.5,0) -> 0 | W18: =IF(E18="RTT",0.5,0) -> 0 | X18: =SUM(V18:W18) -> 0 | Y18: =IF(D18="TM",0.5,0) -> 0 | Z18: =IF(E18="TM",0.5,0) -> 0 | AA18: =SUM(Y18:Z18) -> 0 | AB18: =AA18/1547*17 -> 0
B19: Samedi | C19: 43561 | Q19: =IF(D19="T",2,IF(D19="CP",0,IF(D19="TF",2,IF(D19="TM",0,IF(D19="JF",0,IF(D19="RTT",0,IF(D19="JNT",0,"0"))))))) -> 0 | R19: =IF(E19="T",3,IF(E19="CP",0,IF(E19="TF",3,IF(E19="TM",0,IF(E19="JF",0,IF(E19="RTT",0,IF(E19="JNT",0,"0"))))))) -> 0 | S19: =Q19+R19 -> 0 | T19: =IF(S19=5,$T$7,IF(S19=2,$T$8,IF(S19=3,$T$9,IF(S19=0,$T$10)))) -> 0 | U19: =IF(AND(D19="CP",E19="CP"),1,IF(AND(D19="CP",E19<>"CP"),0.5,IF(AND(D19<>"CP",E19="CP"),0.5,0))) -> 0 | V19: =IF(D19="RTT",0.5,0) -> 0 | W19: =IF(E19="RTT",0.5,0) -> 0 | X19: =SUM(V19:W19) -> 0 | Y19: =IF(D19="TM",0.5,0) -> 0 | Z19: =IF(E19="TM",0.5,0) -> 0 | AA19: =SUM(Y19:Z19) -> 0 | AB19: =AA19/1547*17 -> 0
B20: Dimanche | C20: 43562 | Q20: =IF(D20="T",2,IF(D20="CP",0,IF(D20="TF",2,IF(D20="TM",0,IF(D20="JF",0,IF(D20="RTT",0,IF(D20="JNT",0,"0"))))))) -> 0 | R20: =IF(E20="T",3,IF(E20="CP",0,IF(E20="TF",3,IF(E20="TM",0,IF(E20="JF",0,IF(E20="RTT",0,IF(E20="JNT",0,"0"))))))) -> 0 | S20: =Q20+R20 -> 0 | T20: =IF(S20=5,$T$7,IF(S20=2,$T$8,IF(S20=3,$T$9,IF(S20=0,$T$10)))) -> 0 | U20: =IF(AND(D20="CP",E20="CP"),1,IF(AND(D20="CP",E20<>"CP"),0.5,IF(AND(D20<>"CP",E20="CP"),0.5,0))) -> 0 | V20: =IF(D20="RTT",0.5,0) -> 0 | W20: =IF(E20="RTT",0.5,0) -> 0 | X20: =SUM(V20:W20) -> 0 | Y20: =IF(D20="TM",0.5,0) -> 0 | Z20: =IF(E20="TM",0.5,0) -> 0 | AA20: =SUM(Y20:Z20) -> 0 | AB20: =AA20/1547*17 -> 0
A21: 14 | B21: Lundi | C21: =IF(OR(C20="",C20=DATE($M$1,4,30)),"",C20+1) -> 43563 | D21: JF | E21: JF | G21: 0 | I21: =IF(G21>T21,(G21-T21),0) -> 0 | J21: =IF(G21<T21,(G21-T21),0) -> 0 | K21: =+K18+I21+J21 -> -0.5 | M21: =-U21 -> 0 | Q21: =IF(D21="T",2,IF(D21="CP",0,IF(D21="TF",2,IF(D21="TM",0,IF(D21="JF",0,IF(D21="RTT",0,IF(D21="JNT",0,"0"))))))) -> 0 | R21: =IF(E21="T",3,IF(E21="CP",0,IF(E21="TF",3,IF(E21="TM",0,IF(E21="JF",0,IF(E21="RTT",0,IF(E21="JNT",0,"0"))))))) -> 0 | S21: =Q21+R21 -> 0 | T21: =IF(S21=5,$T$7,IF(S21=2,$T$8,IF(S21=3,$T$9,IF(S21=0,$T$10)))) -> 0 | U21: =IF(AND(D21="CP",E21="CP"),1,IF(AND(D21="CP",E21<>"CP"),0.5,IF(AND(D21<>"CP",E21="CP"),0.5,0))) -> 0 | V21: =IF(D21="RTT",0.5,0) -> 0 | W21: =IF(E21="RTT",0.5,0) -> 0 | X21: =SUM(V21:W21) -> 0 | Y21: =IF(D21="TM",0.5,0) -> 0 | Z21: =IF(E21="TM",0.5,0) -> 0 | AA21: =SUM(Y21:Z21) -> 0 | AB21: =AA21/1547*17 -> 0
B22: Mardi | C22: =IF(OR(C21="",C21=DATE($M$1,4,30)),"",C21+1) -> 43564 | I22: =IF(G22>T22,(G22-T22),0) -> 0 | J22: =IF(G22<T22,(G22-T22),0) -> 0 | K22: =K21+I22+J22 -> -0.5 | M22: =-U22 -> 0 | Q22: =IF(D22="T",2,IF(D22="CP",0,IF(D22="TF",2,IF(D22="TM",0,IF(D22="JF",0,IF(D22="RTT",0,IF(D22="JNT",0,"0"))))))) -> 0 | R22: =IF(E22="T",3,IF(E22="CP",0,IF(E22="TF",3,IF(E22="TM",0,IF(E22="JF",0,IF(E22="RTT",0,IF(E22="JNT",0,"0"))))))) -> 0 | S22: =Q22+R22 -> 0 | T22: =IF(S22=5,$T$7,IF(S22=2,$T$8,IF(S22=3,$T$9,IF(S22=0,$T$10)))) -> 0 | U22: =IF(AND(D22="CP",E22="CP"),1,IF(AND(D22="CP",E22<>"CP"),0.5,IF(AND(D22<>"CP",E22="CP"),0.5,0))) -> 0 | V22: =IF(D22="RTT",0.5,0) -> 0 | W22: =IF(E22="RTT",0.5,0) -> 0 | X22: =SUM(V22:W22) -> 0 | Y22: =IF(D22="TM",0.5,0) -> 0 | Z22: =IF(E22="TM",0.5,0) -> 0 | AA22: =SUM(Y22:Z22) -> 0 | AB22: =AA22/1547*17 -> 0
B23: Mercredi | C23: =IF(OR(C22="",C22=DATE($M$1,4,30)),"",C22+1) -> 43565 | I23: =IF(G23>T23,(G23-T23),0) -> 0 | J23: =IF(G23<T23,(G23-T23),0) -> 0 | K23: =K22+I23+J23 -> -0.5 | M23: =-U23 -> 0 | Q23: =IF(D23="T",2,IF(D23="CP",0,IF(D23="TF",2,IF(D23="TM",0,IF(D23="JF",0,IF(D23="RTT",0,IF(D23="JNT",0,"0"))))))) -> 0 | R23: =IF(E23="T",3,IF(E23="CP",0,IF(E23="TF",3,IF(E23="TM",0,IF(E23="JF",0,IF(E23="RTT",0,IF(E23="JNT",0,"0"))))))) -> 0 | S23: =Q23+R23 -> 0 | T23: =IF(S23=5,$T$7,IF(S23=2,$T$8,IF(S23=3,$T$9,IF(S23=0,$T$10)))) -> 0 | U23: =IF(AND(D23="CP",E23="CP"),1,IF(AND(D23="CP",E23<>"CP"),0.5,IF(AND(D23<>"CP",E23="CP"),0.5,0))) -> 0 | V23: =IF(D23="RTT",0.5,0) -> 0 | W23: =IF(E23="RTT",0.5,0) -> 0 | X23: =SUM(V23:W23) -> 0 | Y23: =IF(D23="TM",0.5,0) -> 0 | Z23: =IF(E23="TM",0.5,0) -> 0 | AA23: =SUM(Y23:Z23) -> 0 | AB23: =AA23/1547*17 -> 0
B24: Jeudi | C24: =IF(OR(C23="",C23=DATE($M$1,4,30)),"",C23+1) -> 43566 | I24: =IF(G24>T24,(G24-T24),0) -> 0 | J24: =IF(G24<T24,(G24-T24),0) -> 0 | K24: =K23+I24+J24 -> -0.5 | M24: =-U24 -> 0 | Q24: =IF(D24="T",2,IF(D24="CP",0,IF(D24="TF",2,IF(D24="TM",0,IF(D24="JF",0,IF(D24="RTT",0,IF(D24="JNT",0,"0"))))))) -> 0 | R24: =IF(E24="T",3,IF(E24="CP",0,IF(E24="TF",3,IF(E24="TM",0,IF(E24="JF",0,IF(E24="RTT",0,IF(E24="JNT",0,"0"))))))) -> 0 | S24: =Q24+R24 -> 0 | T24: =IF(S24=5,$T$7,IF(S24=2,$T$8,IF(S24=3,$T$9,IF(S24=0,$T$10)))) -> 0 | U24: =IF(AND(D24="CP",E24="CP"),1,IF(AND(D24="CP",E24<>"CP"),0.5,IF(AND(D24<>"CP",E24="CP"),0.5,0))) -> 0 | V24: =IF(D24="RTT",0.5,0) -> 0 | W24: =IF(E24="RTT",0.5,0) -> 0 | X24: =SUM(U24:W24) -> 0 | Y24: =IF(D24="TM",0.5,0) -> 0 | Z24: =IF(E24="TM",0.5,0) -> 0 | AA24: =SUM(Y24:Z24) -> 0 | AB24: =AA24/1547*17 -> 0
B25: Vendredi | C25: =IF(OR(C24="",C24=DATE($M$1,4,30)),"",C24+1) -> 43567 | I25: =IF(G25>T25,(G25-T25),0) -> 0 | J25: =IF(G25<T25,(G25-T25),0) -> 0 | K25: =K24+I25+J25 -> -0.5 | M25: =-U25 -> 0 | Q25: =IF(D25="T",2,IF(D25="CP",0,IF(D25="TF",2,IF(D25="TM",0,IF(D25="JF",0,IF(D25="RTT",0,IF(D25="JNT",0,"0"))))))) -> 0 | R25: =IF(E25="T",3,IF(E25="CP",0,IF(E25="TF",3,IF(E25="TM",0,IF(E25="JF",0,IF(E25="RTT",0,IF(E25="JNT",0,"0"))))))) -> 0 | S25: =Q25+R25 -> 0 | T25: =IF(S25=5,$T$7,IF(S25=2,$T$8,IF(S25=3,$T$9,IF(S25=0,$T$10)))) -> 0 | U25: =IF(AND(D25="CP",E25="CP"),1,IF(AND(D25="CP",E25<>"CP"),0.5,IF(AND(D25<>"CP",E25="CP"),0.5,0))) -> 0 | V25: =IF(D25="RTT",0.5,0) -> 0 | W25: =IF(E25="RTT",0.5,0) -> 0 | X25: =SUM(U25:W25) -> 0 | Y25: =IF(D25="TM",0.5,0) -> 0 | Z25: =IF(E25="TM",0.5,0) -> 0 | AA25: =SUM(Y25:Z25) -> 0 | AB25: =AA25/1547*17 -> 0
B26: Samedi | C26: =IF(OR(C25="",C25=DATE($M$1,4,30)),"",C25+1) -> 43568 | Q26: =IF(D26="T",2,IF(D26="CP",0,IF(D26="TF",2,IF(D26="TM",0,IF(D26="JF",0,IF(D26="RTT",0,IF(D26="JNT",0,"0"))))))) -> 0 | R26: =IF(E26="T",3,IF(E26="CP",0,IF(E26="TF",3,IF(E26="TM",0,IF(E26="JF",0,IF(E26="RTT",0,IF(E26="JNT",0,"0"))))))) -> 0 | S26: =Q26+R26 -> 0 | T26: =IF(S26=5,$T$7,IF(S26=2,$T$8,IF(S26=3,$T$9,IF(S26=0,$T$10)))) -> 0 | U26: =IF(AND(D26="CP",E26="CP"),1,IF(AND(D26="CP",E26<>"CP"),0.5,IF(AND(D26<>"CP",E26="CP"),0.5,0))) -> 0 | V26: =IF(D26="RTT",0.5,0) -> 0 | W26: =IF(E26="RTT",0.5,0) -> 0 | X26: =SUM(U26:W26) -> 0 | Y26: =IF(D26="TM",0.5,0) -> 0 | Z26: =IF(E26="TM",0.5,0) -> 0 | AA26: =SUM(Y26:Z26) -> 0 | AB26: =AA26/1547*17 -> 0
B27: Dimanche | C27: =IF(OR(C26="",C26=DATE($M$1,4,30)),"",C26+1) -> 43569 | Q27: =IF(D27="T",2,IF(D27="CP",0,IF(D27="TF",2,IF(D27="TM",0,IF(D27="JF",0,IF(D27="RTT",0,IF(D27="JNT",0,"0"))))))) -> 0 | R27: =IF(E27="T",3,IF(E27="CP",0,IF(E27="TF",3,IF(E27="TM",0,IF(E27="JF",0,IF(E27="RTT",0,IF(E27="JNT",0,"0"))))))) -> 0 | S27: =Q27+R27 -> 0 | T27: =IF(S27=5,$T$7,IF(S27=2,$T$8,IF(S27=3,$T$9,IF(S27=0,$T$10)))) -> 0 | U27: =IF(AND(D27="CP",E27="CP"),1,IF(AND(D27="CP",E27<>"CP"),0.5,IF(AND(D27<>"CP",E27="CP"),0.5,0))) -> 0 | V27: =IF(D27="RTT",0.5,0) -> 0 | W27: =IF(E27="RTT",0.5,0) -> 0 | X27: =SUM(U27:W27) -> 0 | Y27: =IF(D27="TM",0.5,0) -> 0 | Z27: =IF(E27="TM",0.5,0) -> 0 | AA27: =SUM(Y27:Z27) -> 0 | AB27: =AA27/1547*17 -> 0
A28: 15 | B28: Lundi | C28: =IF(OR(C27="",C27=DATE($M$1,4,30)),"",C27+1) -> 43570 | I28: =IF(G28>T28,(G28-T28),0) -> 0 | J28: =IF(G28<T28,(G28-T28),0) -> 0 | K28: =+K25+I28+J28 -> -0.5 | M28: =-U28 -> 0 | Q28: =IF(D28="T",2,IF(D28="CP",0,IF(D28="TF",2,IF(D28="TM",0,IF(D28="JF",0,IF(D28="RTT",0,IF(D28="JNT",0,"0"))))))) -> 0 | R28: =IF(E28="T",3,IF(E28="CP",0,IF(E28="TF",3,IF(E28="TM",0,IF(E28="JF",0,IF(E28="RTT",0,IF(E28="JNT",0,"0"))))))) -> 0 | S28: =Q28+R28 -> 0 | T28: =IF(S28=5,$T$7,IF(S28=2,$T$8,IF(S28=3,$T$9,IF(S28=0,$T$10)))) -> 0 | U28: =IF(AND(D28="CP",E28="CP"),1,IF(AND(D28="CP",E28<>"CP"),0.5,IF(AND(D28<>"CP",E28="CP"),0.5,0))) -> 0 | V28: =IF(D28="RTT",0.5,0) -> 0 | W28: =IF(E28="RTT",0.5,0) -> 0 | X28: =SUM(U28:W28) -> 0 | Y28: =IF(D28="TM",0.5,0) -> 0 | Z28: =IF(E28="TM",0.5,0) -> 0 | AA28: =SUM(Y28:Z28) -> 0 | AB28: =AA28/1547*17 -> 0
B29: Mardi | C29: =IF(OR(C28="",C28=DATE($M$1,4,30)),"",C28+1) -> 43571 | I29: =IF(G29>T29,(G29-T29),0) -> 0 | J29: =IF(G29<T29,(G29-T29),0) -> 0 | K29: =K28+I29+J29 -> -0.5 | M29: =-U29 -> 0 | Q29: =IF(D29="T",2,IF(D29="CP",0,IF(D29="TF",2,IF(D29="TM",0,IF(D29="JF",0,IF(D29="RTT",0,IF(D29="JNT",0,"0"))))))) -> 0 | R29: =IF(E29="T",3,IF(E29="CP",0,IF(E29="TF",3,IF(E29="TM",0,IF(E29="JF",0,IF(E29="RTT",0,IF(E29="JNT",0,"0"))))))) -> 0 | S29: =Q29+R29 -> 0 | T29: =IF(S29=5,$T$7,IF(S29=2,$T$8,IF(S29=3,$T$9,IF(S29=0,$T$10)))) -> 0 | U29: =IF(AND(D29="CP",E29="CP"),1,IF(AND(D29="CP",E29<>"CP"),0.5,IF(AND(D29<>"CP",E29="CP"),0.5,0))) -> 0 | V29: =IF(I29="RTT",0.5,0) -> 0 | W29: =SUM(T29:V29) -> 0 | X29: =IF(H29="TM",0.5,0) -> 0 | Y29: =IF(I29="TM",0.5,0) -> 0 | Z29: =SUM(X29:Y29) -> 0 | AA29: =Z29/1547*17 -> 0
B30: Mercredi | C30: =IF(OR(C29="",C29=DATE($M$1,4,30)),"",C29+1) -> 43572 | I30: =IF(G30>T30,(G30-T30),0) -> 0 | J30: =IF(G30<T30,(G30-T30),0) -> 0 | K30: =K29+I30+J30 -> -0.5 | M30: =-U30 -> 0 | Q30: =IF(D30="T",2,IF(D30="CP",0,IF(D30="TF",2,IF(D30="TM",0,IF(D30="JF",0,IF(D30="RTT",0,IF(D30="JNT",0,"0"))))))) -> 0 | R30: =IF(E30="T",3,IF(E30="CP",0,IF(E30="TF",3,IF(E30="TM",0,IF(E30="JF",0,IF(E30="RTT",0,IF(E30="JNT",0,"0"))))))) -> 0 | S30: =Q30+R30 -> 0 | T30: =IF(S30=5,$T$7,IF(S30=2,$T$8,IF(S30=3,$T$9,IF(S30=0,$T$10)))) -> 0 | U30: =IF(AND(D30="CP",E30="CP"),1,IF(AND(D30="CP",E30<>"CP"),0.5,IF(AND(D30<>"CP",E30="CP"),0.5,0))) -> 0 | V30: =IF(I30="RTT",0.5,0) -> 0 | W30: =SUM(T30:V30) -> 0 | X30: =IF(H30="TM",0.5,0) -> 0 | Y30: =IF(I30="TM",0.5,0) -> 0 | Z30: =SUM(X30:Y30) -> 0 | AA30: =Z30/1547*17 -> 0
B31: Jeudi | C31: =IF(OR(C30="",C30=DATE($M$1,4,30)),"",C30+1) -> 43573 | I31: =IF(G31>T31,(G31-T31),0) -> 0 | J31: =IF(G31<T31,(G31-T31),0) -> 0 | K31: =K30+I31+J31 -> -0.5 | M31: =-U31 -> 0 | Q31: =IF(D31="T",2,IF(D31="CP",0,IF(D31="TF",2,IF(D31="TM",0,IF(D31="JF",0,IF(D31="RTT",0,IF(D31="JNT",0,"0"))))))) -> 0 | R31: =IF(E31="T",3,IF(E31="CP",0,IF(E31="TF",3,IF(E31="TM",0,IF(E31="JF",0,IF(E31="RTT",0,IF(E31="JNT",0,"0"))))))) -> 0 | S31: =Q31+R31 -> 0 | T31: =IF(S31=5,$T$7,IF(S31=2,$T$8,IF(S31=3,$T$9,IF(S31=0,$T$10)))) -> 0 | U31: =IF(AND(D31="CP",E31="CP"),1,IF(AND(D31="CP",E31<>"CP"),0.5,IF(AND(D31<>"CP",E31="CP"),0.5,0))) -> 0 | V31: =IF(I31="RTT",0.5,0) -> 0 | W31: =SUM(T31:V31) -> 0 | X31: =IF(H31="TM",0.5,0) -> 0 | Y31: =IF(I31="TM",0.5,0) -> 0 | Z31: =SUM(X31:Y31) -> 0 | AA31: =Z31/1547*17 -> 0
B32: Vendredi | C32: =IF(OR(C31="",C31=DATE($M$1,4,30)),"",C31+1) -> 43574 | I32: =IF(G32>T32,(G32-T32),0) -> 0 | J32: =IF(G32<T32,(G32-T32),0) -> 0 | K32: =K31+I32+J32 -> -0.5 | M32: =-U32 -> 0 | Q32: =IF(D32="T",2,IF(D32="CP",0,IF(D32="TF",2,IF(D32="TM",0,IF(D32="JF",0,IF(D32="RTT",0,IF(D32="JNT",0,"0"))))))) -> 0 | R32: =IF(E32="T",3,IF(E32="CP",0,IF(E32="TF",3,IF(E32="TM",0,IF(E32="JF",0,IF(E32="RTT",0,IF(E32="JNT",0,"0"))))))) -> 0 | S32: =Q32+R32 -> 0 | T32: =IF(S32=5,$T$7,IF(S32=2,$T$8,IF(S32=3,$T$9,IF(S32=0,$T$10)))) -> 0 | U32: =IF(AND(D32="CP",E32="CP"),1,IF(AND(D32="CP",E32<>"CP"),0.5,IF(AND(D32<>"CP",E32="CP"),0.5,0))) -> 0 | V32: =IF(I32="RTT",0.5,0) -> 0 | W32: =SUM(T32:V32) -> 0 | X32: =IF(H32="TM",0.5,0) -> 0 | Y32: =IF(I32="TM",0.5,0) -> 0 | Z32: =SUM(X32:Y32) -> 0 | AA32: =Z32/1547*17 -> 0
B33: Samedi | C33: =IF(OR(C32="",C32=DATE($M$1,4,30)),"",C32+1) -> 43575 | Q33: =IF(D33="T",2,IF(D33="CP",0,IF(D33="TF",2,IF(D33="TM",0,IF(D33="JF",0,IF(D33="RTT",0,IF(D33="JNT",0,"0"))))))) -> 0 | R33: =IF(E33="T",3,IF(E33="CP",0,IF(E33="TF",3,IF(E33="TM",0,IF(E33="JF",0,IF(E33="RTT",0,IF(E33="JNT",0,"0"))))))) -> 0 | S33: =Q33+R33 -> 0 | T33: =IF(S33=5,$T$7,IF(S33=2,$T$8,IF(S33=3,$T$9,IF(S33=0,$T$10)))) -> 0 | U33: =IF(AND(D33="CP",E33="CP"),1,IF(AND(D33="CP",E33<>"CP"),0.5,IF(AND(D33<>"CP",E33="CP"),0.5,0))) -> 0 | V33: =IF(I33="RTT",0.5,0) -> 0 | W33: =SUM(T33:V33) -> 0 | X33: =IF(H33="TM",0.5,0) -> 0 | Y33: =IF(I33="TM",0.5,0) -> 0 | Z33: =SUM(X33:Y33) -> 0 | AA33: =Z33/1547*17 -> 0
B34: Dimanche | C34: =IF(OR(C33="",C33=DATE($M$1,4,30)),"",C33+1) -> 43576 | Q34: =IF(D34="T",2,IF(D34="CP",0,IF(D34="TF",2,IF(D34="TM",0,IF(D34="JF",0,IF(D34="RTT",0,IF(D34="JNT",0,"0"))))))) -> 0 | R34: =IF(E34="T",3,IF(E34="CP",0,IF(E34="TF",3,IF(E34="TM",0,IF(E34="JF",0,IF(E34="RTT",0,IF(E34="JNT",0,"0"))))))) -> 0 | S34: =Q34+R34 -> 0 | T34: =IF(S34=5,$T$7,IF(S34=2,$T$8,IF(S34=3,$T$9,IF(S34=0,$T$10)))) -> 0 | U34: =IF(AND(D34="CP",E34="CP"),1,IF(AND(D34="CP",E34<>"CP"),0.5,IF(AND(D34<>"CP",E34="CP"),0.5,0))) -> 0 | V34: =IF(I34="RTT",0.5,0) -> 0 | W34: =SUM(T34:V34) -> 0 | X34: =IF(H34="TM",0.5,0) -> 0 | Y34: =IF(I34="TM",0.5,0) -> 0 | Z34: =SUM(X34:Y34) -> 0 | AA34: =Z34/1547*17 -> 0
A35: 16 | B35: Lundi | C35: =IF(OR(C34="",C34=DATE($M$1,4,30)),"",C34+1) -> 43577 | I35: =IF(G35>T35,(G35-T35),0) -> 0 | J35: =IF(G35<T35,(G35-T35),0) -> 0 | K35: =+K32+I35+J35 -> -0.5 | M35: =-U35 -> 0 | Q35: =IF(D35="T",2,IF(D35="CP",0,IF(D35="TF",2,IF(D35="TM",0,IF(D35="JF",0,IF(D35="RTT",0,IF(D35="JNT",0,"0"))))))) -> 0 | R35: =IF(E35="T",3,IF(E35="CP",0,IF(E35="TF",3,IF(E35="TM",0,IF(E35="JF",0,IF(E35="RTT",0,IF(E35="JNT",0,"0"))))))) -> 0 | S35: =Q35+R35 -> 0 | T35: =IF(S35=5,$T$7,IF(S35=2,$T$8,IF(S35=3,$T$9,IF(S35=0,$T$10)))) -> 0 | U35: =IF(AND(D35="CP",E35="CP"),1,IF(AND(D35="CP",E35<>"CP"),0.5,IF(AND(D35<>"CP",E35="CP"),0.5,0))) -> 0 | V35: =IF(I35="RTT",0.5,0) -> 0 | W35: =SUM(T35:V35) -> 0 | X35: =IF(H35="TM",0.5,0) -> 0 | Y35: =IF(I35="TM",0.5,0) -> 0 | Z35: =SUM(X35:Y35) -> 0 | AA35: =Z35/1547*17 -> 0
B36: Mardi | C36: =IF(OR(C35="",C35=DATE($M$1,4,30)),"",C35+1) -> 43578 | I36: =IF(G36>T36,(G36-T36),0) -> 0 | J36: =IF(G36<T36,(G36-T36),0) -> 0 | K36: =K35+I36+J36 -> -0.5 | M36: =-U36 -> 0 | Q36: =IF(D36="T",2,IF(D36="CP",0,IF(D36="TF",2,IF(D36="TM",0,IF(D36="JF",0,IF(D36="RTT",0,IF(D36="JNT",0,"0"))))))) -> 0 | R36: =IF(E36="T",3,IF(E36="CP",0,IF(E36="TF",3,IF(E36="TM",0,IF(E36="JF",0,IF(E36="RTT",0,IF(E36="JNT",0,"0"))))))) -> 0 | S36: =Q36+R36 -> 0 | T36: =IF(S36=5,$T$7,IF(S36=2,$T$8,IF(S36=3,$T$9,IF(S36=0,$T$10)))) -> 0 | U36: =IF(AND(D36="CP",E36="CP"),1,IF(AND(D36="CP",E36<>"CP"),0.5,IF(AND(D36<>"CP",E36="CP"),0.5,0))) -> 0 | V36: =IF(I36="RTT",0.5,0) -> 0 | W36: =SUM(T36:V36) -> 0 | X36: =IF(H36="TM",0.5,0) -> 0 | Y36: =IF(I36="TM",0.5,0) -> 0 | Z36: =SUM(X36:Y36) -> 0 | AA36: =Z36/1547*17 -> 0
B37: Mercredi | C37: =IF(OR(C36="",C36=DATE($M$1,4,30)),"",C36+1) -> 43579 | I37: =IF(G37>T37,(G37-T37),0) -> 0 | J37: =IF(G37<T37,(G37-T37),0) -> 0 | K37: =K36+I37+J37 -> -0.5 | M37: =-U37 -> 0 | Q37: =IF(D37="T",2,IF(D37="CP",0,IF(D37="TF",2,IF(D37="TM",0,IF(D37="JF",0,IF(D37="RTT",0,IF(D37="JNT",0,"0"))))))) -> 0 | R37: =IF(E37="T",3,IF(E37="CP",0,IF(E37="TF",3,IF(E37="TM",0,IF(E37="JF",0,IF(E37="RTT",0,IF(E37="JNT",0,"0"))))))) -> 0 | S37: =Q37+R37 -> 0 | T37: =IF(S37=5,$T$7,IF(S37=2,$T$8,IF(S37=3,$T$9,IF(S37=0,$T$10)))) -> 0 | U37: =IF(AND(D37="CP",E37="CP"),1,IF(AND(D37="CP",E37<>"CP"),0.5,IF(AND(D37<>"CP",E37="CP"),0.5,0))) -> 0 | V37: =IF(I37="RTT",0.5,0) -> 0 | W37: =SUM(T37:V37) -> 0 | X37: =IF(H37="TM",0.5,0) -> 0 | Y37: =IF(I37="TM",0.5,0) -> 0 | Z37: =SUM(X37:Y37) -> 0 | AA37: =Z37/1547*17 -> 0
B38: Jeudi | C38: =IF(OR(C37="",C37=DATE($M$1,4,30)),"",C37+1) -> 43580 | I38: =IF(G38>T38,(G38-T38),0) -> 0 | J38: =IF(G38<T38,(G38-T38),0) -> 0 | K38: =K37+I38+J38 -> -0.5 | M38: =-U38 -> 0 | Q38: =IF(D38="T",2,IF(D38="CP",0,IF(D38="TF",2,IF(D38="TM",0,IF(D38="JF",0,IF(D38="RTT",0,IF(D38="JNT",0,"0"))))))) -> 0 | R38: =IF(E38="T",3,IF(E38="CP",0,IF(E38="TF",3,IF(E38="TM",0,IF(E38="JF",0,IF(E38="RTT",0,IF(E38="JNT",0,"0"))))))) -> 0 | S38: =Q38+R38 -> 0 | T38: =IF(S38=5,$T$7,IF(S38=2,$T$8,IF(S38=3,$T$9,IF(S38=0,$T$10)))) -> 0 | U38: =IF(AND(D38="CP",E38="CP"),1,IF(AND(D38="CP",E38<>"CP"),0.5,IF(AND(D38<>"CP",E38="CP"),0.5,0))) -> 0 | V38: =IF(I38="RTT",0.5,0) -> 0 | W38: =SUM(T38:V38) -> 0 | X38: =IF(H38="TM",0.5,0) -> 0 | Y38: =IF(I38="TM",0.5,0) -> 0 | Z38: =SUM(X38:Y38) -> 0 | AA38: =Z38/1547*17 -> 0
B39: Vendredi | C39: =IF(OR(C38="",C38=DATE($M$1,4,30)),"",C38+1) -> 43581 | I39: =IF(G39>T39,(G39-T39),0) -> 0 | J39: =IF(G39<T39,(G39-T39),0) -> 0 | K39: =K38+I39+J39 -> -0.5 | M39: =-U39 -> 0 | Q39: =IF(D39="T",2,IF(D39="CP",0,IF(D39="TF",2,IF(D39="TM",0,IF(D39="JF",0,IF(D39="RTT",0,IF(D39="JNT",0,"0"))))))) -> 0 | R39: =IF(E39="T",3,IF(E39="CP",0,IF(E39="TF",3,IF(E39="TM",0,IF(E39="JF",0,IF(E39="RTT",0,IF(E39="JNT",0,"0"))))))) -> 0 | S39: =Q39+R39 -> 0 | T39: =IF(S39=5,$T$7,IF(S39=2,$T$8,IF(S39=3,$T$9,IF(S39=0,$T$10)))) -> 0 | U39: =IF(AND(D39="CP",E39="CP"),1,IF(AND(D39="CP",E39<>"CP"),0.5,IF(AND(D39<>"CP",E39="CP"),0.5,0))) -> 0 | V39: =IF(I39="RTT",0.5,0) -> 0 | W39: =SUM(T39:V39) -> 0 | X39: =IF(H39="TM",0.5,0) -> 0 | Y39: =IF(I39="TM",0.5,0) -> 0 | Z39: =SUM(X39:Y39) -> 0 | AA39: =Z39/1547*17 -> 0
B40: Samedi | C40: =IF(OR(C39="",C39=DATE($M$1,4,30)),"",C39+1) -> 43582 | Q40: =IF(D40="T",2,IF(D40="CP",0,IF(D40="TF",2,IF(D40="TM",0,IF(D40="JF",0,IF(D40="RTT",0,IF(D40="JNT",0,"0"))))))) -> 0 | R40: =IF(E40="T",3,IF(E40="CP",0,IF(E40="TF",3,IF(E40="TM",0,IF(E40="JF",0,IF(E40="RTT",0,IF(E40="JNT",0,"0"))))))) -> 0 | S40: =Q40+R40 -> 0 | T40: =IF(S40=5,$T$7,IF(S40=2,$T$8,IF(S40=3,$T$9,IF(S40=0,$T$10)))) -> 0 | U40: =IF(AND(D40="CP",E40="CP"),1,IF(AND(D40="CP",E40<>"CP"),0.5,IF(AND(D40<>"CP",E40="CP"),0.5,0))) -> 0 | V40: =IF(I40="RTT",0.5,0) -> 0 | W40: =SUM(T40:V40) -> 0 | X40: =IF(H40="TM",0.5,0) -> 0 | Y40: =IF(I40="TM",0.5,0) -> 0 | Z40: =SUM(X40:Y40) -> 0 | AA40: =Z40/1547*17 -> 0
B41: Dimanche | C41: =IF(OR(C40="",C40=DATE($M$1,4,30)),"",C40+1) -> 43583 | Q41: =IF(D41="T",2,IF(D41="CP",0,IF(D41="TF",2,IF(D41="TM",0,IF(D41="JF",0,IF(D41="RTT",0,IF(D41="JNT",0,"0"))))))) -> 0 | R41: =IF(E41="T",3,IF(E41="CP",0,IF(E41="TF",3,IF(E41="TM",0,IF(E41="JF",0,IF(E41="RTT",0,IF(E41="JNT",0,"0"))))))) -> 0 | S41: =Q41+R41 -> 0 | T41: =IF(S41=5,$T$7,IF(S41=2,$T$8,IF(S41=3,$T$9,IF(S41=0,$T$10)))) -> 0 | U41: =IF(AND(D41="CP",E41="CP"),1,IF(AND(D41="CP",E41<>"CP"),0.5,IF(AND(D41<>"CP",E41="CP"),0.5,0))) -> 0 | V41: =IF(I41="RTT",0.5,0) -> 0 | W41: =SUM(T41:V41) -> 0 | X41: =IF(H41="TM",0.5,0) -> 0 | Y41: =IF(I41="TM",0.5,0) -> 0 | Z41: =SUM(X41:Y41) -> 0 | AA41: =Z41/1547*17 -> 0
A42: 17 | B42: Lundi | C42: =IF(OR(C41="",C41=DATE($M$1,4,30)),"",C41+1) -> 43584 | I42: =IF(G42>T42,(G42-T42),0) -> 0 | J42: =IF(G42<T42,(G42-T42),0) -> 0 | K42: =+K39+I42+J42 -> -0.5 | M42: =-U42 -> 0 | Q42: =IF(D42="T",2,IF(D42="CP",0,IF(D42="TF",2,IF(D42="TM",0,IF(D42="JF",0,IF(D42="RTT",0,IF(D42="JNT",0,"0"))))))) -> 0 | R42: =IF(E42="T",3,IF(E42="CP",0,IF(E42="TF",3,IF(E42="TM",0,IF(E42="JF",0,IF(E42="RTT",0,IF(E42="JNT",0,"0"))))))) -> 0 | S42: =Q42+R42 -> 0 | T42: =IF(S42=5,$T$7,IF(S42=2,$T$8,IF(S42=3,$T$9,IF(S42=0,$T$10)))) -> 0 | U42: =IF(AND(D42="CP",E42="CP"),1,IF(AND(D42="CP",E42<>"CP"),0.5,IF(AND(D42<>"CP",E42="CP"),0.5,0))) -> 0 | V42: =IF(I42="RTT",0.5,0) -> 0 | W42: =SUM(T42:V42) -> 0 | X42: =IF(H42="TM",0.5,0) -> 0 | Y42: =IF(I42="TM",0.5,0) -> 0 | Z42: =SUM(X42:Y42) -> 0 | AA42: =Z42/1547*17 -> 0
B43: Mardi | C43: =IF(OR(C42="",C42=DATE($M$1,4,30)),"",C42+1) -> 43585 | I43: =IF(G43>T43,(G43-T43),0) -> 0 | J43: =IF(G43<T43,(G43-T43),0) -> 0 | K43: =K42+I43+J43 -> -0.5 | M43: =-U43 -> 0 | Q43: =IF(D43="T",2,IF(D43="CP",0,IF(D43="TF",2,IF(D43="TM",0,IF(D43="JF",0,IF(D43="RTT",0,IF(D43="JNT",0,"0"))))))) -> 0 | R43: =IF(E43="T",3,IF(E43="CP",0,IF(E43="TF",3,IF(E43="TM",0,IF(E43="JF",0,IF(E43="RTT",0,IF(E43="JNT",0,"0"))))))) -> 0 | S43: =Q43+R43 -> 0 | T43: =IF(S43=5,$T$7,IF(S43=2,$T$8,IF(S43=3,$T$9,IF(S43=0,$T$10)))) -> 0 | U43: =IF(AND(D43="CP",E43="CP"),1,IF(AND(D43="CP",E43<>"CP"),0.5,IF(AND(D43<>"CP",E43="CP"),0.5,0))) -> 0 | V43: =IF(I43="RTT",0.5,0) -> 0 | W43: =SUM(T43:V43) -> 0 | X43: =IF(H43="TM",0.5,0) -> 0 | Y43: =IF(I43="TM",0.5,0) -> 0 | Z43: =SUM(X43:Y43) -> 0 | AA43: =Z43/1547*17 -> 0
B44: Mercredi | C44: =IF(OR(C43="",C43=DATE($M$1,4,30)),"",C43+1) | I44: =IF(G44>T44,(G44-T44),0) -> 0 | J44: =IF(G44<T44,(G44-T44),0) -> 0 | K44: =K43+I44+J44 -> -0.5 | M44: =-U44 -> 0 | Q44: =IF(D44="T",2,IF(D44="CP",0,IF(D44="TF",2,IF(D44="TM",0,IF(D44="JF",0,IF(D44="RTT",0,IF(D44="JNT",0,"0"))))))) -> 0 | R44: =IF(E44="T",3,IF(E44="CP",0,IF(E44="TF",3,IF(E44="TM",0,IF(E44="JF",0,IF(E44="RTT",0,IF(E44="JNT",0,"0"))))))) -> 0 | S44: =Q44+R44 -> 0 | T44: =IF(S44=5,$T$7,IF(S44=2,$T$8,IF(S44=3,$T$9,IF(S44=0,$T$10)))) -> 0 | U44: =IF(AND(D44="CP",E44="CP"),1,IF(AND(D44="CP",E44<>"CP"),0.5,IF(AND(D44<>"CP",E44="CP"),0.5,0))) -> 0 | V44: =IF(I44="RTT",0.5,0) -> 0 | W44: =SUM(T44:V44) -> 0 | X44: =IF(H44="TM",0.5,0) -> 0 | Y44: =IF(I44="TM",0.5,0) -> 0 | Z44: =SUM(X44:Y44) -> 0 | AA44: =Z44/1547*17 -> 0
B45: Jeudi | C45: =IF(OR(C44="",C44=DATE($M$1,4,30)),"",C44+1) | I45: =IF(G45>T45,(G45-T45),0) -> 0 | J45: =IF(G45<T45,(G45-T45),0) -> 0 | K45: =K44+I45+J45 -> -0.5 | M45: =-U45 -> 0 | Q45: =IF(D45="T",2,IF(D45="CP",0,IF(D45="TF",2,IF(D45="TM",0,IF(D45="JF",0,IF(D45="RTT",0,IF(D45="JNT",0,"0"))))))) -> 0 | R45: =IF(E45="T",3,IF(E45="CP",0,IF(E45="TF",3,IF(E45="TM",0,IF(E45="JF",0,IF(E45="RTT",0,IF(E45="JNT",0,"0"))))))) -> 0 | S45: =Q45+R45 -> 0 | T45: =IF(S45=5,$T$7,IF(S45=2,$T$8,IF(S45=3,$T$9,IF(S45=0,$T$10)))) -> 0 | U45: =IF(AND(D45="CP",E45="CP"),1,IF(AND(D45="CP",E45<>"CP"),0.5,IF(AND(D45<>"CP",E45="CP"),0.5,0))) -> 0 | V45: =IF(I45="RTT",0.5,0) -> 0 | W45: =SUM(T45:V45) -> 0 | X45: =IF(H45="TM",0.5,0) -> 0 | Y45: =IF(I45="TM",0.5,0) -> 0 | Z45: =SUM(X45:Y45) -> 0 | AA45: =Z45/1547*17 -> 0
B46: Vendredi | C46: =IF(OR(C45="",C45=DATE($M$1,4,30)),"",C45+1) | I46: =IF(G46>T46,(G46-T46),0) -> 0 | J46: =IF(G46<T46,(G46-T46),0) -> 0 | K46: =K45+I46+J46 -> -0.5 | M46: =-U46 -> 0 | Q46: =IF(D46="T",2,IF(D46="CP",0,IF(D46="TF",2,IF(D46="TM",0,IF(D46="JF",0,IF(D46="RTT",0,IF(D46="JNT",0,"0"))))))) -> 0 | R46: =IF(E46="T",3,IF(E46="CP",0,IF(E46="TF",3,IF(E46="TM",0,IF(E46="JF",0,IF(E46="RTT",0,IF(E46="JNT",0,"0"))))))) -> 0 | S46: =Q46+R46 -> 0 | T46: =IF(S46=5,$T$7,IF(S46=2,$T$8,IF(S46=3,$T$9,IF(S46=0,$T$10)))) -> 0 | U46: =IF(AND(D46="CP",E46="CP"),1,IF(AND(D46="CP",E46<>"CP"),0.5,IF(AND(D46<>"CP",E46="CP"),0.5,0))) -> 0 | V46: =IF(I46="RTT",0.5,0) -> 0 | W46: =SUM(T46:V46) -> 0 | X46: =IF(H46="TM",0.5,0) -> 0 | Y46: =IF(I46="TM",0.5,0) -> 0 | Z46: =SUM(X46:Y46) -> 0 | AA46: =Z46/1547*17 -> 0
B47: Samedi | C47: =IF(OR(C46="",C46=DATE($M$1,4,30)),"",C46+1) | Q47: =IF(D47="T",2,IF(D47="CP",0,IF(D47="TF",2,IF(D47="TM",0,IF(D47="JF",0,IF(D47="RTT",0,IF(D47="JNT",0,"0"))))))) -> 0 | R47: =IF(E47="T",3,IF(E47="CP",0,IF(E47="TF",3,IF(E47="TM",0,IF(E47="JF",0,IF(E47="RTT",0,IF(E47="JNT",0,"0"))))))) -> 0 | S47: =Q47+R47 -> 0 | T47: =IF(S47=5,$T$7,IF(S47=2,$T$8,IF(S47=3,$T$9,IF(S47=0,$T$10)))) -> 0 | U47: =IF(AND(D47="CP",E47="CP"),1,IF(AND(D47="CP",E47<>"CP"),0.5,IF(AND(D47<>"CP",E47="CP"),0.5,0))) -> 0 | V47: =IF(I47="RTT",0.5,0) -> 0 | W47: =SUM(T47:V47) -> 0 | X47: =IF(H47="TM",0.5,0) -> 0 | Y47: =IF(I47="TM",0.5,0) -> 0 | Z47: =SUM(X47:Y47) -> 0 | AA47: =Z47/1547*17 -> 0
B48: Dimanche | C48: =IF(OR(C47="",C47=DATE($M$1,4,30)),"",C47+1) | Q48: =IF(D48="T",2,IF(D48="CP",0,IF(D48="TF",2,IF(D48="TM",0,IF(D48="JF",0,IF(D48="RTT",0,IF(D48="JNT",0,"0"))))))) -> 0 | R48: =IF(E48="T",3,IF(E48="CP",0,IF(E48="TF",3,IF(E48="TM",0,IF(E48="JF",0,IF(E48="RTT",0,IF(E48="JNT",0,"0"))))))) -> 0 | S48: =Q48+R48 -> 0 | T48: =IF(S48=5,$T$7,IF(S48=2,$T$8,IF(S48=3,$T$9,IF(S48=0,$T$10)))) -> 0 | U48: =IF(AND(D48="CP",E48="CP"),1,IF(AND(D48="CP",E48<>"CP"),0.5,IF(AND(D48<>"CP",E48="CP"),0.5,0))) -> 0 | V48: =IF(I48="RTT",0.5,0) -> 0 | W48: =SUM(T48:V48) -> 0 | X48: =IF(H48="TM",0.5,0) -> 0 | Y48: =IF(I48="TM",0.5,0) -> 0 | Z48: =SUM(X48:Y48) -> 0 | AA48: =Z48/1547*17 -> 0
A49: 18 | B49: Lundi | C49: =IF(OR(C48="",C48=DATE($M$1,4,30)),"",C48+1) | I49: =IF(G49>T49,(G49-T49),0) -> 0 | J49: =IF(G49<T49,(G49-T49),0) -> 0 | K49: =+K46+I49+J49 -> -0.5 | M49: =-U49 -> 0 | Q49: =IF(D49="T",2,IF(D49="CP",0,IF(D49="TF",2,IF(D49="TM",0,IF(D49="JF",0,IF(D49="RTT",0,IF(D49="JNT",0,"0"))))))) -> 0 | R49: =IF(E49="T",3,IF(E49="CP",0,IF(E49="TF",3,IF(E49="TM",0,IF(E49="JF",0,IF(E49="RTT",0,IF(E49="JNT",0,"0"))))))) -> 0 | S49: =Q49+R49 -> 0 | T49: =IF(S49=5,$T$7,IF(S49=2,$T$8,IF(S49=3,$T$9,IF(S49=0,$T$10)))) -> 0 | U49: =IF(AND(D49="CP",E49="CP"),1,IF(AND(D49="CP",E49<>"CP"),0.5,IF(AND(D49<>"CP",E49="CP"),0.5,0))) -> 0 | V49: =IF(I49="RTT",0.5,0) -> 0 | W49: =SUM(T49:V49) -> 0 | X49: =IF(H49="TM",0.5,0) -> 0 | Y49: =IF(I49="TM",0.5,0) -> 0 | Z49: =SUM(X49:Y49) -> 0 | AA49: =Z49/1547*17 -> 0
B50: Mardi | C50: =IF(OR(C49="",C49=DATE($M$1,4,30)),"",C49+1) | I50: =IF(G50>T50,(G50-T50),0) -> 0 | J50: =IF(G50<T50,(G50-T50),0) -> 0 | K50: =K49+I50+J50 -> -0.5 | M50: =-U50 -> 0 | Q50: =IF(D50="T",2,IF(D50="CP",0,IF(D50="TF",2,IF(D50="TM",0,IF(D50="JF",0,IF(D50="RTT",0,IF(D50="JNT",0,"0"))))))) -> 0 | R50: =IF(E50="T",3,IF(E50="CP",0,IF(E50="TF",3,IF(E50="TM",0,IF(E50="JF",0,IF(E50="RTT",0,IF(E50="JNT",0,"0"))))))) -> 0 | S50: =Q50+R50 -> 0 | T50: =IF(S50=5,$T$7,IF(S50=2,$T$8,IF(S50=3,$T$9,IF(S50=0,$T$10)))) -> 0 | U50: =IF(AND(D50="CP",E50="CP"),1,IF(AND(D50="CP",E50<>"CP"),0.5,IF(AND(D50<>"CP",E50="CP"),0.5,0))) -> 0 | V50: =IF(I50="RTT",0.5,0) -> 0 | W50: =SUM(T50:V50) -> 0 | X50: =IF(H50="TM",0.5,0) -> 0 | Y50: =IF(I50="TM",0.5,0) -> 0 | Z50: =SUM(X50:Y50) -> 0 | AA50: =Z50/1547*17 -> 0
A52: SOLDE | K52: =K50 -> -0.5 | M52: =SUM(M13:M50) -> -1.5
A54: Signature Salarié | E54: Visa Responsable | K54: Date :

Sheet MAI
A1: NOM / Prénom : | C1: =+'JANV.'!C1 -> AIELLO | J1: MAI | M1: 2018
B4: minutes | C4: centièmes | E4: Formule de calcul | J4: T = | K4: Travaillé
B5: 15 | C5: =B5/60*100 -> 25 | E5: 15 | G5: =E5/60*100 -> 25 | J5: TM = | K5: Maladie
B6: 30 | C6: 50 | J6: TF = | K6: Formation
B7: 45 | C7: =B7/60*100 -> 75 | E7: Formule pour traduire les minutes en centièmes : (nbre de minutes / 60) * 100 | J7: RTT = | K7: Réduction tps travail | S7: 5 | T7: 7 | U7: TOTAL
J8: CP = | K8: Congés Payés | S8: 2 | T8: 3.5 | U8: Matin
J9: JNT = | K9: Jours non travaillés (tps partiel) | S9: 3 | T9: 3.5 | U9: Après-midi
B10: Temps de travail | E10: 7 | J10: JF = | K10: Jours Férriés | S10: 0 | T10: 0 | U10: Vide
D12: matin | E12: après-midi | G12: Tps de travail (en centièmes) | I12: Récup. + (en centièmes) | J12: Récup. - (en centièmes) | K12: Solde (en centièmes) | M12: Congés
B13: Report | K13: =+AVRIL!K52 -> -0.5 | M13: =+AVRIL!M52 -> -1.5 | U13: CP | V13: RTT Matin | W13: RTT Après-midi | X13: Total RTT | Y13: TM Matin | Z13: TM | AA13: Total TM | AB13: Impact TM s/RTT
A14: 18 | B14: Lundi | C14: {=IF(MONTH(DATE(y,5,1))<>MONTH(DATE(y,5,1)-(WEEKDAY(DATE(y,5,1),3)-1)+{1;2;3;4;5;6;7}+{0,1,2,3,4,5}-2),"",DATE(y,5,1)-(WEEKDAY(DATE(y,5,1),3)-1)+{1;2;3;4;5;6;7}+{0,1,2,3,4,5}-2)} | K14: =K13+I14+J14 -> -0.5 | M14: =-U14 -> 0 | Q14: =IF(D14="T",2,IF(D14="CP",0,IF(D14="TF",2,IF(D14="TM",0,IF(D14="JF",0,IF(D14="RTT",0,IF(D14="JNT",0,"0"))))))) -> 0 | R14: =IF(E14="T",3,IF(E14="CP",0,IF(E14="TF",3,IF(E14="TM",0,IF(E14="JF",0,IF(E14="RTT",0,IF(E14="JNT",0,"0"))))))) -> 0 | S14: =Q14+R14 -> 0 | T14: =IF(S14=5,$T$7,IF(S14=2,$T$8,IF(S14=3,$T$9,IF(S14=0,$T$10)))) -> 0 | U14: =IF(AND(D14="CP",E14="CP"),1,IF(AND(D14="CP",E14<>"CP"),0.5,IF(AND(D14<>"CP",E14="CP"),0.5,0))) -> 0 | V14: =IF(D14="RTT",0.5,0) -> 0 | W14: =IF(E14="RTT",0.5,0) -> 0 | X14: =SUM(V14:W14) -> 0 | Y14: =IF(D14="TM",0.5,0) -> 0 | Z14: =IF(E14="TM",0.5,0) -> 0 | AA14: =SUM(Y14:Z14) -> 0 | AB14: =AA14/1547*17 -> 0
B15: Mardi | D15: JF | E15: JF | I15: =IF(G15>T15,(G15-T15),0) -> 0 | J15: =IF(G15<T15,(G15-T15),0) -> 0 | K15: =K14+I15+J15 -> -0.5 | M15: =-U15 -> 0 | Q15: =IF(D15="T",2,IF(D15="CP",0,IF(D15="TF",2,IF(D15="TM",0,IF(D15="JF",0,IF(D15="RTT",0,IF(D15="JNT",0,"0"))))))) -> 0 | R15: =IF(E15="T",3,IF(E15="CP",0,IF(E15="TF",3,IF(E15="TM",0,IF(E15="JF",0,IF(E15="RTT",0,IF(E15="JNT",0,"0"))))))) -> 0 | S15: =Q15+R15 -> 0 | T15: =IF(S15=5,$T$7,IF(S15=2,$T$8,IF(S15=3,$T$9,IF(S15=0,$T$10)))) -> 0 | U15: =IF(AND(D15="CP",E15="CP"),1,IF(AND(D15="CP",E15<>"CP"),0.5,IF(AND(D15<>"CP",E15="CP"),0.5,0))) -> 0 | V15: =IF(D15="RTT",0.5,0) -> 0 | W15: =IF(E15="RTT",0.5,0) -> 0 | X15: =SUM(V15:W15) -> 0 | Y15: =IF(D15="TM",0.5,0) -> 0 | Z15: =IF(E15="TM",0.5,0) -> 0 | AA15: =SUM(Y15:Z15) -> 0 | AB15: =AA15/1547*17 -> 0
B16: Mercredi | C16: 43586 | I16: =IF(G16>T16,(G16-T16),0) -> 0 | J16: =IF(G16<T16,(G16-T16),0) -> 0 | K16: =K15+I16+J16 -> -0.5 | M16: =-U16 -> 0 | Q16: =IF(D16="T",2,IF(D16="CP",0,IF(D16="TF",2,IF(D16="TM",0,IF(D16="JF",0,IF(D16="RTT",0,IF(D16="JNT",0,"0"))))))) -> 0 | R16: =IF(E16="T",3,IF(E16="CP",0,IF(E16="TF",3,IF(E16="TM",0,IF(E16="JF",0,IF(E16="RTT",0,IF(E16="JNT",0,"0"))))))) -> 0 | S16: =Q16+R16 -> 0 | T16: =IF(S16=5,$T$7,IF(S16=2,$T$8,IF(S16=3,$T$9,IF(S16=0,$T$10)))) -> 0 | U16: =IF(AND(D16="CP",E16="CP"),1,IF(AND(D16="CP",E16<>"CP"),0.5,IF(AND(D16<>"CP",E16="CP"),0.5,0))) -> 0 | V16: =IF(D16="RTT",0.5,0) -> 0 | W16: =IF(E16="RTT",0.5,0) -> 0 | X16: =SUM(V16:W16) -> 0 | Y16: =IF(D16="TM",0.5,0) -> 0 | Z16: =IF(E16="TM",0.5,0) -> 0 | AA16: =SUM(Y16:Z16) -> 0 | AB16: =AA16/1547*17 -> 0
B17: Jeudi | C17: 43587 | I17: =IF(G17>T17,(G17-T17),0) -> 0 | J17: =IF(G17<T17,(G17-T17),0) -> 0 | K17: =K16+I17+J17 -> -0.5 | M17: =-U17 -> 0 | Q17: =IF(D17="T",2,IF(D17="CP",0,IF(D17="TF",2,IF(D17="TM",0,IF(D17="JF",0,IF(D17="RTT",0,IF(D17="JNT",0,"0"))))))) -> 0 | R17: =IF(E17="T",3,IF(E17="CP",0,IF(E17="TF",3,IF(E17="TM",0,IF(E17="JF",0,IF(E17="RTT",0,IF(E17="JNT",0,"0"))))))) -> 0 | S17: =Q17+R17 -> 0 | T17: =IF(S17=5,$T$7,IF(S17=2,$T$8,IF(S17=3,$T$9,IF(S17=0,$T$10)))) -> 0 | U17: =IF(AND(D17="CP",E17="CP"),1,IF(AND(D17="CP",E17<>"CP"),0.5,IF(AND(D17<>"CP",E17="CP"),0.5,0))) -> 0 | V17: =IF(D17="RTT",0.5,0) -> 0 | W17: =IF(E17="RTT",0.5,0) -> 0 | X17: =SUM(V17:W17) -> 0 | Y17: =IF(D17="TM",0.5,0) -> 0 | Z17: =IF(E17="TM",0.5,0) -> 0 | AA17: =SUM(Y17:Z17) -> 0 | AB17: =AA17/1547*17 -> 0
B18: Vendredi | C18: 43588 | I18: =IF(G18>T18,(G18-T18),0) -> 0 | J18: =IF(G18<T18,(G18-T18),0) -> 0 | K18: =K17+I18+J18 -> -0.5 | M18: =-U18 -> 0 | Q18: =IF(D18="T",2,IF(D18="CP",0,IF(D18="TF",2,IF(D18="TM",0,IF(D18="JF",0,IF(D18="RTT",0,IF(D18="JNT",0,"0"))))))) -> 0 | R18: =IF(E18="T",3,IF(E18="CP",0,IF(E18="TF",3,IF(E18="TM",0,IF(E18="JF",0,IF(E18="RTT",0,IF(E18="JNT",0,"0"))))))) -> 0 | S18: =Q18+R18 -> 0 | T18: =IF(S18=5,$T$7,IF(S18=2,$T$8,IF(S18=3,$T$9,IF(S18=0,$T$10)))) -> 0 | U18: =IF(AND(D18="CP",E18="CP"),1,IF(AND(D18="CP",E18<>"CP"),0.5,IF(AND(D18<>"CP",E18="CP"),0.5,0))) -> 0 | V18: =IF(D18="RTT",0.5,0) -> 0 | W18: =IF(E18="RTT",0.5,0) -> 0 | X18: =SUM(V18:W18) -> 0 | Y18: =IF(D18="TM",0.5,0) -> 0 | Z18: =IF(E18="TM",0.5,0) -> 0 | AA18: =SUM(Y18:Z18) -> 0 | AB18: =AA18/1547*17 -> 0
B19: Samedi | C19: 43589 | Q19: =IF(D19="T",2,IF(D19="CP",0,IF(D19="TF",2,IF(D19="TM",0,IF(D19="JF",0,IF(D19="RTT",0,IF(D19="JNT",0,"0"))))))) -> 0 | R19: =IF(E19="T",3,IF(E19="CP",0,IF(E19="TF",3,IF(E19="TM",0,IF(E19="JF",0,IF(E19="RTT",0,IF(E19="JNT",0,"0"))))))) -> 0 | S19: =Q19+R19 -> 0 | T19: =IF(S19=5,$T$7,IF(S19=2,$T$8,IF(S19=3,$T$9,IF(S19=0,$T$10)))) -> 0 | U19: =IF(AND(D19="CP",E19="CP"),1,IF(AND(D19="CP",E19<>"CP"),0.5,IF(AND(D19<>"CP",E19="CP"),0.5,0))) -> 0 | V19: =IF(D19="RTT",0.5,0) -> 0 | W19: =IF(E19="RTT",0.5,0) -> 0 | X19: =SUM(V19:W19) -> 0 | Y19: =IF(D19="TM",0.5,0) -> 0 | Z19: =IF(E19="TM",0.5,0) -> 0 | AA19: =SUM(Y19:Z19) -> 0 | AB19: =AA19/1547*17 -> 0
B20: Dimanche | C20: 43590 | Q20: =IF(D20="T",2,IF(D20="CP",0,IF(D20="TF",2,IF(D20="TM",0,IF(D20="JF",0,IF(D20="RTT",0,IF(D20="JNT",0,"0"))))))) -> 0 | R20: =IF(E20="T",3,IF(E20="CP",0,IF(E20="TF",3,IF(E20="TM",0,IF(E20="JF",0,IF(E20="RTT",0,IF(E20="JNT",0,"0"))))))) -> 0 | S20: =Q20+R20 -> 0 | T20: =IF(S20=5,$T$7,IF(S20=2,$T$8,IF(S20=3,$T$9,IF(S20=0,$T$10)))) -> 0 | U20: =IF(AND(D20="CP",E20="CP"),1,IF(AND(D20="CP",E20<>"CP"),0.5,IF(AND(D20<>"CP",E20="CP"),0.5,0))) -> 0 | V20: =IF(D20="RTT",0.5,0) -> 0 | W20: =IF(E20="RTT",0.5,0) -> 0 | X20: =SUM(V20:W20) -> 0 | Y20: =IF(D20="TM",0.5,0) -> 0 | Z20: =IF(E20="TM",0.5,0) -> 0 | AA20: =SUM(Y20:Z20) -> 0 | AB20: =AA20/1547*17 -> 0
A21: 19 | B21: Lundi | C21: =IF(OR(C20="",C20=DATE($M$1,5,31)),"",C20+1) -> 43591 | G21: 0 | I21: =IF(G21>T21,(G21-T21),0) -> 0 | J21: =IF(G21<T21,(G21-T21),0) -> 0 | K21: =+K18+I21+J21 -> -0.5 | M21: =-U21 -> 0 | Q21: =IF(D21="T",2,IF(D21="CP",0,IF(D21="TF",2,IF(D21="TM",0,IF(D21="JF",0,IF(D21="RTT",0,IF(D21="JNT",0,"0"))))))) -> 0 | R21: =IF(E21="T",3,IF(E21="CP",0,IF(E21="TF",3,IF(E21="TM",0,IF(E21="JF",0,IF(E21="RTT",0,IF(E21="JNT",0,"0"))))))) -> 0 | S21: =Q21+R21 -> 0 | T21: =IF(S21=5,$T$7,IF(S21=2,$T$8,IF(S21=3,$T$9,IF(S21=0,$T$10)))) -> 0 | U21: =IF(AND(D21="CP",E21="CP"),1,IF(AND(D21="CP",E21<>"CP"),0.5,IF(AND(D21<>"CP",E21="CP"),0.5,0))) -> 0 | V21: =IF(D21="RTT",0.5,0) -> 0 | W21: =IF(E21="RTT",0.5,0) -> 0 | X21: =SUM(V21:W21) -> 0 | Y21: =IF(D21="TM",0.5,0) -> 0 | Z21: =IF(E21="TM",0.5,0) -> 0 | AA21: =SUM(Y21:Z21) -> 0 | AB21: =AA21/1547*17 -> 0
B22: Mardi | C22: =IF(OR(C21="",C21=DATE($M$1,5,31)),"",C21+1) -> 43592 | G22: 0 | I22: =IF(G22>T22,(G22-T22),0) -> 0 | J22: =IF(G22<T22,(G22-T22),0) -> 0 | K22: =K21+I22+J22 -> -0.5 | M22: =-U22 -> 0 | Q22: =IF(D22="T",2,IF(D22="CP",0,IF(D22="TF",2,IF(D22="TM",0,IF(D22="JF",0,IF(D22="RTT",0,IF(D22="JNT",0,"0"))))))) -> 0 | R22: =IF(E22="T",3,IF(E22="CP",0,IF(E22="TF",3,IF(E22="TM",0,IF(E22="JF",0,IF(E22="RTT",0,IF(E22="JNT",0,"0"))))))) -> 0 | S22: =Q22+R22 -> 0 | T22: =IF(S22=5,$T$7,IF(S22=2,$T$8,IF(S22=3,$T$9,IF(S22=0,$T$10)))) -> 0 | U22: =IF(AND(D22="CP",E22="CP"),1,IF(AND(D22="CP",E22<>"CP"),0.5,IF(AND(D22<>"CP",E22="CP"),0.5,0))) -> 0 | V22: =IF(D22="RTT",0.5,0) -> 0 | W22: =IF(E22="RTT",0.5,0) -> 0 | X22: =SUM(V22:W22) -> 0 | Y22: =IF(D22="TM",0.5,0) -> 0 | Z22: =IF(E22="TM",0.5,0) -> 0 | AA22: =SUM(Y22:Z22) -> 0 | AB22: =AA22/1547*17 -> 0
B23: Mercredi | C23: =IF(OR(C22="",C22=DATE($M$1,5,31)),"",C22+1) -> 43593 | G23: 0 | I23: =IF(G23>T23,(G23-T23),0) -> 0 | J23: =IF(G23<T23,(G23-T23),0) -> 0 | K23: =K22+I23+J23 -> -0.5 | M23: =-U23 -> 0 | Q23: =IF(D23="T",2,IF(D23="CP",0,IF(D23="TF",2,IF(D23="TM",0,IF(D23="JF",0,IF(D23="RTT",0,IF(D23="JNT",0,"0"))))))) -> 0 | R23: =IF(E23="T",3,IF(E23="CP",0,IF(E23="TF",3,IF(E23="TM",0,IF(E23="JF",0,IF(E23="RTT",0,IF(E23="JNT",0,"0"))))))) -> 0 | S23: =Q23+R23 -> 0 | T23: =IF(S23=5,$T$7,IF(S23=2,$T$8,IF(S23=3,$T$9,IF(S23=0,$T$10)))) -> 0 | U23: =IF(AND(D23="CP",E23="CP"),1,IF(AND(D23="CP",E23<>"CP"),0.5,IF(AND(D23<>"CP",E23="CP"),0.5,0))) -> 0 | V23: =IF(D23="RTT",0.5,0) -> 0 | W23: =IF(E23="RTT",0.5,0) -> 0 | X23: =SUM(V23:W23) -> 0 | Y23: =IF(D23="TM",0.5,0) -> 0 | Z23: =IF(E23="TM",0.5,0) -> 0 | AA23: =SUM(Y23:Z23) -> 0 | AB23: =AA23/1547*17 -> 0
B24: Jeudi | C24: =IF(OR(C23="",C23=DATE($M$1,5,31)),"",C23+1) -> 43594 | G24: 0 | I24: =IF(G24>T24,(G24-T24),0) -> 0 | J24: =IF(G24<T24,(G24-T24),0) -> 0 | K24: =K23+I24+J24 -> -0.5 | M24: =-U24 -> 0 | Q24: =IF(D24="T",2,IF(D24="CP",0,IF(D24="TF",2,IF(D24="TM",0,IF(D24="JF",0,IF(D24="RTT",0,IF(D24="JNT",0,"0"))))))) -> 0 | R24: =IF(E24="T",3,IF(E24="CP",0,IF(E24="TF",3,IF(E24="TM",0,IF(E24="JF",0,IF(E24="RTT",0,IF(E24="JNT",0,"0"))))))) -> 0 | S24: =Q24+R24 -> 0 | T24: =IF(S24=5,$T$7,IF(S24=2,$T$8,IF(S24=3,$T$9,IF(S24=0,$T$10)))) -> 0 | U24: =IF(AND(D24="CP",E24="CP"),1,IF(AND(D24="CP",E24<>"CP"),0.5,IF(AND(D24<>"CP",E24="CP"),0.5,0))) -> 0 | V24: =IF(D24="RTT",0.5,0) -> 0 | W24: =IF(E24="RTT",0.5,0) -> 0 | X24: =SUM(U24:W24) -> 0 | Y24: =IF(D24="TM",0.5,0) -> 0 | Z24: =IF(E24="TM",0.5,0) -> 0 | AA24: =SUM(Y24:Z24) -> 0 | AB24: =AA24/1547*17 -> 0
B25: Vendredi | C25: =IF(OR(C24="",C24=DATE($M$1,5,31)),"",C24+1) -> 43595 | G25: 0 | I25: =IF(G25>T25,(G25-T25),0) -> 0 | J25: =IF(G25<T25,(G25-T25),0) -> 0 | K25: =K24+I25+J25 -> -0.5 | M25: =-U25 -> 0 | Q25: =IF(D25="T",2,IF(D25="CP",0,IF(D25="TF",2,IF(D25="TM",0,IF(D25="JF",0,IF(D25="RTT",0,IF(D25="JNT",0,"0"))))))) -> 0 | R25: =IF(E25="T",3,IF(E25="CP",0,IF(E25="TF",3,IF(E25="TM",0,IF(E25="JF",0,IF(E25="RTT",0,IF(E25="JNT",0,"0"))))))) -> 0 | S25: =Q25+R25 -> 0 | T25: =IF(S25=5,$T$7,IF(S25=2,$T$8,IF(S25=3,$T$9,IF(S25=0,$T$10)))) -> 0 | U25: =IF(AND(D25="CP",E25="CP"),1,IF(AND(D25="CP",E25<>"CP"),0.5,IF(AND(D25<>"CP",E25="CP"),0.5,0))) -> 0 | V25: =IF(D25="RTT",0.5,0) -> 0 | W25: =IF(E25="RTT",0.5,0) -> 0 | X25: =SUM(U25:W25) -> 0 | Y25: =IF(D25="TM",0.5,0) -> 0 | Z25: =IF(E25="TM",0.5,0) -> 0 | AA25: =SUM(Y25:Z25) -> 0 | AB25: =AA25/1547*17 -> 0
B26: Samedi | C26: =IF(OR(C25="",C25=DATE($M$1,5,31)),"",C25+1) -> 43596 | Q26: =IF(D26="T",2,IF(D26="CP",0,IF(D26="TF",2,IF(D26="TM",0,IF(D26="JF",0,IF(D26="RTT",0,IF(D26="JNT",0,"0"))))))) -> 0 | R26: =IF(E26="T",3,IF(E26="CP",0,IF(E26="TF",3,IF(E26="TM",0,IF(E26="JF",0,IF(E26="RTT",0,IF(E26="JNT",0,"0"))))))) -> 0 | S26: =Q26+R26 -> 0 | T26: =IF(S26=5,$T$7,IF(S26=2,$T$8,IF(S26=3,$T$9,IF(S26=0,$T$10)))) -> 0 | U26: =IF(AND(D26="CP",E26="CP"),1,IF(AND(D26="CP",E26<>"CP"),0.5,IF(AND(D26<>"CP",E26="CP"),0.5,0))) -> 0 | V26: =IF(D26="RTT",0.5,0) -> 0 | W26: =IF(E26="RTT",0.5,0) -> 0 | X26: =SUM(U26:W26) -> 0 | Y26: =IF(D26="TM",0.5,0) -> 0 | Z26: =IF(E26="TM",0.5,0) -> 0 | AA26: =SUM(Y26:Z26) -> 0 | AB26: =AA26/1547*17 -> 0
B27: Dimanche | C27: =IF(OR(C26="",C26=DATE($M$1,5,31)),"",C26+1) -> 43597 | Q27: =IF(D27="T",2,IF(D27="CP",0,IF(D27="TF",2,IF(D27="TM",0,IF(D27="JF",0,IF(D27="RTT",0,IF(D27="JNT",0,"0"))))))) -> 0 | R27: =IF(E27="T",3,IF(E27="CP",0,IF(E27="TF",3,IF(E27="TM",0,IF(E27="JF",0,IF(E27="RTT",0,IF(E27="JNT",0,"0"))))))) -> 0 | S27: =Q27+R27 -> 0 | T27: =IF(S27=5,$T$7,IF(S27=2,$T$8,IF(S27=3,$T$9,IF(S27=0,$T$10)))) -> 0 | U27: =IF(AND(D27="CP",E27="CP"),1,IF(AND(D27="CP",E27<>"CP"),0.5,IF(AND(D27<>"CP",E27="CP"),0.5,0))) -> 0 | V27: =IF(D27="RTT",0.5,0) -> 0 | W27: =IF(E27="RTT",0.5,0) -> 0 | X27: =SUM(U27:W27) -> 0 | Y27: =IF(D27="TM",0.5,0) -> 0 | Z27: =IF(E27="TM",0.5,0) -> 0 | AA27: =SUM(Y27:Z27) -> 0 | AB27: =AA27/1547*17 -> 0
A28: 20 | B28: Lundi | C28: =IF(OR(C27="",C27=DATE($M$1,5,31)),"",C27+1) -> 43598 | I28: =IF(G28>T28,(G28-T28),0) -> 0 | J28: =IF(G28<T28,(G28-T28),0) -> 0 | K28: =+K25+I28+J28 -> -0.5 | M28: =-U28 -> 0 | Q28: =IF(D28="T",2,IF(D28="CP",0,IF(D28="TF",2,IF(D28="TM",0,IF(D28="JF",0,IF(D28="RTT",0,IF(D28="JNT",0,"0"))))))) -> 0 | R28: =IF(E28="T",3,IF(E28="CP",0,IF(E28="TF",3,IF(E28="TM",0,IF(E28="JF",0,IF(E28="RTT",0,IF(E28="JNT",0,"0"))))))) -> 0 | S28: =Q28+R28 -> 0 | T28: =IF(S28=5,$T$7,IF(S28=2,$T$8,IF(S28=3,$T$9,IF(S28=0,$T$10)))) -> 0 | U28: =IF(AND(D28="CP",E28="CP"),1,IF(AND(D28="CP",E28<>"CP"),0.5,IF(AND(D28<>"CP",E28="CP"),0.5,0))) -> 0 | V28: =IF(D28="RTT",0.5,0) -> 0 | W28: =IF(E28="RTT",0.5,0) -> 0 | X28: =SUM(U28:W28) -> 0 | Y28: =IF(D28="TM",0.5,0) -> 0 | Z28: =IF(E28="TM",0.5,0) -> 0 | AA28: =SUM(Y28:Z28) -> 0 | AB28: =AA28/1547*17 -> 0
B29: Mardi | C29: =IF(OR(C28="",C28=DATE($M$1,5,31)),"",C28+1) -> 43599 | I29: =IF(G29>T29,(G29-T29),0) -> 0 | J29: =IF(G29<T29,(G29-T29),0) -> 0 | K29: =K28+I29+J29 -> -0.5 | M29: =-U29 -> 0 | Q29: =IF(D29="T",2,IF(D29="CP",0,IF(D29="TF",2,IF(D29="TM",0,IF(D29="JF",0,IF(D29="RTT",0,IF(D29="JNT",0,"0"))))))) -> 0 | R29: =IF(E29="T",3,IF(E29="CP",0,IF(E29="TF",3,IF(E29="TM",0,IF(E29="JF",0,IF(E29="RTT",0,IF(E29="JNT",0,"0"))))))) -> 0 | S29: =Q29+R29 -> 0 | T29: =IF(S29=5,$T$7,IF(S29=2,$T$8,IF(S29=3,$T$9,IF(S29=0,$T$10)))) -> 0 | U29: =IF(AND(D29="CP",E29="CP"),1,IF(AND(D29="CP",E29<>"CP"),0.5,IF(AND(D29<>"CP",E29="CP"),0.5,0))) -> 0 | V29: =IF(I29="RTT",0.5,0) -> 0 | W29: =SUM(T29:V29) -> 0 | X29: =IF(H29="TM",0.5,0) -> 0 | Y29: =IF(I29="TM",0.5,0) -> 0 | Z29: =SUM(X29:Y29) -> 0 | AA29: =Z29/1547*17 -> 0
B30: Mercredi | C30: =IF(OR(C29="",C29=DATE($M$1,5,31)),"",C29+1) -> 43600 | I30: =IF(G30>T30,(G30-T30),0) -> 0 | J30: =IF(G30<T30,(G30-T30),0) -> 0 | K30: =K29+I30+J30 -> -0.5 | M30: =-U30 -> 0 | Q30: =IF(D30="T",2,IF(D30="CP",0,IF(D30="TF",2,IF(D30="TM",0,IF(D30="JF",0,IF(D30="RTT",0,IF(D30="JNT",0,"0"))))))) -> 0 | R30: =IF(E30="T",3,IF(E30="CP",0,IF(E30="TF",3,IF(E30="TM",0,IF(E30="JF",0,IF(E30="RTT",0,IF(E30="JNT",0,"0"))))))) -> 0 | S30: =Q30+R30 -> 0 | T30: =IF(S30=5,$T$7,IF(S30=2,$T$8,IF(S30=3,$T$9,IF(S30=0,$T$10)))) -> 0 | U30: =IF(AND(D30="CP",E30="CP"),1,IF(AND(D30="CP",E30<>"CP"),0.5,IF(AND(D30<>"CP",E30="CP"),0.5,0))) -> 0 | V30: =IF(I30="RTT",0.5,0) -> 0 | W30: =SUM(T30:V30) -> 0 | X30: =IF(H30="TM",0.5,0) -> 0 | Y30: =IF(I30="TM",0.5,0) -> 0 | Z30: =SUM(X30:Y30) -> 0 | AA30: =Z30/1547*17 -> 0
B31: Jeudi | C31: =IF(OR(C30="",C30=DATE($M$1,5,31)),"",C30+1) -> 43601 | I31: =IF(G31>T31,(G31-T31),0) -> 0 | J31: =IF(G31<T31,(G31-T31),0) -> 0 | K31: =K30+I31+J31 -> -0.5 | M31: =-U31 -> 0 | Q31: =IF(D31="T",2,IF(D31="CP",0,IF(D31="TF",2,IF(D31="TM",0,IF(D31="JF",0,IF(D31="RTT",0,IF(D31="JNT",0,"0"))))))) -> 0 | R31: =IF(E31="T",3,IF(E31="CP",0,IF(E31="TF",3,IF(E31="TM",0,IF(E31="JF",0,IF(E31="RTT",0,IF(E31="JNT",0,"0"))))))) -> 0 | S31: =Q31+R31 -> 0 | T31: =IF(S31=5,$T$7,IF(S31=2,$T$8,IF(S31=3,$T$9,IF(S31=0,$T$10)))) -> 0 | U31: =IF(AND(D31="CP",E31="CP"),1,IF(AND(D31="CP",E31<>"CP"),0.5,IF(AND(D31<>"CP",E31="CP"),0.5,0))) -> 0 | V31: =IF(I31="RTT",0.5,0) -> 0 | W31: =SUM(T31:V31) -> 0 | X31: =IF(H31="TM",0.5,0) -> 0 | Y31: =IF(I31="TM",0.5,0) -> 0 | Z31: =SUM(X31:Y31) -> 0 | AA31: =Z31/1547*17 -> 0
B32: Vendredi | C32: =IF(OR(C31="",C31=DATE($M$1,5,31)),"",C31+1) -> 43602 | I32: =IF(G32>T32,(G32-T32),0) -> 0 | J32: =IF(G32<T32,(G32-T32),0) -> 0 | K32: =K31+I32+J32 -> -0.5 | M32: =-U32 -> 0 | Q32: =IF(D32="T",2,IF(D32="CP",0,IF(D32="TF",2,IF(D32="TM",0,IF(D32="JF",0,IF(D32="RTT",0,IF(D32="JNT",0,"0"))))))) -> 0 | R32: =IF(E32="T",3,IF(E32="CP",0,IF(E32="TF",3,IF(E32="TM",0,IF(E32="JF",0,IF(E32="RTT",0,IF(E32="JNT",0,"0"))))))) -> 0 | S32: =Q32+R32 -> 0 | T32: =IF(S32=5,$T$7,IF(S32=2,$T$8,IF(S32=3,$T$9,IF(S32=0,$T$10)))) -> 0 | U32: =IF(AND(D32="CP",E32="CP"),1,IF(AND(D32="CP",E32<>"CP"),0.5,IF(AND(D32<>"CP",E32="CP"),0.5,0))) -> 0 | V32: =IF(I32="RTT",0.5,0) -> 0 | W32: =SUM(T32:V32) -> 0 | X32: =IF(H32="TM",0.5,0) -> 0 | Y32: =IF(I32="TM",0.5,0) -> 0 | Z32: =SUM(X32:Y32) -> 0 | AA32: =Z32/1547*17 -> 0
B33: Samedi | C33: =IF(OR(C32="",C32=DATE($M$1,5,31)),"",C32+1) -> 43603 | Q33: =IF(D33="T",2,IF(D33="CP",0,IF(D33="TF",2,IF(D33="TM",0,IF(D33="JF",0,IF(D33="RTT",0,IF(D33="JNT",0,"0"))))))) -> 0 | R33: =IF(E33="T",3,IF(E33="CP",0,IF(E33="TF",3,IF(E33="TM",0,IF(E33="JF",0,IF(E33="RTT",0,IF(E33="JNT",0,"0"))))))) -> 0 | S33: =Q33+R33 -> 0 | T33: =IF(S33=5,$T$7,IF(S33=2,$T$8,IF(S33=3,$T$9,IF(S33=0,$T$10)))) -> 0 | U33: =IF(AND(D33="CP",E33="CP"),1,IF(AND(D33="CP",E33<>"CP"),0.5,IF(AND(D33<>"CP",E33="CP"),0.5,0))) -> 0 | V33: =IF(I33="RTT",0.5,0) -> 0 | W33: =SUM(T33:V33) -> 0 | X33: =IF(H33="TM",0.5,0) -> 0 | Y33: =IF(I33="TM",0.5,0) -> 0 | Z33: =SUM(X33:Y33) -> 0 | AA33: =Z33/1547*17 -> 0
B34: Dimanche | C34: =IF(OR(C33="",C33=DATE($M$1,5,31)),"",C33+1) -> 43604 | Q34: =IF(D34="T",2,IF(D34="CP",0,IF(D34="TF",2,IF(D34="TM",0,IF(D34="JF",0,IF(D34="RTT",0,IF(D34="JNT",0,"0"))))))) -> 0 | R34: =IF(E34="T",3,IF(E34="CP",0,IF(E34="TF",3,IF(E34="TM",0,IF(E34="JF",0,IF(E34="RTT",0,IF(E34="JNT",0,"0"))))))) -> 0 | S34: =Q34+R34 -> 0 | T34: =IF(S34=5,$T$7,IF(S34=2,$T$8,IF(S34=3,$T$9,IF(S34=0,$T$10)))) -> 0 | U34: =IF(AND(D34="CP",E34="CP"),1,IF(AND(D34="CP",E34<>"CP"),0.5,IF(AND(D34<>"CP",E34="CP"),0.5,0))) -> 0 | V34: =IF(I34="RTT",0.5,0) -> 0 | W34: =SUM(T34:V34) -> 0 | X34: =IF(H34="TM",0.5,0) -> 0 | Y34: =IF(I34="TM",0.5,0) -> 0 | Z34: =SUM(X34:Y34) -> 0 | AA34: =Z34/1547*17 -> 0
A35: 21 | B35: Lundi | C35: =IF(OR(C34="",C34=DATE($M$1,5,31)),"",C34+1) -> 43605 | I35: =IF(G35>T35,(G35-T35),0) -> 0 | J35: =IF(G35<T35,(G35-T35),0) -> 0 | K35: =+K32+I35+J35 -> -0.5 | M35: =-U35 -> 0 | Q35: =IF(D35="T",2,IF(D35="CP",0,IF(D35="TF",2,IF(D35="TM",0,IF(D35="JF",0,IF(D35="RTT",0,IF(D35="JNT",0,"0"))))))) -> 0 | R35: =IF(E35="T",3,IF(E35="CP",0,IF(E35="TF",3,IF(E35="TM",0,IF(E35="JF",0,IF(E35="RTT",0,IF(E35="JNT",0,"0"))))))) -> 0 | S35: =Q35+R35 -> 0 | T35: =IF(S35=5,$T$7,IF(S35=2,$T$8,IF(S35=3,$T$9,IF(S35=0,$T$10)))) -> 0 | U35: =IF(AND(D35="CP",E35="CP"),1,IF(AND(D35="CP",E35<>"CP"),0.5,IF(AND(D35<>"CP",E35="CP"),0.5,0))) -> 0 | V35: =IF(I35="RTT",0.5,0) -> 0 | W35: =SUM(T35:V35) -> 0 | X35: =IF(H35="TM",0.5,0) -> 0 | Y35: =IF(I35="TM",0.5,0) -> 0 | Z35: =SUM(X35:Y35) -> 0 | AA35: =Z35/1547*17 -> 0
B36: Mardi | C36: =IF(OR(C35="",C35=DATE($M$1,5,31)),"",C35+1) -> 43606 | I36: =IF(G36>T36,(G36-T36),0) -> 0 | J36: =IF(G36<T36,(G36-T36),0) -> 0 | K36: =K35+I36+J36 -> -0.5 | M36: =-U36 -> 0 | Q36: =IF(D36="T",2,IF(D36="CP",0,IF(D36="TF",2,IF(D36="TM",0,IF(D36="JF",0,IF(D36="RTT",0,IF(D36="JNT",0,"0"))))))) -> 0 | R36: =IF(E36="T",3,IF(E36="CP",0,IF(E36="TF",3,IF(E36="TM",0,IF(E36="JF",0,IF(E36="RTT",0,IF(E36="JNT",0,"0"))))))) -> 0 | S36: =Q36+R36 -> 0 | T36: =IF(S36=5,$T$7,IF(S36=2,$T$8,IF(S36=3,$T$9,IF(S36=0,$T$10)))) -> 0 | U36: =IF(AND(D36="CP",E36="CP"),1,IF(AND(D36="CP",E36<>"CP"),0.5,IF(AND(D36<>"CP",E36="CP"),0.5,0))) -> 0 | V36: =IF(I36="RTT",0.5,0) -> 0 | W36: =SUM(T36:V36) -> 0 | X36: =IF(H36="TM",0.5,0) -> 0 | Y36: =IF(I36="TM",0.5,0) -> 0 | Z36: =SUM(X36:Y36) -> 0 | AA36: =Z36/1547*17 -> 0
B37: Mercredi | C37: =IF(OR(C36="",C36=DATE($M$1,5,31)),"",C36+1) -> 43607 | I37: =IF(G37>T37,(G37-T37),0) -> 0 | J37: =IF(G37<T37,(G37-T37),0) -> 0 | K37: =K36+I37+J37 -> -0.5 | M37: =-U37 -> 0 | Q37: =IF(D37="T",2,IF(D37="CP",0,IF(D37="TF",2,IF(D37="TM",0,IF(D37="JF",0,IF(D37="RTT",0,IF(D37="JNT",0,"0"))))))) -> 0 | R37: =IF(E37="T",3,IF(E37="CP",0,IF(E37="TF",3,IF(E37="TM",0,IF(E37="JF",0,IF(E37="RTT",0,IF(E37="JNT",0,"0"))))))) -> 0 | S37: =Q37+R37 -> 0 | T37: =IF(S37=5,$T$7,IF(S37=2,$T$8,IF(S37=3,$T$9,IF(S37=0,$T$10)))) -> 0 | U37: =IF(AND(D37="CP",E37="CP"),1,IF(AND(D37="CP",E37<>"CP"),0.5,IF(AND(D37<>"CP",E37="CP"),0.5,0))) -> 0 | V37: =IF(I37="RTT",0.5,0) -> 0 | W37: =SUM(T37:V37) -> 0 | X37: =IF(H37="TM",0.5,0) -> 0 | Y37: =IF(I37="TM",0.5,0) -> 0 | Z37: =SUM(X37:Y37) -> 0 | AA37: =Z37/1547*17 -> 0
B38: Jeudi | C38: =IF(OR(C37="",C37=DATE($M$1,5,31)),"",C37+1) -> 43608 | I38: =IF(G38>T38,(G38-T38),0) -> 0 | J38: =IF(G38<T38,(G38-T38),0) -> 0 | K38: =K37+I38+J38 -> -0.5 | M38: =-U38 -> 0 | Q38: =IF(D38="T",2,IF(D38="CP",0,IF(D38="TF",2,IF(D38="TM",0,IF(D38="JF",0,IF(D38="RTT",0,IF(D38="JNT",0,"0"))))))) -> 0 | R38: =IF(E38="T",3,IF(E38="CP",0,IF(E38="TF",3,IF(E38="TM",0,IF(E38="JF",0,IF(E38="RTT",0,IF(E38="JNT",0,"0"))))))) -> 0 | S38: =Q38+R38 -> 0 | T38: =IF(S38=5,$T$7,IF(S38=2,$T$8,IF(S38=3,$T$9,IF(S38=0,$T$10)))) -> 0 | U38: =IF(AND(D38="CP",E38="CP"),1,IF(AND(D38="CP",E38<>"CP"),0.5,IF(AND(D38<>"CP",E38="CP"),0.5,0))) -> 0 | V38: =IF(I38="RTT",0.5,0) -> 0 | W38: =SUM(T38:V38) -> 0 | X38: =IF(H38="TM",0.5,0) -> 0 | Y38: =IF(I38="TM",0.5,0) -> 0 | Z38: =SUM(X38:Y38) -> 0 | AA38: =Z38/1547*17 -> 0
B39: Vendredi | C39: =IF(OR(C38="",C38=DATE($M$1,5,31)),"",C38+1) -> 43609 | I39: =IF(G39>T39,(G39-T39),0) -> 0 | J39: =IF(G39<T39,(G39-T39),0) -> 0 | K39: =K38+I39+J39 -> -0.5 | M39: =-U39 -> 0 | Q39: =IF(D39="T",2,IF(D39="CP",0,IF(D39="TF",2,IF(D39="TM",0,IF(D39="JF",0,IF(D39="RTT",0,IF(D39="JNT",0,"0"))))))) -> 0 | R39: =IF(E39="T",3,IF(E39="CP",0,IF(E39="TF",3,IF(E39="TM",0,IF(E39="JF",0,IF(E39="RTT",0,IF(E39="JNT",0,"0"))))))) -> 0 | S39: =Q39+R39 -> 0 | T39: =IF(S39=5,$T$7,IF(S39=2,$T$8,IF(S39=3,$T$9,IF(S39=0,$T$10)))) -> 0 | U39: =IF(AND(D39="CP",E39="CP"),1,IF(AND(D39="CP",E39<>"CP"),0.5,IF(AND(D39<>"CP",E39="CP"),0.5,0))) -> 0 | V39: =IF(I39="RTT",0.5,0) -> 0 | W39: =SUM(T39:V39) -> 0 | X39: =IF(H39="TM",0.5,0) -> 0 | Y39: =IF(I39="TM",0.5,0) -> 0 | Z39: =SUM(X39:Y39) -> 0 | AA39: =Z39/1547*17 -> 0
B40: Samedi | C40: =IF(OR(C39="",C39=DATE($M$1,5,31)),"",C39+1) -> 43610 | Q40: =IF(D40="T",2,IF(D40="CP",0,IF(D40="TF",2,IF(D40="TM",0,IF(D40="JF",0,IF(D40="RTT",0,IF(D40="JNT",0,"0"))))))) -> 0 | R40: =IF(E40="T",3,IF(E40="CP",0,IF(E40="TF",3,IF(E40="TM",0,IF(E40="JF",0,IF(E40="RTT",0,IF(E40="JNT",0,"0"))))))) -> 0 | S40: =Q40+R40 -> 0 | T40: =IF(S40=5,$T$7,IF(S40=2,$T$8,IF(S40=3,$T$9,IF(S40=0,$T$10)))) -> 0 | U40: =IF(AND(D40="CP",E40="CP"),1,IF(AND(D40="CP",E40<>"CP"),0.5,IF(AND(D40<>"CP",E40="CP"),0.5,0))) -> 0 | V40: =IF(I40="RTT",0.5,0) -> 0 | W40: =SUM(T40:V40) -> 0 | X40: =IF(H40="TM",0.5,0) -> 0 | Y40: =IF(I40="TM",0.5,0) -> 0 | Z40: =SUM(X40:Y40) -> 0 | AA40: =Z40/1547*17 -> 0
B41: Dimanche | C41: =IF(OR(C40="",C40=DATE($M$1,5,31)),"",C40+1) -> 43611 | Q41: =IF(D41="T",2,IF(D41="CP",0,IF(D41="TF",2,IF(D41="TM",0,IF(D41="JF",0,IF(D41="RTT",0,IF(D41="JNT",0,"0"))))))) -> 0 | R41: =IF(E41="T",3,IF(E41="CP",0,IF(E41="TF",3,IF(E41="TM",0,IF(E41="JF",0,IF(E41="RTT",0,IF(E41="JNT",0,"0"))))))) -> 0 | S41: =Q41+R41 -> 0 | T41: =IF(S41=5,$T$7,IF(S41=2,$T$8,IF(S41=3,$T$9,IF(S41=0,$T$10)))) -> 0 | U41: =IF(AND(D41="CP",E41="CP"),1,IF(AND(D41="CP",E41<>"CP"),0.5,IF(AND(D41<>"CP",E41="CP"),0.5,0))) -> 0 | V41: =IF(I41="RTT",0.5,0) -> 0 | W41: =SUM(T41:V41) -> 0 | X41: =IF(H41="TM",0.5,0) -> 0 | Y41: =IF(I41="TM",0.5,0) -> 0 | Z41: =SUM(X41:Y41) -> 0 | AA41: =Z41/1547*17 -> 0
A42: 22 | B42: Lundi | C42: =IF(OR(C41="",C41=DATE($M$1,5,31)),"",C41+1) -> 43612 | I42: =IF(G42>T42,(G42-T42),0) -> 0 | J42: =IF(G42<T42,(G42-T42),0) -> 0 | K42: =+K39+I42+J42 -> -0.5 | M42: =-U42 -> 0 | Q42: =IF(D42="T",2,IF(D42="CP",0,IF(D42="TF",2,IF(D42="TM",0,IF(D42="JF",0,IF(D42="RTT",0,IF(D42="JNT",0,"0"))))))) -> 0 | R42: =IF(E42="T",3,IF(E42="CP",0,IF(E42="TF",3,IF(E42="TM",0,IF(E42="JF",0,IF(E42="RTT",0,IF(E42="JNT",0,"0"))))))) -> 0 | S42: =Q42+R42 -> 0 | T42: =IF(S42=5,$T$7,IF(S42=2,$T$8,IF(S42=3,$T$9,IF(S42=0,$T$10)))) -> 0 | U42: =IF(AND(D42="CP",E42="CP"),1,IF(AND(D42="CP",E42<>"CP"),0.5,IF(AND(D42<>"CP",E42="CP"),0.5,0))) -> 0 | V42: =IF(I42="RTT",0.5,0) -> 0 | W42: =SUM(T42:V42) -> 0 | X42: =IF(H42="TM",0.5,0) -> 0 | Y42: =IF(I42="TM",0.5,0) -> 0 | Z42: =SUM(X42:Y42) -> 0 | AA42: =Z42/1547*17 -> 0
B43: Mardi | C43: =IF(OR(C42="",C42=DATE($M$1,5,31)),"",C42+1) -> 43613 | I43: =IF(G43>T43,(G43-T43),0) -> 0 | J43: =IF(G43<T43,(G43-T43),0) -> 0 | K43: =K42+I43+J43 -> -0.5 | M43: =-U43 -> 0 | Q43: =IF(D43="T",2,IF(D43="CP",0,IF(D43="TF",2,IF(D43="TM",0,IF(D43="JF",0,IF(D43="RTT",0,IF(D43="JNT",0,"0"))))))) -> 0 | R43: =IF(E43="T",3,IF(E43="CP",0,IF(E43="TF",3,IF(E43="TM",0,IF(E43="JF",0,IF(E43="RTT",0,IF(E43="JNT",0,"0"))))))) -> 0 | S43: =Q43+R43 -> 0 | T43: =IF(S43=5,$T$7,IF(S43=2,$T$8,IF(S43=3,$T$9,IF(S43=0,$T$10)))) -> 0 | U43: =IF(AND(D43="CP",E43="CP"),1,IF(AND(D43="CP",E43<>"CP"),0.5,IF(AND(D43<>"CP",E43="CP"),0.5,0))) -> 0 | V43: =IF(I43="RTT",0.5,0) -> 0 | W43: =SUM(T43:V43) -> 0 | X43: =IF(H43="TM",0.5,0) -> 0 | Y43: =IF(I43="TM",0.5,0) -> 0 | Z43: =SUM(X43:Y43) -> 0 | AA43: =Z43/1547*17 -> 0
B44: Mercredi | C44: =IF(OR(C43="",C43=DATE($M$1,5,31)),"",C43+1) -> 43614 | I44: =IF(G44>T44,(G44-T44),0) -> 0 | J44: =IF(G44<T44,(G44-T44),0) -> 0 | K44: =K43+I44+J44 -> -0.5 | M44: =-U44 -> 0 | Q44: =IF(D44="T",2,IF(D44="CP",0,IF(D44="TF",2,IF(D44="TM",0,IF(D44="JF",0,IF(D44="RTT",0,IF(D44="JNT",0,"0"))))))) -> 0 | R44: =IF(E44="T",3,IF(E44="CP",0,IF(E44="TF",3,IF(E44="TM",0,IF(E44="JF",0,IF(E44="RTT",0,IF(E44="JNT",0,"0"))))))) -> 0 | S44: =Q44+R44 -> 0 | T44: =IF(S44=5,$T$7,IF(S44=2,$T$8,IF(S44=3,$T$9,IF(S44=0,$T$10)))) -> 0 | U44: =IF(AND(D44="CP",E44="CP"),1,IF(AND(D44="CP",E44<>"CP"),0.5,IF(AND(D44<>"CP",E44="CP"),0.5,0))) -> 0 | V44: =IF(I44="RTT",0.5,0) -> 0 | W44: =SUM(T44:V44) -> 0 | X44: =IF(H44="TM",0.5,0) -> 0 | Y44: =IF(I44="TM",0.5,0) -> 0 | Z44: =SUM(X44:Y44) -> 0 | AA44: =Z44/1547*17 -> 0
B45: Jeudi | C45: =IF(OR(C44="",C44=DATE($M$1,5,31)),"",C44+1) -> 43615 | I45: =IF(G45>T45,(G45-T45),0) -> 0 | J45: =IF(G45<T45,(G45-T45),0) -> 0 | K45: =K44+I45+J45 -> -0.5 | M45: =-U45 -> 0 | Q45: =IF(D45="T",2,IF(D45="CP",0,IF(D45="TF",2,IF(D45="TM",0,IF(D45="JF",0,IF(D45="RTT",0,IF(D45="JNT",0,"0"))))))) -> 0 | R45: =IF(E45="T",3,IF(E45="CP",0,IF(E45="TF",3,IF(E45="TM",0,IF(E45="JF",0,IF(E45="RTT",0,IF(E45="JNT",0,"0"))))))) -> 0 | S45: =Q45+R45 -> 0 | T45: =IF(S45=5,$T$7,IF(S45=2,$T$8,IF(S45=3,$T$9,IF(S45=0,$T$10)))) -> 0 | U45: =IF(AND(D45="CP",E45="CP"),1,IF(AND(D45="CP",E45<>"CP"),0.5,IF(AND(D45<>"CP",E45="CP"),0.5,0))) -> 0 | V45: =IF(I45="RTT",0.5,0) -> 0 | W45: =SUM(T45:V45) -> 0 | X45: =IF(H45="TM",0.5,0) -> 0 | Y45: =IF(I45="TM",0.5,0) -> 0 | Z45: =SUM(X45:Y45) -> 0 | AA45: =Z45/1547*17 -> 0
B46: Vendredi | C46: =IF(OR(C45="",C45=DATE($M$1,5,31)),"",C45+1) -> 43616 | I46: =IF(G46>T46,(G46-T46),0) -> 0 | J46: =IF(G46<T46,(G46-T46),0) -> 0 | K46: =K45+I46+J46 -> -0.5 | M46: =-U46 -> 0 | Q46: =IF(D46="T",2,IF(D46="CP",0,IF(D46="TF",2,IF(D46="TM",0,IF(D46="JF",0,IF(D46="RTT",0,IF(D46="JNT",0,"0"))))))) -> 0 | R46: =IF(E46="T",3,IF(E46="CP",0,IF(E46="TF",3,IF(E46="TM",0,IF(E46="JF",0,IF(E46="RTT",0,IF(E46="JNT",0,"0"))))))) -> 0 | S46: =Q46+R46 -> 0 | T46: =IF(S46=5,$T$7,IF(S46=2,$T$8,IF(S46=3,$T$9,IF(S46=0,$T$10)))) -> 0 | U46: =IF(AND(D46="CP",E46="CP"),1,IF(AND(D46="CP",E46<>"CP"),0.5,IF(AND(D46<>"CP",E46="CP"),0.5,0))) -> 0 | V46: =IF(I46="RTT",0.5,0) -> 0 | W46: =SUM(T46:V46) -> 0 | X46: =IF(H46="TM",0.5,0) -> 0 | Y46: =IF(I46="TM",0.5,0) -> 0 | Z46: =SUM(X46:Y46) -> 0 | AA46: =Z46/1547*17 -> 0
B47: Samedi | C47: =IF(OR(C46="",C46=DATE($M$1,5,31)),"",C46+1) -> 43617 | Q47: =IF(D47="T",2,IF(D47="CP",0,IF(D47="TF",2,IF(D47="TM",0,IF(D47="JF",0,IF(D47="RTT",0,IF(D47="JNT",0,"0"))))))) -> 0 | R47: =IF(E47="T",3,IF(E47="CP",0,IF(E47="TF",3,IF(E47="TM",0,IF(E47="JF",0,IF(E47="RTT",0,IF(E47="JNT",0,"0"))))))) -> 0 | S47: =Q47+R47 -> 0 | T47: =IF(S47=5,$T$7,IF(S47=2,$T$8,IF(S47=3,$T$9,IF(S47=0,$T$10)))) -> 0 | U47: =IF(AND(D47="CP",E47="CP"),1,IF(AND(D47="CP",E47<>"CP"),0.5,IF(AND(D47<>"CP",E47="CP"),0.5,0))) -> 0 | V47: =IF(I47="RTT",0.5,0) -> 0 | W47: =SUM(T47:V47) -> 0 | X47: =IF(H47="TM",0.5,0) -> 0 | Y47: =IF(I47="TM",0.5,0) -> 0 | Z47: =SUM(X47:Y47) -> 0 | AA47: =Z47/1547*17 -> 0
B48: Dimanche | C48: =IF(OR(C47="",C47=DATE($M$1,5,31)),"",C47+1) -> 43618 | Q48: =IF(D48="T",2,IF(D48="CP",0,IF(D48="TF",2,IF(D48="TM",0,IF(D48="JF",0,IF(D48="RTT",0,IF(D48="JNT",0,"0"))))))) -> 0 | R48: =IF(E48="T",3,IF(E48="CP",0,IF(E48="TF",3,IF(E48="TM",0,IF(E48="JF",0,IF(E48="RTT",0,IF(E48="JNT",0,"0"))))))) -> 0 | S48: =Q48+R48 -> 0 | T48: =IF(S48=5,$T$7,IF(S48=2,$T$8,IF(S48=3,$T$9,IF(S48=0,$T$10)))) -> 0 | U48: =IF(AND(D48="CP",E48="CP"),1,IF(AND(D48="CP",E48<>"CP"),0.5,IF(AND(D48<>"CP",E48="CP"),0.5,0))) -> 0 | V48: =IF(I48="RTT",0.5,0) -> 0 | W48: =SUM(T48:V48) -> 0 | X48: =IF(H48="TM",0.5,0) -> 0 | Y48: =IF(I48="TM",0.5,0) -> 0 | Z48: =SUM(X48:Y48) -> 0 | AA48: =Z48/1547*17 -> 0
B49: Lundi | C49: =IF(OR(C48="",C48=DATE($M$1,5,31)),"",C48+1) -> 43619 | I49: =IF(G49>T49,(G49-T49),0) -> 0 | J49: =IF(G49<T49,(G49-T49),0) -> 0 | K49: =+K46+I49+J49 -> -0.5 | M49: =-U49 -> 0 | Q49: =IF(D49="T",2,IF(D49="CP",0,IF(D49="TF",2,IF(D49="TM",0,IF(D49="JF",0,IF(D49="RTT",0,IF(D49="JNT",0,"0"))))))) -> 0 | R49: =IF(E49="T",3,IF(E49="CP",0,IF(E49="TF",3,IF(E49="TM",0,IF(E49="JF",0,IF(E49="RTT",0,IF(E49="JNT",0,"0"))))))) -> 0 | S49: =Q49+R49 -> 0 | T49: =IF(S49=5,$T$7,IF(S49=2,$T$8,IF(S49=3,$T$9,IF(S49=0,$T$10)))) -> 0 | U49: =IF(AND(D49="CP",E49="CP"),1,IF(AND(D49="CP",E49<>"CP"),0.5,IF(AND(D49<>"CP",E49="CP"),0.5,0))) -> 0 | V49: =IF(I49="RTT",0.5,0) -> 0 | W49: =SUM(T49:V49) -> 0 | X49: =IF(H49="TM",0.5,0) -> 0 | Y49: =IF(I49="TM",0.5,0) -> 0 | Z49: =SUM(X49:Y49) -> 0 | AA49: =Z49/1547*17 -> 0
B50: Mardi | C50: =IF(OR(C49="",C49=DATE($M$1,5,31)),"",C49+1) -> 43620 | I50: =IF(G50>T50,(G50-T50),0) -> 0 | J50: =IF(G50<T50,(G50-T50),0) -> 0 | K50: =K49+I50+J50 -> -0.5 | M50: =-U50 -> 0 | Q50: =IF(D50="T",2,IF(D50="CP",0,IF(D50="TF",2,IF(D50="TM",0,IF(D50="JF",0,IF(D50="RTT",0,IF(D50="JNT",0,"0"))))))) -> 0 | R50: =IF(E50="T",3,IF(E50="CP",0,IF(E50="TF",3,IF(E50="TM",0,IF(E50="JF",0,IF(E50="RTT",0,IF(E50="JNT",0,"0"))))))) -> 0 | S50: =Q50+R50 -> 0 | T50: =IF(S50=5,$T$7,IF(S50=2,$T$8,IF(S50=3,$T$9,IF(S50=0,$T$10)))) -> 0 | U50: =IF(AND(D50="CP",E50="CP"),1,IF(AND(D50="CP",E50<>"CP"),0.5,IF(AND(D50<>"CP",E50="CP"),0.5,0))) -> 0 | V50: =IF(I50="RTT",0.5,0) -> 0 | W50: =SUM(T50:V50) -> 0 | X50: =IF(H50="TM",0.5,0) -> 0 | Y50: =IF(I50="TM",0.5,0) -> 0 | Z50: =SUM(X50:Y50) -> 0 | AA50: =Z50/1547*17 -> 0
A52: SOLDE | K52: =K50 -> -0.5 | M52: =SUM(M13:M50) -> -1.5
A54: Signature Salarié | E54: Visa Responsable | K54: Date : | L54: 43251

Sheet JUIN
A1: NOM / Prénom : | C1: =+'JANV.'!C1 -> AIELLO | J1: JUIN | M1: 2018
B4: minutes | C4: centièmes | E4: Formule de calcul | J4: T = | K4: Travaillé
B5: 15 | C5: =B5/60*100 -> 25 | E5: 30 | G5: =E5/60*100 -> 50 | J5: TM = | K5: Maladie
B6: 30 | C6: 50 | J6: TF = | K6: Formation
B7: 45 | C7: =B7/60*100 -> 75 | E7: Formule pour traduire les minutes en centièmes : (nbre de minutes / 60) * 100 | J7: RTT = | K7: Réduction tps travail | S7: 5 | T7: 7 | U7: TOTAL
J8: CP = | K8: Congés Payés | S8: 2 | T8: 3.5 | U8: Matin
J9: JNT = | K9: Jours non travaillés (tps partiel) | S9: 3 | T9: 3.5 | U9: Après-midi
B10: Temps de travail | E10: 7 | J10: JF = | K10: Jours Férriés | S10: 0 | T10: 0 | U10: Vide
B12: CP acquis au 1er juin | C12: 27.5 | D12: matin | E12: après-midi | G12: Tps de travail (en centièmes) | I12: Récup. + (en centièmes) | J12: Récup. - (en centièmes) | K12: Solde (en centièmes) | M12: Congés
B13: Report | K13: =+MAI!K52 -> -0.5 | M13: =+MAI!M52+C12 -> 26 | U13: CP | V13: RTT Matin | W13: RTT Après-midi | X13: Total RTT | Y13: TM Matin | Z13: TM | AA13: Total TM | AB13: Impact TM s/RTT
A14: 22 | B14: Lundi | C14: {=IF(MONTH(DATE(y,6,1))<>MONTH(DATE(y,6,1)-(WEEKDAY(DATE(y,6,1),3)-1)+{1;2;3;4;5;6;7}+{0,1,2,3,4,5}-2),"",DATE(y,6,1)-(WEEKDAY(DATE(y,6,1),3)-1)+{1;2;3;4;5;6;7}+{0,1,2,3,4,5}-2)} | K14: =K13+I14+J14 -> -0.5 | M14: =-U14 -> 0 | Q14: =IF(D14="T",2,IF(D14="CP",0,IF(D14="TF",2,IF(D14="TM",0,IF(D14="JF",0,IF(D14="RTT",0,IF(D14="JNT",0,"0"))))))) -> 0 | R14: =IF(E14="T",3,IF(E14="CP",0,IF(E14="TF",3,IF(E14="TM",0,IF(E14="JF",0,IF(E14="RTT",0,IF(E14="JNT",0,"0"))))))) -> 0 | S14: =Q14+R14 -> 0 | T14: =IF(S14=5,$T$7,IF(S14=2,$T$8,IF(S14=3,$T$9,IF(S14=0,$T$10)))) -> 0 | U14: =IF(AND(D14="CP",E14="CP"),1,IF(AND(D14="CP",E14<>"CP"),0.5,IF(AND(D14<>"CP",E14="CP"),0.5,0))) -> 0 | V14: =IF(D14="RTT",0.5,0) -> 0 | W14: =IF(E14="RTT",0.5,0) -> 0 | X14: =SUM(V14:W14) -> 0 | Y14: =IF(D14="TM",0.5,0) -> 0 | Z14: =IF(E14="TM",0.5,0) -> 0 | AA14: =SUM(Y14:Z14) -> 0 | AB14: =AA14/1547*17 -> 0
B15: Mardi | I15: =IF(G15>T15,(G15-T15),0) -> 0 | J15: =IF(G15<T15,(G15-T15),0) -> 0 | K15: =K14+I15+J15 -> -0.5 | M15: =-U15 -> 0 | Q15: =IF(D15="T",2,IF(D15="CP",0,IF(D15="TF",2,IF(D15="TM",0,IF(D15="JF",0,IF(D15="RTT",0,IF(D15="JNT",0,"0"))))))) -> 0 | R15: =IF(E15="T",3,IF(E15="CP",0,IF(E15="TF",3,IF(E15="TM",0,IF(E15="JF",0,IF(E15="RTT",0,IF(E15="JNT",0,"0"))))))) -> 0 | S15: =Q15+R15 -> 0 | T15: =IF(S15=5,$T$7,IF(S15=2,$T$8,IF(S15=3,$T$9,IF(S15=0,$T$10)))) -> 0 | U15: =IF(AND(D15="CP",E15="CP"),1,IF(AND(D15="CP",E15<>"CP"),0.5,IF(AND(D15<>"CP",E15="CP"),0.5,0))) -> 0 | V15: =IF(D15="RTT",0.5,0) -> 0 | W15: =IF(E15="RTT",0.5,0) -> 0 | X15: =SUM(V15:W15) -> 0 | Y15: =IF(D15="TM",0.5,0) -> 0 | Z15: =IF(E15="TM",0.5,0) -> 0 | AA15: =SUM(Y15:Z15) -> 0 | AB15: =AA15/1547*17 -> 0
B16: Mercredi | I16: =IF(G16>T16,(G16-T16),0) -> 0 | J16: =IF(G16<T16,(G16-T16),0) -> 0 | K16: =K15+I16+J16 -> -0.5 | M16: =-U16 -> 0 | Q16: =IF(D16="T",2,IF(D16="CP",0,IF(D16="TF",2,IF(D16="TM",0,IF(D16="JF",0,IF(D16="RTT",0,IF(D16="JNT",0,"0"))))))) -> 0 | R16: =IF(E16="T",3,IF(E16="CP",0,IF(E16="TF",3,IF(E16="TM",0,IF(E16="JF",0,IF(E16="RTT",0,IF(E16="JNT",0,"0"))))))) -> 0 | S16: =Q16+R16 -> 0 | T16: =IF(S16=5,$T$7,IF(S16=2,$T$8,IF(S16=3,$T$9,IF(S16=0,$T$10)))) -> 0 | U16: =IF(AND(D16="CP",E16="CP"),1,IF(AND(D16="CP",E16<>"CP"),0.5,IF(AND(D16<>"CP",E16="CP"),0.5,0))) -> 0 | V16: =IF(D16="RTT",0.5,0) -> 0 | W16: =IF(E16="RTT",0.5,0) -> 0 | X16: =SUM(V16:W16) -> 0 | Y16: =IF(D16="TM",0.5,0) -> 0 | Z16: =IF(E16="TM",0.5,0) -> 0 | AA16: =SUM(Y16:Z16) -> 0 | AB16: =AA16/1547*17 -> 0
B17: Jeudi | I17: =IF(G17>T17,(G17-T17),0) -> 0 | J17: =IF(G17<T17,(G17-T17),0) -> 0 | K17: =K16+I17+J17 -> -0.5 | M17: =-U17 -> 0 | Q17: =IF(D17="T",2,IF(D17="CP",0,IF(D17="TF",2,IF(D17="TM",0,IF(D17="JF",0,IF(D17="RTT",0,IF(D17="JNT",0,"0"))))))) -> 0 | R17: =IF(E17="T",3,IF(E17="CP",0,IF(E17="TF",3,IF(E17="TM",0,IF(E17="JF",0,IF(E17="RTT",0,IF(E17="JNT",0,"0"))))))) -> 0 | S17: =Q17+R17 -> 0 | T17: =IF(S17=5,$T$7,IF(S17=2,$T$8,IF(S17=3,$T$9,IF(S17=0,$T$10)))) -> 0 | U17: =IF(AND(D17="CP",E17="CP"),1,IF(AND(D17="CP",E17<>"CP"),0.5,IF(AND(D17<>"CP",E17="CP"),0.5,0))) -> 0 | V17: =IF(D17="RTT",0.5,0) -> 0 | W17: =IF(E17="RTT",0.5,0) -> 0 | X17: =SUM(V17:W17) -> 0 | Y17: =IF(D17="TM",0.5,0) -> 0 | Z17: =IF(E17="TM",0.5,0) -> 0 | AA17: =SUM(Y17:Z17) -> 0 | AB17: =AA17/1547*17 -> 0
B18: Vendredi | I18: =IF(G18>T18,(G18-T18),0) -> 0 | J18: =IF(G18<T18,(G18-T18),0) -> 0 | K18: =K17+I18+J18 -> -0.5 | M18: =-U18 -> 0 | N18: Voix du rock | Q18: =IF(D18="T",2,IF(D18="CP",0,IF(D18="TF",2,IF(D18="TM",0,IF(D18="JF",0,IF(D18="RTT",0,IF(D18="JNT",0,"0"))))))) -> 0 | R18: =IF(E18="T",3,IF(E18="CP",0,IF(E18="TF",3,IF(E18="TM",0,IF(E18="JF",0,IF(E18="RTT",0,IF(E18="JNT",0,"0"))))))) -> 0 | S18: =Q18+R18 -> 0 | T18: =IF(S18=5,$T$7,IF(S18=2,$T$8,IF(S18=3,$T$9,IF(S18=0,$T$10)))) -> 0 | U18: =IF(AND(D18="CP",E18="CP"),1,IF(AND(D18="CP",E18<>"CP"),0.5,IF(AND(D18<>"CP",E18="CP"),0.5,0))) -> 0 | V18: =IF(D18="RTT",0.5,0) -> 0 | W18: =IF(E18="RTT",0.5,0) -> 0 | X18: =SUM(V18:W18) -> 0 | Y18: =IF(D18="TM",0.5,0) -> 0 | Z18: =IF(E18="TM",0.5,0) -> 0 | AA18: =SUM(Y18:Z18) -> 0 | AB18: =AA18/1547*17 -> 0
B19: Samedi | C19: 43617 | Q19: =IF(D19="T",2,IF(D19="CP",0,IF(D19="TF",2,IF(D19="TM",0,IF(D19="JF",0,IF(D19="RTT",0,IF(D19="JNT",0,"0"))))))) -> 0 | R19: =IF(E19="T",3,IF(E19="CP",0,IF(E19="TF",3,IF(E19="TM",0,IF(E19="JF",0,IF(E19="RTT",0,IF(E19="JNT",0,"0"))))))) -> 0 | S19: =Q19+R19 -> 0 | T19: =IF(S19=5,$T$7,IF(S19=2,$T$8,IF(S19=3,$T$9,IF(S19=0,$T$10)))) -> 0 | U19: =IF(AND(D19="CP",E19="CP"),1,IF(AND(D19="CP",E19<>"CP"),0.5,IF(AND(D19<>"CP",E19="CP"),0.5,0))) -> 0 | V19: =IF(D19="RTT",0.5,0) -> 0 | W19: =IF(E19="RTT",0.5,0) -> 0 | X19: =SUM(V19:W19) -> 0 | Y19: =IF(D19="TM",0.5,0) -> 0 | Z19: =IF(E19="TM",0.5,0) -> 0 | AA19: =SUM(Y19:Z19) -> 0 | AB19: =AA19/1547*17 -> 0
B20: Dimanche | C20: 43618 | Q20: =IF(D20="T",2,IF(D20="CP",0,IF(D20="TF",2,IF(D20="TM",0,IF(D20="JF",0,IF(D20="RTT",0,IF(D20="JNT",0,"0"))))))) -> 0 | R20: =IF(E20="T",3,IF(E20="CP",0,IF(E20="TF",3,IF(E20="TM",0,IF(E20="JF",0,IF(E20="RTT",0,IF(E20="JNT",0,"0"))))))) -> 0 | S20: =Q20+R20 -> 0 | T20: =IF(S20=5,$T$7,IF(S20=2,$T$8,IF(S20=3,$T$9,IF(S20=0,$T$10)))) -> 0 | U20: =IF(AND(D20="CP",E20="CP"),1,IF(AND(D20="CP",E20<>"CP"),0.5,IF(AND(D20<>"CP",E20="CP"),0.5,0))) -> 0 | V20: =IF(D20="RTT",0.5,0) -> 0 | W20: =IF(E20="RTT",0.5,0) -> 0 | X20: =SUM(V20:W20) -> 0 | Y20: =IF(D20="TM",0.5,0) -> 0 | Z20: =IF(E20="TM",0.5,0) -> 0 | AA20: =SUM(Y20:Z20) -> 0 | AB20: =AA20/1547*17 -> 0
A21: 23 | B21: Lundi | C21: =IF(OR(C20="",C20=DATE($M$1,6,30)),"",C20+1) -> 43619 | I21: =IF(G21>T21,(G21-T21),0) -> 0 | J21: =IF(G21<T21,(G21-T21),0) -> 0 | K21: =+K18+I21+J21 -> -0.5 | M21: =-U21 -> 0 | Q21: =IF(D21="T",2,IF(D21="CP",0,IF(D21="TF",2,IF(D21="TM",0,IF(D21="JF",0,IF(D21="RTT",0,IF(D21="JNT",0,"0"))))))) -> 0 | R21: =IF(E21="T",3,IF(E21="CP",0,IF(E21="TF",3,IF(E21="TM",0,IF(E21="JF",0,IF(E21="RTT",0,IF(E21="JNT",0,"0"))))))) -> 0 | S21: =Q21+R21 -> 0 | T21: =IF(S21=5,$T$7,IF(S21=2,$T$8,IF(S21=3,$T$9,IF(S21=0,$T$10)))) -> 0 | U21: =IF(AND(D21="CP",E21="CP"),1,IF(AND(D21="CP",E21<>"CP"),0.5,IF(AND(D21<>"CP",E21="CP"),0.5,0))) -> 0 | V21: =IF(D21="RTT",0.5,0) -> 0 | W21: =IF(E21="RTT",0.5,0) -> 0 | X21: =SUM(V21:W21) -> 0 | Y21: =IF(D21="TM",0.5,0) -> 0 | Z21: =IF(E21="TM",0.5,0) -> 0 | AA21: =SUM(Y21:Z21) -> 0 | AB21: =AA21/1547*17 -> 0
